 Dungeon Crawl Stone Soup version 0.30-a0-141-g30f27751c5 (webtiles) character file.

Game seed: 14815176903200691344

940315 qw the Bringer of Light (level 27, -26/146 HPs)
             Began as a Gargoyle Fighter on Sept 25, 2022.
             Was the Champion of the Shining One.
             Killed from afar by a demonspawn blood saint (36 damage)
             ... with an iceblast
             ... in Pandemonium.
             The game lasted 01:00:05 (104153 turns).

qw the Bringer of Light (Gargoyle Fighter)        Turns: 104153, Time: 01:00:05

Health: -26/146    AC: 69    Str: 62 (64) XL:     27
Magic:  0/36       EV: 28    Int: 10      God:    the Shining One [******]
Gold:   7010       SH: 31    Dex: 16      Spells: 26/26 levels left

rFire   x . .      SeeInvis +    z - +8 war axe of Nifac {flame, rPois rF- Str+9 SInv}
rCold   x . .      Faith    .    m - +2 tower shield {AC+3}
rNeg    + + +      Spirit   .    u - +10 plate armour {rF+}
rPois   inf        Reflect  +    p - +1 helmet "Tullai" {-Tele Str+8}
rElec   +          Harm     .    R - +1 cloak of Starlight {*Dazzle EV+4 Stlth--}
rCorr   .          Rampage  .    N - +2 pair of gloves
Will    ++...      NoTele   +    H - +1 pair of boots "Tutraihei" {Str+5 Dex+3}
Stlth   ..........               K - amulet of reflection
HPRegen 0.00/turn                y - ring of Suspicion {rC- Str+4 Dex+4 Slay+4}
MPRegen 0.25/turn                g - ring "Zadam" {EV+4 Str+5}

@: flying, inhibited regen, glowing, unable to drink
A: sickness immunity, AC +20, big wings, negative energy resistance 1,
electricity resistance, torment resistance 1, petrification resistance,
deterioration 1, frail 2, low MP 1, screaming 1, inhibited regeneration, heat
vulnerability 1, inability to drink after injury 2
}: 9/15 runes: decaying, serpentine, silver, golden, demonic, glowing, magical,
fiery, dark
a: Renounce Religion, Divine Shield, Cleansing Flame, Summon Divine Warrior


You were in Pandemonium.
You worshipped the Shining One.
The Shining One was exalted by your worship.
You visited 11 branches of the dungeon, and saw 50 of its levels.
You visited Pandemonium 2 times, and saw 21 of its levels.
You visited 1 bazaar.
You also visited: Gauntlet.

You collected 14859 gold pieces.
You spent 7849 gold pieces at shops.


Innate Abilities, Weirdness & Mutations

You are immune to sickness and miasma.
Your stone body is resilient. (AC +20)
You are immune to poison.
Your large and strong wings let you fly.
You resist negative energy. (rN+)
You are resistant to electric shocks. (rElec)
You are resistant to unholy torment.
You are immune to petrification.
Your body sometimes deteriorates upon taking damage.
You are very frail. (-20% HP)
Your magical capacity is low. (-10% MP)
You occasionally shout uncontrollably at your foes.
You do not regenerate when monsters are visible.
You are vulnerable to heat. (rF-)
You sometimes lose the ability to drink potions when taking damage.


   Skills:
 O Level 27 Fighting
 - Level 7.1 Short Blades
 + Level 19.4 Axes
 - Level 17.0 Throwing
 O Level 27 Armour
 - Level 18.0 Dodging
 - Level 24.2 Shields
 O Level 27 Invocations


You had 26 spell levels left.
You didn't know any spells.
Your spell library was empty.

Inventory:

Hand Weapons
 n - a +9 broad axe of holy wrath
 z - the +8 war axe of Nifac (weapon) {flame, rPois rF- Str+9 SInv}
   (Okawaru gifted it to you on level 2 of the Vaults)

   It burns those it strikes, dealing additional fire damage.
   Big, fiery blades are also staple armaments of hydra-hunters.
   Str:       It affects your strength (+9).
   rF:        It makes you vulnerable to fire.
   rPois:     It protects you from poison.
   SInv:      It lets you see invisible.
Missiles
 b - 4 silver boomerangs
 c - 2 boomerangs
 M - 4 javelins (quivered)
Armour
 m - a +2 tower shield of protection (worn)
 p - the +1 helmet "Tullai" (worn) {-Tele Str+8}
   (You acquired it in Pandemonium)

   Str:       It affects your strength (+8).
   -Tele:     It prevents most forms of teleportation.
 u - a +10 plate armour of fire resistance (worn)
 H - the +1 pair of boots "Tutraihei" (worn) {Str+5 Dex+3}
   (Okawaru gifted it to you on level 3 of the Vaults)

   Str:       It affects your strength (+5).
   Dex:       It affects your dexterity (+3).
 N - a +2 pair of gloves (worn)
 R - the +1 cloak of Starlight (worn) {*Dazzle EV+4 Stlth--}
   (You acquired it on level 4 of the Depths)

   It may blind those who miss an attack against the wearer in melee combat.
   EV:        It affects your evasion (+4).
   Stlth:     It makes you much less stealthy.
Jewellery
 g - the ring "Zadam" (right hand) {EV+4 Str+5}
   (You took it off a demonspawn blood saint in Pandemonium)

   [ring of evasion]

   EV:        It affects your evasion (+4).
   Str:       It affects your strength (+5).
 y - the ring of Suspicion (left hand) {rC- Str+4 Dex+4 Slay+4}
   (You found it on level 3 of the Tomb of the Ancients)

   [ring of slaying]

   Str:       It affects your strength (+4).
   Dex:       It affects your dexterity (+4).
   Slay:      It affects your accuracy & damage with ranged weapons and melee
   (+4).
   rC:        It makes you vulnerable to cold.
 K - an amulet of reflection (around neck)
Wands
 G - a wand of digging (18)
Scrolls
 e - a scroll of enchant weapon
 f - 5 scrolls of enchant armour
 i - 5 scrolls of identify
 D - 3 scrolls of brand weapon
Potions
 a - 48 potions of curing
 d - 15 potions of might
 h - 6 potions of haste
 j - 13 potions of attraction
 k - 16 potions of lignification
 l - 12 potions of heal wounds
 o - a potion of resistance
 q - 9 potions of magic
 v - 6 potions of cancellation

Dungeon Overview and Level Annotations

Branches:
Dungeon (15/15)            Temple (1/1) D:6            Lair (5/5) D:10
  Swamp (4/4) Lair:3        Snake (4/4) Lair:2        Slime (0/5) Lair:5
    Orc (2/2) D:11 Zot: 740     Elf (0/3) Orc:2        Vaults (5/5) D:13
  Crypt (3/3) Vaults:3       Tomb (3/3) Crypt:3      Depths (4/4) D:15
    Zot (4/5) Depths:4    Gauntlet (visited)

Altars:
Ashenzari
Cheibriados
Dithmenos
Elyvilon
Fedhas
Gozag
Hepliaklqana
Kikubaaqudgha
Makhleb
Nemelex Xobeh
Okawaru
Qazlal
Ru
Sif Muna
Trog
Uskayaw
Vehumet
Wu Jian
Xom
Yredelemnul
Zin
The Shining One

Shops:
D:2 =?(:[   D:4 :   Orc:1 *!?==   Orc:2 (??*   Snake:3 [   Snake:4 :?*
Vaults:1 *[[   Vaults:4 =   Vaults:5 ?=!::!!!   Depths:1 [!(!:

Portals:
Hell: Depths:1 Depths:2 Depths:3 Depths:4
Abyss: Depths:1 Depths:2 Depths:3
Pandemonium: Depths:2
Ziggurat: Depths:3

Annotations:
Lair:3 1 runed translucent door, Huasawuy's ghost, journeyman TrHW
Snake:2 1 runed translucent door, qw's ghost, adept GrFi
Snake:3 3 runed translucent doors


Message History

The Executioner hits you but does no damage.
You hit the Executioner. You burn the Executioner.
The Executioner is moderately wounded.
The Executioner completely misses you. You block the Executioner's attack. x2
The Executioner hits you but does no damage.
You block the Executioner's attack. The Executioner barely misses you.
You slice the Executioner!! You burn the Executioner.
The Executioner is almost dead.
You block the Executioner's attack. x2; The Executioner misses you.
The Executioner hits you!
The Executioner hits you but does no damage. x2
You open the Executioner like a pillowcase!!!
You burn the Executioner.
You kill the Executioner!
The Shining One accepts your kill.
Your Dodging skill increases to level 18!
A balrug comes into view.
It is wielding a +1 demon whip of venom.
The demonspawn blood saint conjures a destructive force in the name of Makhleb!
The mass of ice explodes!
The iceblast engulfs you but does no damage.
The fireball explodes!
The fireball engulfs you!!! The fire burns you terribly!
Your body deteriorates!
You feel weakened.
You hear a shout! x2
The ghost moth stares at you.
You feel your power leaking away. The balrug gestures at you.
The bolt of fire hits you!! The fire burns you terribly!
You feel threatened and lose the ability to drink potions!
You block the demonspawn blood saint's attack.
You see here a javelin.
You barely miss the demonspawn blood saint.
The ghost moth stares at you.
You barely miss the demonspawn blood saint.
The demonspawn blood saint conjures a destructive force in the name of Makhleb!
The fireball explodes!
The fireball engulfs you!!! The fire burns you terribly!
Your body deteriorates!
You feel weakened.
The fireball engulfs the demonspawn blood saint.
The demonspawn blood saint completely resists.
The mass of ice explodes!
The iceblast engulfs you!!!
You feel a painful chill!
You die...

#.##...###......
##(#......#...... .
##..........# ..
##...........# ... ..
#............## ....
....##............##.....
.... #..\...............#
.... #...............###
....##..........@6..##
.....#........%.#...#
..............###..###.y
##.#....(.....# ..(#y#..
#.........## ...###...
##........^# ....#&...
###.........#.#.....#....
...........##.# ...# ..
....##.....#


You could see Ynoi, a demonspawn blood saint and 2 ghost moths.

Vanquished Creatures
  Cerebov (Pan)
  Lom Lobon (Pan)
  Mnoleg (Pan)
  An orb of fire (Zot:3)
  10 pandemonium lords (Pan)
  Khufu (Tomb:3)
  Mara (Swamp:3)
  2 juggernauts (Depths:3)
  19 royal mummies
  Vashnia (Snake:4)
  Saint Roka (Vaults:2)
  2 curse toes
  10 golden dragons
  Nikola (Swamp:3)
  2 bone dragons
  8 Brimstone Fiends (Pan)
  3 electric golems
  Zenata (Vaults:1)
  14 Tzitzimimeh (Pan)
  Jorgrun (Swamp:1)
  19 tentacled monstrosities
  Mlioglotl (Swamp:3)
  10 liches
  4 Ice Fiends (Pan)
  7 quicksilver dragons
  A walking divine tome (Depths:3)
  3 Hell Sentinels (Pan)
  7 deep elf master archers
  10 ancient champions
  6 titans
  4 deep elf blademasters (Crypt:3)
  35 Executioners (Pan)
  12 sphinxes
  11 death cobs
  Kirke (D:13)
  A thorn hunter (Swamp:4)
  11 shadow dragons
  2 tengu reavers (Vaults:5)
  11 revenants
  Gastronok (Lair:3)
  9 storm dragons
  A draconian monk (Zot:4)
  25 fire giants
  6 nagarajas (Snake:4)
  6 draconian scorchers
  21 frost giants
  15 demonspawn warmongers (Pan)
  Louise (Swamp:3)
  2 iron dragons (Depths:3)
  3 draconian knights
  28 balrugs (Pan)
  6 ghost moths
  3 deep elf sorcerers
  A spectral caustic shrike (Crypt:3)
  28 vault wardens
  A shard shrike simulacrum (Crypt:3)
  6 draconian shifters
  3 curse skulls
  8 ghouls
  2 draconian stormcallers (Depths:4)
  An angel (Pan)
  24 cacodemons (Pan)
  9 draconian annihilators
  2 orc warlords
  A quicksilver ooze (shapeshifter) (Vaults:5)
  13 reapers
  A caustic shrike skeleton (Depths:2)
  28 ironbound preservers
  35 stone giants
  An eleionoma (Swamp:4)
  7 demonspawn blood saints (Pan)
  13 demonspawn corrupters (Pan)
  3 war gargoyles
  50 very ugly things
  10 black draconians
  2 spectral titans (Crypt:3)
  11 bennus
  16 vampire knights
  13 ironbound thunderhulks
  9 yellow draconians
  7 green draconians
  10 demonspawn black suns (Pan)
  Nessos (Lair:3)
  2 deep elf demonologists (Vaults:5)
  18 lorocyprocas (Pan)
  A bunyip (shapeshifter) (Depths:3)
  3 deep elf annihilators
  15 purple draconians
  11 red draconians
  10 dire elephants
  A bunyip (Swamp:2)
  8 spark wasps
  10 eidola
  A minotaur (Gauntlet)
  4 white draconians
  4 deep elf death magi
  A merfolk javelineer (Depths:2)
  2 spectral quicksilver dragons (Crypt:3)
  27 blizzard demons (Pan)
  26 mummy priests
  10 ettins
  9 fire dragons
  13 jiangshi
  2 deep elf high priests (Vaults:5)
  16 green deaths
  2 crystal guardians (Vaults:4)
  3 shambling mangroves
  3 great orbs of eyes
  A spectral spriggan (Crypt:3)
  2 entropy weavers (Vaults:3)
  A spriggan zombie (Tomb:1)
  A merfolk impaler (Depths:2)
  2 salamander tyrants
  11 yaktaur captains
  7 hell beasts
  2 quicksilver dragon skeletons (Depths:2)
  5 rakshasas
  2 spectral fenstrider witches (Crypt:3)
  5 peacekeepers
  4 spriggan skeletons
  11 hydras
  12 ice dragons
  15 anacondas
  36 vault guards
  7 ironbound frosthearts
  4 merfolk avatars
  3 ogre magi
  5 spriggan air magi
  A fenstrider witch skeleton (Pan)
  2 death knights
  An alligator (shapeshifter) (Vaults:5)
  2 juggernaut simulacra (Pan)
  6 alligators
  3 dancing weapons
  7 two-headed ogres
  An anaconda (shapeshifter) (Depths:3)
  2 boulder beetles
  12 centaur warriors
  8 deep troll earth magi
  11 death yaks
  78 death scarabs
  10 deep troll shamans
  13 naga warriors
  2 thrashing horrors (Swamp:4)
  4 hell hogs (Pan)
  A titan zombie (Vaults:4)
  3 orc high priests (Orc:2)
  A shock serpent (shapeshifter) (Vaults:1)
  4 tengu warriors
  4 vampire magi
  65 soul eaters
  8 naga sharpshooters
  A bennu skeleton (Crypt:3)
  A spectral naga (Crypt:3)
  6 holy swine (Pan)
  4 spectral storm dragons (Crypt:3)
  8 spriggan berserkers
  A shock serpent (Snake:3)
  112 sun demons (Pan)
  4 hell knights
  34 skeletal warriors
  36 sixfirhies (Pan)
  9 deep elf knights
  9 shadow wraiths
  4 titan skeletons
  3 sea snakes (Lair:5)
  6 iron trolls
  4 goliath frogs
  5 salamander mystics
  3 spriggan druids
  70 deep trolls
  5 swamp dragons
  5 naga ritualists
  14 shadow demons (Pan)
  A spriggan simulacrum (Crypt:1)
  A glowing orange brain (shapeshifter) (Vaults:5)
  A spectral iron dragon (Crypt:3)
  9 bog bodies
  18 deep elf archers
  8 orc knights
  A harpy (shapeshifter) (D:12)
  A bunyip skeleton (Crypt:1)
  5 glowing orange brains
  12 flayed ghosts
  11 deep elf pyromancers
  11 deep elf zephyrmancers
  10 lindwurms
  13 wizards
  16 phantasmal warriors
  2 tengu zombies
  20 ironbound convokers
  A lindwurm (shapeshifter) (Depths:3)
  8 orc sorcerers
  6 mana vipers
  2 shining eyes (shapeshifter)
  A shining eye (Pan)
  10 necromancers
  8 harpies
  An oklob plant (Lair:3)
  A shadow dragon skeleton (Crypt:1)
  A fire giant zombie (Crypt:2)
  A stone giant zombie (Crypt:1)
  64 ugly things
  A manticore (D:12)
  2 iron dragon zombies (Depths:2)
  4 will-o-the-wisps (Swamp:3)
  A cyclops (shapeshifter) (D:15)
  A frost giant skeleton (Depths:2)
  A moth of wrath (shapeshifter) (D:13)
  6 cyclopes
  A frost giant zombie (Vaults:4)
  A sphinx skeleton (Depths:2)
  11 salamanders
  10 elephants
  13 moths of wrath
  An iron dragon skeleton (Depths:2)
  Maurice (D:10)
  A spectral alligator snapping turtle (Crypt:3)
  6 rust devils
  4 guardian serpents (Snake:4)
  9 naga magi
  63 smoke demons (Pan)
  3 ice statues (Pan)
  3 stone giant skeletons
  39 black mambas
  2 titan simulacra (Crypt:1)
  39 orange demons
  19 vault sentinels
  2 gargoyles
  Maggie (D:6)
  An eye of devastation (Pan)
  18 cane toads
  4 rime drakes
  16 efreet (Pan)
  12 hellions (Pan)
  3 unseen horrors
  24 freezing wraiths
  A kobold demonologist (D:10)
  9 komodo dragons
  2 human zombies
  An alligator snapping turtle skeleton (Pan)
  15 tormentors (Pan)
  20 demonic crawlers (Pan)
  A yaktaur (shapeshifter) (Vaults:5)
  40 hellwings
  An anaconda simulacrum (Crypt:3)
  A rime drake (shapeshifter) (D:14)
  A bunyip simulacrum (Crypt:3)
  6 tengu conjurers
  10 ice devils (Pan)
  4 harpy zombies
  19 yaktaurs
  A grey draconian skeleton (Crypt:3)
  7 trolls
  A spectral harpy (Crypt:3)
  46 guardian mummies
  A human skeleton (Vaults:3)
  10 red devils (Pan)
  88 large abominations
  9 polar bears
  Grinder (D:4)
  A wolf spider simulacrum (D:13)
  A queen bee (Gauntlet)
  9 hornets
  A raiju (shapeshifter) (Vaults:5)
  4 tyrant leeches
  3 hydra skeletons
  5 harpy skeletons
  13 blink frogs
  5 dream sheep (Lair:4)
  An ettin zombie (Tomb:3)
  51 slime creatures
  2 jumping spider zombies
  A culicivora (shapeshifter) (Vaults:5)
  18 flying skulls
  7 shadows
  3 ettin skeletons
  Sigmund (D:6)
  A culicivora (Vaults:3)
  9 spriggans
  8 wraiths
  13 ushabtiu
  5 wyverns
  5 basilisks
  3 water elementals
  A vampire (D:12)
  47 ynoxinuls
  2 black mamba skeletons
  42 yaks
  A golden eye (shapeshifter) (Depths:4)
  7 hogs (D:13)
  A steam dragon (Lair:5)
  19 vampire mosquitoes
  A redback (shapeshifter) (Vaults:5)
  6 golden eyes (Pan)
  2 redbacks (Vaults:3)
  51 chaos spawn
  32 neqoxecs (Pan)
  Menkaure (D:6)
  14 swamp worms
  8 wargs
  2 glowing shapeshifter zombies
  A harpy simulacrum (Crypt:3)
  2 acid dragons
  42 nagas
  A floating eye (shapeshifter) (Vaults:5)
  2 floating eyes
  A sky beast (D:6)
  12 water moccasins
  A hydra simulacrum (Crypt:3)
  A glowing shapeshifter skeleton (Vaults:3)
  A naga skeleton (Pan)
  An ettin simulacrum (Crypt:1)
  An ogre skeleton (Vaults:3)
  28 orc warriors
  A two-headed ogre skeleton (Crypt:1)
  10 black bears
  4 swamp drakes
  A manticore zombie (Crypt:2)
  A lindwurm zombie (Crypt:1)
  A hornet zombie (Crypt:3)
  11 centaurs
  7 ogres
  12 wolves
  A rime drake skeleton (Crypt:1)
  3 small abominations (Depths:1)
  A kobold brigand (D:9)
  Blork the orc (D:5)
  11 bullfrogs
  6 necrophages
  2 gnoll sergeants
  A scorpion (D:5)
  A shapeshifter zombie (Crypt:3)
  17 wights (D:8)
  A queen bee zombie (Crypt:3)
  12 jellies
  18 killer bees
  A yak skeleton (Crypt:3)
  8 howler monkeys
  A shapeshifter skeleton (Crypt:1)
  3 electric eels (Lair:3)
  15 orc priests
  2 gnoll boudas (D:7)
  4 hounds
  2 iron imps (Gauntlet)
  A bullfrog skeleton (Crypt:1)
  Ijyb (D:4)
  4 iguanas
  A scorpion zombie (Crypt:2)
  28 orc wizards
  5 hell rats (Lair:4)
  A boggart skeleton (Crypt:3)
  A sky beast zombie (Crypt:3)
  33 mummies
  23 gnolls
  6 adders
  2 shadow imps
  A swamp drake skeleton (Crypt:3)
  A white imp (D:7)
  A jelly zombie (Crypt:1)
  3 dart slugs
  58 orcs
  4 ball pythons
  4 bats
  A bat skeleton (Crypt:1)
  7 endoplasms
  3 giant cockroaches
  6 goblins
  7 hobgoblins
  4 jackals
  9 kobolds
  2 quokkas
  A frilled lizard (D:2)
  7 rats
  A river rat skeleton (Crypt:1)
  2 ball lightnings (Pan)
  A bush (Lair:5)
  9 fire vortices (Pan)
3371 creatures vanquished.

Vanquished Creatures (collateral kills)
  Gloorx Vloq (Pan)
  17 royal mummies
  6 Brimstone Fiends (Pan)
  4 Tzitzimimeh (Pan)
  4 pandemonium lords (Pan)
  2 Hell Sentinels (Pan)
  A lich (Tomb:1)
  An Ice Fiend (Pan)
  A deep elf blademaster (Crypt:3)
  An ancient champion (Tomb:3)
  3 Executioners (Pan)
  4 demonspawn warmongers (Pan)
  3 balrugs (Pan)
  3 cacodemons (Pan)
  A frost giant (Crypt:3)
  3 demonspawn corrupters (Pan)
  2 demonspawn blood saints (Pan)
  2 reapers (Pan)
  An angel (Pan)
  A bennu (Tomb:3)
  A demonspawn black sun (Pan)
  4 lorocyprocas (Pan)
  8 blizzard demons (Pan)
  3 mummy priests
  2 green deaths (Pan)
  2 hell beasts (Pan)
  8 death scarabs
  12 sun demons (Pan)
  11 large abominations (Pan)
  13 soul eaters (Pan)
  2 deep elf knights (Crypt:3)
  3 sixfirhies (Pan)
  2 deep elf archers (Crypt:3)
  5 shadow demons
  A deep elf pyromancer (Crypt:3)
  An ugly thing (Pan)
  2 ice statues (Pan)
  19 smoke demons (Pan)
  5 orange demons (Pan)
  A hellion (Pan)
  3 tormentors (Pan)
  3 ice devils (Pan)
  4 demonic crawlers (Pan)
  5 guardian mummies
  A flying skull (Tomb:2)
  16 ynoxinuls (Pan)
  6 ushabtiu (Tomb:3)
  8 chaos spawn (Pan)
  A neqoxec (Pan)
  16 mummies
229 creatures vanquished.

Vanquished Creatures (others)
  A deep elf blademaster (Crypt:3)
  2 fire giants
  A draconian knight (Zot:1)
  2 frost giants (Crypt:2)
  A draconian stormcaller (Zot:1)
  A demonspawn blood saint (Pan)
  A black draconian (Zot:1)
  A bunyip (Swamp:2)
  A green death (Pan)
  3 wizards
  A bog body (Crypt:1)
  A deep elf archer (Crypt:2)
  A deep elf zephyrmancer (Crypt:2)
  3 smoke demons (Pan)
  A hellwing (Pan)
  A bloated husk (Swamp:2)
  An orc priest (Orc:2)
  4 ball lightnings (Pan)
  A bush (Lair:4)
  22 foxfires (Swamp:3)
  55 fungi
  57 plants
  2 starspawn tentacles (Pan)
164 creatures vanquished.

Grand Total: 3764 creatures vanquished

Notes
Turn   | Place    | Note
-------+----------+-------------------------------------------
     0 | D:1      | qw the Gargoyle Fighter began the quest for the Orb.
     0 | D:1      | Reached XP level 1. HP: 14/14 MP: 1/1
     0 | D:1      | 0 ||| qw: Version: 0.2-a-10-g399e6c4
     0 | D:1      | 0 ||| qw: Game counter: 111
     0 | D:1      | 0 ||| qw: Always use a shield: true
     0 | D:1      | 0 ||| qw: God list: Okawaru
     0 | D:1      | 0 ||| qw: Allow faded altars: false
     0 | D:1      | 0 ||| qw: Do Orc after D:15 true
     0 | D:1      | 0 ||| qw: Do second Lair branch before Depths: true
     0 | D:1      | 0 ||| qw: Lair rune preference: random
     0 | D:1      | 0 ||| qw: Plans: Normal, Zot:1-4, God:TSO, Crypt, Tomb,
                  | Pan, Slime:5, Hells, Abyss, Orb
     0 | D:1      | 0 ||| PLANNING D:1-11
    21 | D:1      | Found a faded altar of an unknown god.
    38 | D:1      | 38 ||| Stepping ~*~*~tactically~*~*~ (stealth).
    43 | D:1      | 43 ||| Stepping ~*~*~tactically~*~*~ (stealth).
    68 | D:1      | 68 ||| Stepping ~*~*~tactically~*~*~ (stealth).
   152 | D:1      | Reached XP level 2. HP: 19/19 MP: 2/2
   633 | D:1      | 633 ||| UPGRADING to +6 ring of strength.
   634 | D:1      | 634 ||| READING scroll labelled PIDUFI WOGUZIV.
   639 | D:1      | 639 ||| READING scroll labelled UBLEYL DEL.
   675 | D:2      | Reached skill level 3 in Axes
   681 | D:2      | Found Qaeveigy's Book Boutique.
   692 | D:2      | Reached XP level 3. HP: 23/23 MP: 3/3
   705 | D:2      | Found Pamois's Antique Armour Shoppe.
   714 | D:2      | 714 ||| SHOPLISTING crude ring mail (216 gold, have 108).
   714 | D:2      | 714 ||| SHOPLISTING glowing crystal plate armour (1992
                  | gold, have 108).
   714 | D:2      | 714 ||| SHOPLISTING plate armour (552 gold, have 108).
   816 | D:2      | Found an iron altar of Okawaru.
   817 | D:2      | 817 ||| PLANNING OKAWARU WORSHIP
   817 | D:2      | 817 ||| READING scroll labelled PYSATIXZUFO.
   823 | D:2      | Became a worshipper of Warmaster Okawaru
   824 | D:2      | 824 ||| PLANNING D:1-11
   889 | D:2      | Found Tufowili's Magic Scroll Shoppe.
   908 | D:2      | 908 ||| BUYING scroll of enchant armour (90 gold).
   908 | D:2      | Bought a scroll of enchant armour for 90 gold pieces
   908 | D:2      | 908 ||| BUYING scroll of identify (24 gold).
   908 | D:2      | Bought a scroll of identify for 24 gold pieces
   908 | D:2      | 908 ||| BUYING scroll of identify (24 gold).
   908 | D:2      | Bought a scroll of identify for 24 gold pieces
   948 | D:2      | Found Pewe Reupi's Weapon Boutique.
  1011 | D:2      | Found Xesaoh Noipn's Jewellery Shop.
  1016 | D:2      | 1016 ||| SHOPLISTING +0 mace (30 gold, have 12).
  1016 | D:2      | 1016 ||| SHOPLISTING +0 whip (25 gold, have 12).
  1028 | D:2      | 1028 ||| SHOPLISTING +4 ring of protection (504 gold, have
                  | 24).
  1028 | D:2      | 1028 ||| SHOPLISTING +6 ring of dexterity (504 gold, have
                  | 24).
  1028 | D:2      | 1028 ||| SHOPLISTING +6 ring of strength (504 gold, have
                  | 24).
  1028 | D:2      | 1028 ||| SHOPLISTING ring "Rinaus" {Drain Str+6 Int+8} (758
                  | gold, have 24).
  1028 | D:2      | 1028 ||| SHOPLISTING ring of Wylereuw {rC+ rN+++ Int-2 SInv
                  | Stlth-} (722 gold, have 24).
  1028 | D:2      | 1028 ||| SHOPLISTING ring of ice (350 gold, have 24).
  1028 | D:2      | 1028 ||| SHOPLISTING ring of protection from fire (350
                  | gold, have 24).
  1131 | D:2      | 1131 ||| READING 2 scrolls labelled PIEVOOSONWO.
  1132 | D:2      | 1132 ||| READING scroll labelled ASIL OPPEITHRAOF.
  1133 | D:2      | 1133 ||| READING scroll labelled GOONWU BUACUILU.
  1134 | D:2      | 1134 ||| DRINKING 2 smoky coppery potions.
  1135 | D:2      | 1135 ||| READING 3 scrolls of identify.
  1135 | D:2      | 1135 ||| IDENTIFYING fizzy ruby potion
  1136 | D:2      | 1136 ||| READING 2 scrolls of identify.
  1136 | D:2      | 1136 ||| IDENTIFYING inky potion
  1137 | D:2      | 1137 ||| DROPPING potion of degeneration.
  1138 | D:2      | 1138 ||| DROPPING scroll of noise.
  1166 | D:3      | 1166 ||| STAIRDANCE
  1169 | D:2      | Reached XP level 4. HP: 28/28 MP: 4/4
  1174 | D:3      | 1174 ||| STAIRDANCE
  1433 | D:3      | HP: 6/28 [gnoll/+1 flail of protection (4)]
  1434 | D:3      | 1434 ||| READING scroll of teleportation.
  1753 | D:3      | 1753 ||| Stepping ~*~*~tactically~*~*~ (hiding).
  1755 | D:3      | 1755 ||| Stepping ~*~*~tactically~*~*~ (hiding).
  1785 | D:3      | 1785 ||| Stepping ~*~*~tactically~*~*~ (hiding).
  1948 | D:3      | 1948 ||| Stepping ~*~*~tactically~*~*~ (stealth).
  1950 | D:3      | 1950 ||| Stepping ~*~*~tactically~*~*~ (stealth).
  1954 | D:3      | 1954 ||| FLEEEEING.
  1955 | D:3      | 1955 ||| FLEEEEING.
  1960 | D:3      | 1960 ||| FLEEEEING.
  1961 | D:3      | 1961 ||| FLEEEEING.
  1963 | D:3      | 1963 ||| FLEEEEING.
  1966 | D:3      | 1966 ||| FLEEEEING.
  1967 | D:3      | 1967 ||| FLEEEEING.
  1968 | D:3      | 1968 ||| FLEEEEING.
  1969 | D:3      | 1969 ||| FLEEEEING.
  1970 | D:3      | 1970 ||| FLEEEEING.
  1971 | D:3      | 1971 ||| FLEEEEING.
  1972 | D:3      | 1972 ||| FLEEEEING.
  1973 | D:3      | 1973 ||| FLEEEEING.
  1974 | D:3      | 1974 ||| FLEEEEING.
  1975 | D:3      | 1975 ||| FLEEEEING.
  1976 | D:3      | 1976 ||| FLEEEEING.
  1977 | D:3      | 1977 ||| FLEEEEING.
  1985 | D:3      | 1985 ||| FLEEEEING.
  1986 | D:3      | 1986 ||| FLEEEEING.
  1994 | D:3      | 1994 ||| STAIRDANCE
  2040 | D:2      | 2040 ||| READING 2 scrolls of identify.
  2040 | D:2      | 2040 ||| IDENTIFYING dark potion
  2041 | D:2      | 2041 ||| DROPPING potion of berserk rage.
  2091 | D:3      | 2091 ||| DROPPING +0 club.
  2094 | D:3      | 2094 ||| DROPPING +0 whip.
  2106 | D:3      | 2106 ||| DROPPING +1 flail of protection.
  2192 | D:3      | 2192 ||| Stepping ~*~*~tactically~*~*~ (stealth).
  2400 | D:3      | Reached XP level 5. HP: 32/32 MP: 5/5
  2573 | D:3      | 2573 ||| UPGRADING to +0 chain mail.
  2583 | D:3      | 2583 ||| DROPPING +0 scale mail.
  2584 | D:3      | 2584 ||| READING scroll labelled KUEKOU PEOTYN.
  2585 | D:3      | 2585 ||| READING 2 scrolls of identify.
  2585 | D:3      | 2585 ||| IDENTIFYING lumpy green potion
  2628 | D:4      | 2628 ||| Stepping ~*~*~tactically~*~*~ (stealth).
  2825 | D:4      | Found Hisoran's Self-Improvement Boutique.
  2863 | D:4      | Noticed Ijyb
  2874 | D:4      | 2874 ||| DRINKING 2 potions of curing.
  2874 | D:4      | 2874 ||| (to cure confusion)
  2876 | D:4      | 2876 ||| DRINKING potion of curing.
  2876 | D:4      | 2876 ||| (to cure confusion)
  2884 | D:4      | Killed Ijyb
  2894 | D:4      | Reached XP level 6. HP: 18/38 MP: 6/6
  3118 | D:4      | HP: 9/38 [gnoll/+0 club (3)]
  3482 | D:4      | Found a stormy altar of Qazlal.
  3483 | D:4      | Found a basalt altar of Yredelemnul.
  3484 | D:4      | Found an ancient bone altar of Kikubaaqudgha.
  3485 | D:4      | Found a burning altar of Makhleb.
  3485 | D:4      | Found a shadowy altar of Dithmenos.
  3488 | D:4      | Found a blossoming altar of Fedhas.
  3488 | D:4      | Found a snail-covered altar of Cheibriados.
  3499 | D:4      | Found a shimmering blue altar of Sif Muna.
  3591 | D:4      | Found an iron altar of Okawaru.
  3600 | D:4      | Reached * piety under Okawaru
  3636 | D:4      | 3636 ||| Stepping ~*~*~tactically~*~*~ (stealth).
  3652 | D:4      | Reached skill level 1 in Invocations
  3741 | D:4      | Noticed Grinder
  3742 | D:4      | 3742 ||| Stepping ~*~*~tactically~*~*~ (hiding).
  3746 | D:4      | 3746 ||| INVOKING Heroism.
  3752 | D:4      | 3752 ||| Stepping ~*~*~tactically~*~*~ (hiding).
  3759 | D:4      | 3759 ||| INVOKING Heroism.
  3766 | D:4      | 3766 ||| Stepping ~*~*~tactically~*~*~ (hiding).
  3775 | D:4      | 3775 ||| FLEEEEING.
  3776 | D:4      | 3776 ||| FLEEEEING.
  3777 | D:4      | 3777 ||| FLEEEEING.
  3778 | D:4      | 3778 ||| FLEEEEING.
  3779 | D:4      | 3779 ||| FLEEEEING.
  3787 | D:4      | Killed Grinder
  3788 | D:4      | Reached skill level 6 in Axes
  3788 | D:4      | Reached XP level 7. HP: 29/43 MP: 7/7
  4221 | D:4      | 4221 ||| UPGRADING to scarf of resistance.
  4226 | D:4      | 4226 ||| UPGRADING to +0 pair of boots.
  4231 | D:4      | 4231 ||| READING 3 scrolls of enchant armour.
  4231 | D:4      | 4231 ||| ENCHANTING +0 pair of boots.
  4232 | D:4      | 4232 ||| READING 2 scrolls of enchant armour.
  4232 | D:4      | 4232 ||| ENCHANTING +1 pair of boots.
  4233 | D:4      | 4233 ||| UPGRADING to ring of willpower.
  4234 | D:4      | 4234 ||| READING scroll labelled ADAFEO QUWYDDA.
  4235 | D:4      | 4235 ||| READING scroll labelled LEFAZIWKOQYA.
  4236 | D:4      | 4236 ||| DRINKING 2 bubbling purple potions.
  4270 | D:4      | 4270 ||| READING 2 scrolls of identify.
  4270 | D:4      | 4270 ||| IDENTIFYING white potion
  4307 | D:5      | Entered Level 5 of the Dungeon
  4524 | D:5      | Reached skill level 1 in Dodging
  4666 | D:5      | Noticed Blork the orc
  4667 | D:5      | 4667 ||| INVOKING Heroism.
  4682 | D:5      | Killed Blork the orc
  4683 | D:5      | Reached skill level 3 in Invocations
  4729 | D:5      | 4729 ||| FLEEEEING.
  4730 | D:5      | 4730 ||| FLEEEEING.
  4731 | D:5      | 4731 ||| FLEEEEING.
  4775 | D:5      | 4775 ||| INVOKING Heroism.
  4783 | D:5      | Reached XP level 8. HP: 39/48 MP: 7/10
  4850 | D:5      | 4850 ||| DROPPING +0 morningstar of protection.
  4899 | D:5      | 4899 ||| INVOKING Heroism.
  4993 | D:5      | Found a sparkling altar of Nemelex Xobeh.
  5100 | D:5      | 5100 ||| UPGRADING to +0 helmet.
  5105 | D:5      | 5105 ||| READING scroll of enchant armour.
  5105 | D:5      | 5105 ||| ENCHANTING +0 helmet.
  5106 | D:5      | 5106 ||| DRINKING 2 black potions.
  5107 | D:5      | 5107 ||| READING 3 scrolls of identify.
  5107 | D:5      | 5107 ||| IDENTIFYING sapphire potion
  5108 | D:5      | 5108 ||| READING 2 scrolls of identify.
  5108 | D:5      | 5108 ||| IDENTIFYING fuming grey potion
  5109 | D:5      | 5109 ||| DROPPING potion of brilliance.
  5110 | D:5      | 5110 ||| DROPPING potion of ambrosia.
  5179 | D:6      | Reached ** piety under Okawaru
  5232 | D:6      | 5232 ||| INVOKING Heroism.
  5407 | D:6      | Noticed Menkaure
  5408 | D:6      | 5408 ||| INVOKING Heroism.
  5412 | D:6      | Killed Menkaure
  5534 | D:6      | 5534 ||| Stepping ~*~*~tactically~*~*~ (stealth).
  5536 | D:6      | 5536 ||| Stepping ~*~*~tactically~*~*~ (stealth).
  5538 | D:6      | 5538 ||| Stepping ~*~*~tactically~*~*~ (hiding).
  5539 | D:6      | 5539 ||| Stepping ~*~*~tactically~*~*~ (hiding).
  5561 | D:6      | Noticed Sigmund
  5562 | D:6      | 5562 ||| INVOKING Heroism.
  5588 | D:6      | Noticed Maggie
  5591 | D:6      | 5591 ||| INVOKING Heroism.
  5602 | D:6      | HP: 12/49 [something (3)]
  5603 | D:6      | 5603 ||| DRINKING 5 potions of heal wounds.
  5604 | D:6      | Killed Maggie
  5605 | D:6      | Reached XP level 9. HP: 31/54 MP: 10/12
  5611 | D:6      | Killed Sigmund
  5829 | D:6      | 5829 ||| FLEEEEING.
  5911 | D:6      | Found a staircase to the Ecumenical Temple.
  5932 | D:6      | 5932 ||| Stepping ~*~*~tactically~*~*~ (stealth).
  5933 | D:6      | 5933 ||| Stepping ~*~*~tactically~*~*~ (stealth).
  5950 | D:6      | Reached skill level 6 in Fighting
  6169 | D:6      | 6169 ||| UPGRADING to +0 plate armour.
  6179 | D:6      | 6179 ||| DROPPING +0 chain mail.
  6180 | D:6      | 6180 ||| READING 2 scrolls of identify.
  6180 | D:6      | 6180 ||| IDENTIFYING green potion
  6181 | D:6      | 6181 ||| DROPPING potion of invisibility.
  6246 | D:7      | 6246 ||| INVOKING Heroism.
  6270 | D:7      | 6270 ||| INVOKING Heroism.
  6299 | D:7      | 6299 ||| FLEEEEING.
  6300 | D:7      | 6300 ||| FLEEEEING.
  6301 | D:7      | 6301 ||| FLEEEEING.
  6302 | D:7      | 6302 ||| FLEEEEING.
  6303 | D:7      | 6303 ||| STAIRDANCE
  6363 | D:7      | 6363 ||| INVOKING Heroism.
  6532 | D:7      | 6532 ||| INVOKING Heroism.
  6866 | D:7      | 6866 ||| UPGRADING to amulet of the acrobat.
  6871 | D:7      | 6871 ||| READING scroll labelled HEMMIX SUATSUS.
  6872 | D:7      | 6872 ||| READING 2 scrolls labelled GOEFAH SAHEAXE.
  6873 | D:7      | 6873 ||| READING scroll of enchant weapon.
  6873 | D:7      | 6873 ||| ENCHANTING +1 war axe of protection.
  6874 | D:7      | 6874 ||| READING scroll labelled OTWOAF AMIOMM.
  6902 | D:8      | Reached *** piety under Okawaru
  6903 | D:8      | Reached skill level 9 in Axes
  6985 | D:8      | 6985 ||| Stepping ~*~*~tactically~*~*~ (hiding).
  6997 | D:8      | 6997 ||| INVOKING Heroism.
  7224 | D:8      | 7224 ||| Stepping ~*~*~tactically~*~*~ (hiding).
  7225 | D:8      | 7225 ||| Stepping ~*~*~tactically~*~*~ (hiding).
  7335 | D:8      | Reached skill level 6 in Armour
  7461 | D:8      | 7461 ||| DROPPING +1 vorpal war axe.
  7517 | D:8      | 7517 ||| INVOKING Heroism.
  7526 | D:8      | Reached XP level 10. HP: 44/63 MP: 11/13
  7767 | D:8      | 7767 ||| READING 2 scrolls of identify.
  7767 | D:8      | 7767 ||| IDENTIFYING smoky orange potion
  7768 | D:8      | 7768 ||| DROPPING potion of flight.
  7827 | D:9      | 7827 ||| INVOKING Heroism.
  7850 | D:9      | 7850 ||| READING scroll of enchant armour.
  7850 | D:9      | 7850 ||| ENCHANTING +1 helmet.
  7885 | D:9      | Received a gift from Okawaru
  8001 | D:9      | 8001 ||| INVOKING Heroism.
  8021 | D:9      | Reached skill level 3 in Throwing
  8059 | D:9      | 8059 ||| READING scroll of enchant armour.
  8059 | D:9      | 8059 ||| ENCHANTING +0 plate armour.
  8112 | D:9      | 8112 ||| Stepping ~*~*~tactically~*~*~ (stealth).
  8114 | D:9      | 8114 ||| Stepping ~*~*~tactically~*~*~ (stealth).
  8120 | D:9      | 8120 ||| Stepping ~*~*~tactically~*~*~ (stealth).
  8127 | D:9      | 8127 ||| Stepping ~*~*~tactically~*~*~ (stealth).
  8254 | D:9      | 8254 ||| READING 2 scrolls of identify.
  8254 | D:9      | 8254 ||| IDENTIFYING murky coppery potion
  8273 | D:10     | Entered Level 10 of the Dungeon
  8276 | D:10     | 8276 ||| STAIRDANCE
  8284 | D:10     | 8284 ||| INVOKING Heroism.
  8457 | D:10     | Noticed a kobold demonologist
  8460 | D:10     | 8460 ||| INVOKING Heroism.
  8465 | D:10     | Killed a kobold demonologist
  8527 | D:10     | 8527 ||| Stepping ~*~*~tactically~*~*~ (hiding).
  8528 | D:10     | 8528 ||| INVOKING Heroism.
  8529 | D:10     | 8529 ||| Stepping ~*~*~tactically~*~*~ (hiding).
  8566 | D:10     | 8566 ||| Stepping ~*~*~tactically~*~*~ (hiding).
  8575 | D:10     | Reached **** piety under Okawaru
  8578 | D:10     | 8578 ||| INVOKING Heroism.
  8629 | D:10     | 8629 ||| Stepping ~*~*~tactically~*~*~ (stealth).
  8738 | D:10     | Found a staircase to the Lair.
  8747 | D:10     | 8747 ||| INVOKING Heroism.
  8850 | D:10     | Found an ornate altar of the Wu Jian Council.
  8854 | D:10     | Noticed a white ugly thing
  8855 | D:10     | 8855 ||| Stepping ~*~*~tactically~*~*~ (stealth).
  8856 | D:10     | 8856 ||| Stepping ~*~*~tactically~*~*~ (stealth).
  8870 | D:10     | Killed a white ugly thing
  9119 | D:10     | 9119 ||| INVOKING Heroism.
  9125 | D:10     | Reached skill level 6 in Invocations
  9125 | D:10     | Noticed Maurice
  9135 | D:10     | Reached ***** piety under Okawaru
  9136 | D:10     | Reached XP level 11. HP: 68/68 MP: 15/15
  9163 | D:10     | Killed Maurice
  9456 | D:10     | 9456 ||| PLANNING LAIR
  9456 | D:10     | 9456 ||| DROPPING +0 cloak.
  9457 | D:10     | 9457 ||| DROPPING +1 pair of boots.
  9458 | D:10     | 9458 ||| READING scroll labelled OGIAHO ODWE.
  9545 | Lair:1   | Entered Level 1 of the Lair of Beasts
  9560 | Lair:1   | 9560 ||| INVOKING Heroism.
  9698 | Lair:1   | 9698 ||| INVOKING Heroism.
  9700 | Lair:1   | Received a gift from Okawaru
  9714 | Lair:1   | 9714 ||| Stepping ~*~*~tactically~*~*~ (stealth).
  9807 | Lair:1   | Found a shimmering blue altar of Sif Muna.
  9833 | Lair:1   | 9833 ||| INVOKING Heroism.
 10527 | Lair:1   | 10527 ||| UPGRADING to +1 plate armour of fire resistance.
 10537 | Lair:1   | 10537 ||| DROPPING +1 plate armour.
 10538 | Lair:1   | 10538 ||| READING 2 scrolls of identify.
 10538 | Lair:1   | 10538 ||| IDENTIFYING bubbling cyan potion
 10562 | Lair:2   | 10562 ||| INVOKING Heroism.
 10632 | Lair:2   | 10632 ||| INVOKING Heroism.
 10652 | Lair:2   | 10652 ||| READING scroll of enchant weapon.
 10652 | Lair:2   | 10652 ||| ENCHANTING +2 war axe of protection.
 10691 | Lair:2   | 10691 ||| Stepping ~*~*~tactically~*~*~ (stealth).
 10692 | Lair:2   | 10692 ||| INVOKING Heroism.
 10698 | Lair:2   | Reached skill level 9 in Fighting
 10795 | Lair:2   | 10795 ||| Stepping ~*~*~tactically~*~*~ (hiding).
 10805 | Lair:2   | 10805 ||| INVOKING Heroism.
 10810 | Lair:2   | Reached skill level 9 in Invocations
 10832 | Lair:2   | 10832 ||| Stepping ~*~*~tactically~*~*~ (stealth).
 10855 | Lair:2   | 10855 ||| INVOKING Heroism.
 11067 | Lair:2   | Found a staircase to the Snake Pit.
 11089 | Lair:2   | 11089 ||| READING scroll of brand weapon.
 11089 | Lair:2   | 11089 ||| BRANDING +3 war axe of protection.
 11097 | Lair:2   | Noticed a death yak
 11097 | Lair:2   | Noticed a death yak
 11097 | Lair:2   | Noticed a death yak
 11098 | Lair:2   | 11098 ||| INVOKING Heroism.
 11099 | Lair:2   | 11099 ||| INVOKING Finesse.
 11100 | Lair:2   | Noticed a death yak
 11117 | Lair:2   | Noticed a death yak
 11119 | Lair:2   | Killed a death yak
 11123 | Lair:2   | Killed a death yak
 11129 | Lair:2   | Killed a death yak
 11130 | Lair:2   | Reached XP level 12. HP: 34/76 MP: 12/19
 11136 | Lair:2   | Killed a death yak
 11138 | Lair:2   | Killed a death yak
 11145 | Lair:2   | 11145 ||| INVOKING Heroism.
 11147 | Lair:2   | HP: 9/76 [black mamba (13)]
 11148 | Lair:2   | 11148 ||| READING 2 scrolls of teleportation.
 11149 | Lair:2   | 11149 ||| DRINKING 4 potions of heal wounds.
 11157 | Lair:2   | 11157 ||| Stepping ~*~*~tactically~*~*~ (stealth).
 11159 | Lair:2   | 11159 ||| Stepping ~*~*~tactically~*~*~ (stealth).
 11160 | Lair:2   | 11160 ||| Stepping ~*~*~tactically~*~*~ (stealth).
 11195 | Lair:2   | 11195 ||| INVOKING Heroism.
 11215 | Lair:2   | Reached skill level 12 in Axes
 11219 | Lair:2   | 11219 ||| FLEEEEING.
 11220 | Lair:2   | 11220 ||| FLEEEEING.
 11221 | Lair:2   | 11221 ||| FLEEEEING.
 11222 | Lair:2   | 11222 ||| FLEEEEING.
 11223 | Lair:2   | 11223 ||| FLEEEEING.
 11224 | Lair:2   | 11224 ||| Stepping ~*~*~tactically~*~*~ (stealth).
 11225 | Lair:2   | 11225 ||| FLEEEEING.
 11226 | Lair:2   | 11226 ||| FLEEEEING.
 11227 | Lair:2   | 11227 ||| INVOKING Heroism.
 11292 | Lair:2   | 11292 ||| FLEEEEING.
 11298 | Lair:2   | 11298 ||| STAIRDANCE
 11394 | Lair:1   | 11394 ||| UPGRADING to +0 pair of gloves.
 11409 | Lair:2   | 11409 ||| INVOKING Heroism.
 11418 | Lair:2   | Reached skill level 6 in Shields
 11522 | Lair:2   | 11522 ||| INVOKING Heroism.
 11896 | Lair:2   | 11896 ||| DROPPING orb of wrath.
 11897 | Lair:2   | 11897 ||| READING scroll labelled SOEROKIVOR.
 11898 | Lair:2   | 11898 ||| READING scroll labelled KADWIF TIKY.
 11898 | Lair:2   | Identified a scroll of acquirement
 11898 | Lair:2   | 11898 ||| ACQUIRING ring of Heresy {Str+4 Dex+6}
 11898 | Lair:2   | Acquired the ring of Heresy {Str+4 Dex+6}
 11900 | Lair:2   | 11900 ||| UPGRADING to ring of Heresy {Str+4 Dex+6}.
 11902 | Lair:2   | 11902 ||| UPGRADING to +6 ring of strength.
 11904 | Lair:2   | 11904 ||| DROPPING ring of willpower.
 11913 | Lair:3   | 11913 ||| INVOKING Heroism.
 11915 | Lair:3   | 11915 ||| STAIRDANCE
 11919 | Lair:2   | Received a gift from Okawaru
 11934 | Lair:3   | Reached skill level 3 in Dodging
 12015 | Lair:3   | 12015 ||| INVOKING Heroism.
 12028 | Lair:3   | 12028 ||| Stepping ~*~*~tactically~*~*~ (stealth).
 12028 | Lair:3   | Found a runed translucent door.
 12036 | Lair:3   | 12036 ||| Stepping ~*~*~tactically~*~*~ (stealth).
 12040 | Lair:3   | Reached skill level 9 in Armour
 12054 | Lair:3   | 12054 ||| FLEEEEING.
 12055 | Lair:3   | 12055 ||| FLEEEEING.
 12056 | Lair:3   | 12056 ||| FLEEEEING.
 12066 | Lair:3   | 12066 ||| STAIRDANCE
 12200 | Lair:3   | Noticed Huasawuy's ghost (journeyman TrHW)
 12200 | Lair:3   | Noticed a boulder beetle
 12207 | Lair:3   | 12207 ||| INVOKING Heroism.
 12245 | Lair:3   | Found a staircase to the Swamp.
 12245 | Lair:3   | Noticed Nessos
 12246 | Lair:3   | 12246 ||| INVOKING Finesse.
 12272 | Lair:3   | Killed Nessos
 12275 | Lair:3   | 12275 ||| Stepping ~*~*~tactically~*~*~ (stealth).
 12276 | Lair:3   | 12276 ||| INVOKING Heroism.
 12349 | Lair:3   | 12349 ||| Stepping ~*~*~tactically~*~*~ (stealth).
 12353 | Lair:3   | 12353 ||| INVOKING Heroism.
 12489 | Lair:3   | 12489 ||| INVOKING Heroism.
 12531 | Lair:3   | 12531 ||| INVOKING Heroism.
 12758 | Lair:3   | 12758 ||| INVOKING Heroism.
 12759 | Lair:3   | 12759 ||| INVOKING Finesse.
 12769 | Lair:3   | Identified the +1 pair of boots "Ruxetyopli" {MP+9}
                  | (Okawaru gifted it to you on level 3 of the Lair of Beasts)
 12769 | Lair:3   | Received a gift from Okawaru
 12786 | Lair:3   | 12786 ||| FLEEEEING.
 12787 | Lair:3   | 12787 ||| FLEEEEING.
 12788 | Lair:3   | 12788 ||| FLEEEEING.
 13001 | Lair:3   | 13001 ||| INVOKING Heroism.
 13002 | Lair:3   | 13002 ||| INVOKING Finesse.
 13118 | Lair:3   | Noticed Gastronok
 13119 | Lair:3   | 13119 ||| INVOKING Heroism.
 13135 | Lair:3   | Killed Gastronok
 13136 | Lair:3   | Reached XP level 13. HP: 62/82 MP: 20/20
 13223 | Lair:3   | 13223 ||| SWAPPING to +0 broad axe.
 13224 | Lair:3   | 13224 ||| DROPPING +3 war axe of venom.
 13521 | Lair:3   | 13521 ||| DROPPING +1 pair of boots "Ruxetyopli" {MP+9}.
 13522 | Lair:3   | 13522 ||| READING scroll labelled CUMADYIFIX.
 13643 | Lair:4   | 13643 ||| INVOKING Heroism.
 13722 | Lair:4   | 13722 ||| READING scroll of enchant armour.
 13722 | Lair:4   | 13722 ||| ENCHANTING +1 plate armour of fire resistance.
 13728 | Lair:4   | 13728 ||| INVOKING Heroism.
 13742 | Lair:4   | 13742 ||| INVOKING Finesse.
 13746 | Lair:4   | 13746 ||| SWAPPING to +2 war axe of flaming.
 13751 | Lair:4   | 13751 ||| SWAPPING to +0 broad axe.
 13872 | Lair:4   | 13872 ||| INVOKING Heroism.
 14059 | Lair:4   | 14059 ||| INVOKING Heroism.
 14200 | Lair:4   | 14200 ||| INVOKING Heroism.
 14388 | Lair:4   | Identified the +1 ring mail of the Orcish Mines {rCorr
                  | Str-5 Dex+9}
 14454 | Lair:4   | 14454 ||| INVOKING Heroism.
 14574 | Lair:4   | 14574 ||| INVOKING Heroism.
 14575 | Lair:4   | 14575 ||| Stepping ~*~*~tactically~*~*~ (stealth).
 14621 | Lair:4   | 14621 ||| Stepping ~*~*~tactically~*~*~ (stealth).
 14622 | Lair:4   | 14622 ||| Stepping ~*~*~tactically~*~*~ (stealth).
 14626 | Lair:4   | 14626 ||| Stepping ~*~*~tactically~*~*~ (stealth).
 14704 | Lair:4   | 14704 ||| INVOKING Heroism.
 14821 | Lair:4   | 14821 ||| INVOKING Heroism.
 14912 | Lair:4   | 14912 ||| Stepping ~*~*~tactically~*~*~ (stealth).
 14915 | Lair:4   | 14915 ||| INVOKING Heroism.
 14940 | Lair:4   | 14940 ||| READING scroll of enchant armour.
 14940 | Lair:4   | 14940 ||| ENCHANTING +2 plate armour of fire resistance.
 14967 | Lair:4   | 14967 ||| INVOKING Heroism.
 15202 | Lair:4   | 15202 ||| DROPPING scarf of invisibility.
 15203 | Lair:4   | 15203 ||| READING scroll labelled VUECRA AKLAFUC.
 15236 | Lair:5   | Entered Level 5 of the Lair of Beasts
 15237 | Lair:5   | 15237 ||| STAIRDANCE
 15289 | Lair:5   | 15289 ||| STAIRDANCE
 15291 | Lair:4   | 15291 ||| INVOKING Heroism.
 15325 | Lair:5   | 15325 ||| STAIRDANCE
 15371 | Lair:5   | Found a staircase to the Slime Pits.
 15395 | Lair:5   | 15395 ||| Stepping ~*~*~tactically~*~*~ (stealth).
 15405 | Lair:5   | 15405 ||| Stepping ~*~*~tactically~*~*~ (stealth).
 15414 | Lair:5   | 15414 ||| Stepping ~*~*~tactically~*~*~ (stealth).
 15506 | Lair:5   | 15506 ||| INVOKING Heroism.
 15631 | Lair:5   | 15631 ||| INVOKING Heroism.
 15732 | Lair:5   | 15732 ||| Stepping ~*~*~tactically~*~*~ (stealth).
 15733 | Lair:5   | 15733 ||| INVOKING Heroism.
 15743 | Lair:5   | 15743 ||| Stepping ~*~*~tactically~*~*~ (stealth).
 15748 | Lair:5   | 15748 ||| Stepping ~*~*~tactically~*~*~ (stealth).
 15959 | Lair:5   | 15959 ||| Stepping ~*~*~tactically~*~*~ (stealth).
 15983 | Lair:5   | 15983 ||| Stepping ~*~*~tactically~*~*~ (stealth).
 16028 | Lair:5   | 16028 ||| INVOKING Heroism.
 16055 | Lair:5   | 16055 ||| INVOKING Heroism.
 16073 | Lair:5   | 16073 ||| Stepping ~*~*~tactically~*~*~ (stealth).
 16087 | Lair:5   | 16087 ||| INVOKING Heroism.
 16114 | Lair:5   | 16114 ||| Stepping ~*~*~tactically~*~*~ (stealth).
 16116 | Lair:5   | 16116 ||| INVOKING Finesse.
 16130 | Lair:5   | 16130 ||| INVOKING Heroism.
 16141 | Lair:5   | Gained mutation: Your large and strong wings let you fly.
                  | [Gargoyle growth]
 16141 | Lair:5   | Reached XP level 14. HP: 45/90 MP: 15/21
 16382 | Lair:5   | 16382 ||| INVOKING Heroism.
 16393 | Lair:5   | Reached skill level 15 in Axes
 16418 | Lair:5   | Received a gift from Okawaru
 16464 | Lair:5   | 16464 ||| Stepping ~*~*~tactically~*~*~ (stealth).
 16467 | Lair:5   | 16467 ||| Stepping ~*~*~tactically~*~*~ (stealth).
 16468 | Lair:5   | 16468 ||| Stepping ~*~*~tactically~*~*~ (stealth).
 16544 | Lair:5   | 16544 ||| Stepping ~*~*~tactically~*~*~ (hiding).
 16654 | Lair:5   | 16654 ||| INVOKING Heroism.
 16655 | Lair:5   | 16655 ||| INVOKING Finesse.
 16696 | Lair:5   | 16696 ||| Stepping ~*~*~tactically~*~*~ (stealth).
 16737 | Lair:5   | 16737 ||| Stepping ~*~*~tactically~*~*~ (stealth).
 16740 | Lair:5   | 16740 ||| Stepping ~*~*~tactically~*~*~ (stealth).
 16741 | Lair:5   | 16741 ||| Stepping ~*~*~tactically~*~*~ (stealth).
 16742 | Lair:5   | 16742 ||| Stepping ~*~*~tactically~*~*~ (stealth).
 16744 | Lair:5   | 16744 ||| Stepping ~*~*~tactically~*~*~ (stealth).
 16768 | Lair:5   | 16768 ||| Stepping ~*~*~tactically~*~*~ (stealth).
 16769 | Lair:5   | 16769 ||| Stepping ~*~*~tactically~*~*~ (stealth).
 16773 | Lair:5   | 16773 ||| Stepping ~*~*~tactically~*~*~ (stealth).
 16776 | Lair:5   | 16776 ||| Stepping ~*~*~tactically~*~*~ (stealth).
 16785 | Lair:5   | 16785 ||| Stepping ~*~*~tactically~*~*~ (hiding).
 16837 | Lair:5   | 16837 ||| Stepping ~*~*~tactically~*~*~ (stealth).
 16838 | Lair:5   | 16838 ||| Stepping ~*~*~tactically~*~*~ (stealth).
 16841 | Lair:5   | 16841 ||| Stepping ~*~*~tactically~*~*~ (stealth).
 16842 | Lair:5   | 16842 ||| Stepping ~*~*~tactically~*~*~ (stealth).
 16856 | Lair:5   | 16856 ||| READING scroll of enchant weapon.
 16856 | Lair:5   | 16856 ||| ENCHANTING +0 broad axe.
 16861 | Lair:5   | Identified the +8 trident of Responsibility {vamp, rN+
                  | Will+}
 17012 | Lair:5   | 17012 ||| Stepping ~*~*~tactically~*~*~ (stealth).
 17016 | Lair:5   | 17016 ||| Stepping ~*~*~tactically~*~*~ (stealth).
 17017 | Lair:5   | 17017 ||| Stepping ~*~*~tactically~*~*~ (stealth).
 17027 | Lair:5   | 17027 ||| Stepping ~*~*~tactically~*~*~ (stealth).
 17029 | Lair:5   | 17029 ||| Stepping ~*~*~tactically~*~*~ (stealth).
 17033 | Lair:5   | 17033 ||| Stepping ~*~*~tactically~*~*~ (stealth).
 17040 | Lair:5   | 17040 ||| FLEEEEING.
 17041 | Lair:5   | 17041 ||| FLEEEEING.
 17042 | Lair:5   | 17042 ||| INVOKING Heroism.
 17047 | Lair:5   | Received a gift from Okawaru
 17047 | Lair:5   | Found the +3 warlock's mirror {reflect}
 17199 | Lair:5   | Reached skill level 12 in Fighting
 17321 | Lair:5   | 17321 ||| INVOKING Heroism.
 18107 | Lair:5   | 18107 ||| PLANNING D:1-11
 18107 | Lair:5   | 18107 ||| UPGRADING to +3 warlock's mirror {reflect}.
 18117 | Lair:5   | 18117 ||| DROPPING +0 buckler.
 18280 | D:11     | 18280 ||| PLANNING GAUNTLET
 18369 | D:11     | 18369 ||| Stepping ~*~*~tactically~*~*~ (hiding).
 18370 | D:11     | 18370 ||| Stepping ~*~*~tactically~*~*~ (hiding).
 18381 | D:11     | 18381 ||| Stepping ~*~*~tactically~*~*~ (stealth).
 18396 | D:11     | Found a staircase to the Orcish Mines.
 18492 | D:11     | 18492 ||| INVOKING Heroism.
 18621 | D:11     | 18621 ||| INVOKING Heroism.
 18748 | D:11     | Found a gate leading to a gauntlet.
 18749 | D:11     | 18749 ||| DROPPING +1 ring mail of the Orcish Mines {rCorr
                  | Str-5 Dex+9}.
 18759 | Gauntlet | Entered a Gauntlet
 18759 | Gauntlet | Found a transporter.
 18759 | Gauntlet | Found a transporter.
 18770 | Gauntlet | Found a runed translucent door.
 18773 | Gauntlet | Found a transporter.
 18774 | Gauntlet | Found a transporter.
 18782 | Gauntlet | Found a transporter.
 18785 | Gauntlet | Found a transporter.
 18789 | Gauntlet | Found a runed translucent door.
 18793 | Gauntlet | Found a transporter.
 18803 | Gauntlet | Found a runed translucent door.
 18813 | Gauntlet | Found a transporter.
 18819 | Gauntlet | Noticed a reaper
 18833 | Gauntlet | Found a transporter.
 18835 | Gauntlet | Found a transporter.
 18845 | Gauntlet | Found a transporter.
 18847 | Gauntlet | Found a transporter.
 18934 | Gauntlet | 18934 ||| Stepping ~*~*~tactically~*~*~ (hiding).
 18942 | Gauntlet | 18942 ||| INVOKING Heroism.
 19085 | Gauntlet | 19085 ||| INVOKING Heroism.
 19151 | Gauntlet | 19151 ||| Stepping randomly (stuck).
 19160 | Gauntlet | 19160 ||| INVOKING Heroism.
 19161 | Gauntlet | Killed a reaper
 19324 | Gauntlet | 19324 ||| UPGRADING to +1 pair of gloves of stealth.
 19334 | Gauntlet | 19334 ||| DROPPING +0 pair of gloves.
 19349 | Gauntlet | 19349 ||| Stepping ~*~*~tactically~*~*~ (stealth).
 19351 | Gauntlet | 19351 ||| INVOKING Heroism.
 19352 | Gauntlet | 19352 ||| INVOKING Finesse.
 19410 | Gauntlet | Identified the +1 robe of Imuozxye {Regen+ rCorr Str-2}
 19493 | Gauntlet | 19493 ||| UPGRADING to +2 shield of Resistance {rF++ rC++
                  | Will++}.
 19503 | Gauntlet | 19503 ||| DROPPING +3 warlock's mirror {reflect}.
 19504 | Gauntlet | 19504 ||| UPGRADING to +2 cloak of preservation.
 19531 | D:11     | 19531 ||| PLANNING D:1-11
 19766 | D:11     | 19766 ||| Stepping randomly (disturbance).
 19772 | D:11     | 19772 ||| INVOKING Heroism.
 19875 | D:11     | Identified the +10 war axe of Foujoon {drain, Str+2}
 19877 | D:11     | 19877 ||| SWAPPING to +10 war axe of Foujoon {drain,
                  | Str+2}.
 19878 | D:11     | 19878 ||| DROPPING +1 broad axe.
 20325 | D:11     | Found a broken altar of Ashenzari.
 20356 | D:11     | 20356 ||| PLANNING D
 20426 | D:12     | 20426 ||| Stepping ~*~*~tactically~*~*~ (stealth).
 20427 | D:12     | 20427 ||| Stepping ~*~*~tactically~*~*~ (stealth).
 20434 | D:12     | 20434 ||| Stepping ~*~*~tactically~*~*~ (stealth).
 20438 | D:12     | 20438 ||| INVOKING Heroism.
 20722 | D:12     | 20722 ||| Stepping ~*~*~tactically~*~*~ (hiding).
 20954 | D:12     | 20954 ||| INVOKING Heroism.
 20966 | D:12     | Reached skill level 9 in Shields
 21410 | D:13     | 21410 ||| Stepping ~*~*~tactically~*~*~ (stealth).
 21433 | D:13     | 21433 ||| Stepping ~*~*~tactically~*~*~ (stealth).
 21457 | D:13     | Noticed Kirke
 21458 | D:13     | Reached XP level 15. HP: 96/96 MP: 22/22
 21458 | D:13     | 21458 ||| INVOKING Heroism.
 21470 | D:13     | 21470 ||| INVOKING Finesse.
 21479 | D:13     | Killed Kirke
 21525 | D:13     | Found a gate to the Vaults.
 21628 | D:13     | 21628 ||| Stepping ~*~*~tactically~*~*~ (hiding).
 21692 | D:13     | 21692 ||| Stepping ~*~*~tactically~*~*~ (stealth).
 21697 | D:13     | 21697 ||| Stepping ~*~*~tactically~*~*~ (stealth).
 21725 | D:13     | 21725 ||| Stepping ~*~*~tactically~*~*~ (stealth).
 21776 | D:13     | 21776 ||| Stepping ~*~*~tactically~*~*~ (hiding).
 21778 | D:13     | 21778 ||| Stepping ~*~*~tactically~*~*~ (hiding).
 21779 | D:13     | 21779 ||| Stepping ~*~*~tactically~*~*~ (hiding).
 21780 | D:13     | 21780 ||| Stepping ~*~*~tactically~*~*~ (hiding).
 21782 | D:13     | 21782 ||| Stepping ~*~*~tactically~*~*~ (hiding).
 21801 | D:13     | 21801 ||| Stepping ~*~*~tactically~*~*~ (hiding).
 21802 | D:13     | 21802 ||| Stepping ~*~*~tactically~*~*~ (hiding).
 21837 | D:13     | 21837 ||| Stepping ~*~*~tactically~*~*~ (hiding).
 21839 | D:13     | 21839 ||| Stepping ~*~*~tactically~*~*~ (hiding).
 21842 | D:13     | 21842 ||| INVOKING Heroism.
 21849 | D:13     | Identified the +8 hand axe "Zeazod" {antimagic, rF- Str+3
                  | Dex+4} (Okawaru gifted it to you on level 13 of the
                  | Dungeon)
 21849 | D:13     | Received a gift from Okawaru
 21863 | D:13     | 21863 ||| INVOKING Finesse.
 21916 | D:13     | 21916 ||| READING 8 scrolls of teleportation.
 22000 | D:13     | 22000 ||| INVOKING Heroism.
 22005 | D:13     | Reached skill level 12 in Shields
 22071 | D:13     | 22071 ||| Stepping ~*~*~tactically~*~*~ (stealth).
 22074 | D:13     | 22074 ||| Stepping ~*~*~tactically~*~*~ (hiding).
 22118 | D:13     | Noticed a frost giant
 22119 | D:13     | 22119 ||| Stepping ~*~*~tactically~*~*~ (stealth).
 22121 | D:13     | 22121 ||| Stepping ~*~*~tactically~*~*~ (hiding).
 22131 | D:13     | Killed a frost giant
 22183 | D:13     | 22183 ||| READING 7 scrolls of teleportation.
 22186 | D:13     | 22186 ||| FLEEEEING.
 22351 | D:13     | 22351 ||| Stepping ~*~*~tactically~*~*~ (stealth).
 22380 | D:13     | 22380 ||| INVOKING Heroism.
 22381 | D:13     | 22381 ||| SWAPPING to +2 war axe of flaming.
 22389 | D:13     | 22389 ||| SWAPPING to +10 war axe of Foujoon {drain,
                  | Str+2}.
 22482 | D:14     | 22482 ||| Stepping ~*~*~tactically~*~*~ (hiding).
 22485 | D:14     | 22485 ||| INVOKING Heroism.
 22640 | D:14     | 22640 ||| INVOKING Heroism.
 22688 | D:14     | 22688 ||| READING 2 scrolls of acquirement.
 22688 | D:14     | 22688 ||| ACQUIRING +2 hat of the Spider Nest {rF+ Str+4
                  | Stlth+}
 22688 | D:14     | Acquired the +2 hat of the Spider Nest {rF+ Str+4 Stlth+}
 22690 | D:14     | 22690 ||| UPGRADING to +2 hat of the Spider Nest {rF+ Str+4
                  | Stlth+}.
 22700 | D:14     | 22700 ||| DROPPING +2 helmet.
 22701 | D:14     | 22701 ||| READING scroll of acquirement.
 22701 | D:14     | 22701 ||| ACQUIRING +3 broad axe of electrocution
 22701 | D:14     | Acquired a +3 broad axe of electrocution
 22703 | D:14     | 22703 ||| SWAPPING to +3 broad axe of electrocution.
 22704 | D:14     | 22704 ||| DROPPING +10 war axe of Foujoon {drain, Str+2}.
 22746 | D:14     | Found a blossoming altar of Fedhas.
 22761 | D:14     | 22761 ||| READING scroll of enchant weapon.
 22761 | D:14     | 22761 ||| ENCHANTING +3 broad axe of electrocution.
 22824 | D:14     | 22824 ||| INVOKING Heroism.
 23015 | D:14     | 23015 ||| Stepping ~*~*~tactically~*~*~ (stealth).
 23187 | D:14     | Identified the +5 broad axe "Cuenyot" {pain, rN+ rCorr
                  | Dex+4}
 23189 | D:14     | 23189 ||| SWAPPING to +5 broad axe "Cuenyot" {pain, rN+
                  | rCorr Dex+4}.
 23222 | D:14     | 23222 ||| Stepping ~*~*~tactically~*~*~ (stealth).
 23224 | D:14     | 23224 ||| Stepping ~*~*~tactically~*~*~ (hiding).
 23225 | D:14     | 23225 ||| Stepping ~*~*~tactically~*~*~ (hiding).
 23227 | D:14     | 23227 ||| Stepping ~*~*~tactically~*~*~ (hiding).
 23228 | D:14     | 23228 ||| Stepping ~*~*~tactically~*~*~ (hiding).
 23230 | D:14     | 23230 ||| Stepping ~*~*~tactically~*~*~ (hiding).
 23365 | D:14     | Received a gift from Okawaru
 23427 | D:15     | Entered Level 15 of the Dungeon
 23428 | D:15     | 23428 ||| STAIRDANCE
 23439 | D:15     | 23439 ||| STAIRDANCE
 23441 | D:14     | 23441 ||| INVOKING Heroism.
 23541 | D:15     | 23541 ||| STAIRDANCE
 23543 | D:14     | 23543 ||| INVOKING Heroism.
 23673 | D:15     | 23673 ||| STAIRDANCE
 23681 | D:14     | 23681 ||| INVOKING Heroism.
 23814 | D:15     | Reached skill level 6 in Dodging
 23816 | D:15     | 23816 ||| INVOKING Heroism.
 23817 | D:15     | Received a gift from Okawaru
 23988 | D:15     | 23988 ||| Stepping ~*~*~tactically~*~*~ (stealth).
 24027 | D:15     | 24027 ||| READING scroll of enchant armour.
 24027 | D:15     | 24027 ||| ENCHANTING +3 plate armour of fire resistance.
 24161 | D:15     | 24161 ||| Stepping ~*~*~tactically~*~*~ (stealth).
 24162 | D:15     | 24162 ||| Stepping ~*~*~tactically~*~*~ (stealth).
 24261 | D:15     | 24261 ||| Stepping ~*~*~tactically~*~*~ (hiding).
 24341 | D:15     | 24341 ||| INVOKING Heroism.
 24342 | D:15     | 24342 ||| SWAPPING to +2 war axe of flaming.
 24353 | D:15     | 24353 ||| SWAPPING to +5 broad axe "Cuenyot" {pain, rN+
                  | rCorr Dex+4}.
 24554 | D:15     | Identified the +0 kite shield of the Pirate {rC+ Dex+4}
                  | (Okawaru gifted it to you on level 15 of the Dungeon)
 24554 | D:15     | Received a gift from Okawaru
 24623 | D:15     | 24623 ||| Stepping ~*~*~tactically~*~*~ (hiding).
 24627 | D:15     | 24627 ||| INVOKING Heroism.
 24651 | D:15     | Reached XP level 16. HP: 81/101 MP: 23/23
 24819 | D:15     | 24819 ||| Stepping ~*~*~tactically~*~*~ (hiding).
 24823 | D:15     | 24823 ||| INVOKING Heroism.
 24843 | D:15     | 24843 ||| Stepping ~*~*~tactically~*~*~ (stealth).
 24896 | D:15     | Found a staircase to the Depths.
 25006 | D:15     | 25006 ||| PLANNING ORC
 25006 | D:15     | 25006 ||| DROPPING +0 kite shield of the Pirate {rC+
                  | Dex+4}.
 25115 | Orc:1    | Entered Level 1 of the Orcish Mines
 25159 | Orc:1    | Found Owkutz's Magic Scroll Shop.
 25167 | Orc:1    | 25167 ||| INVOKING Heroism.
 25168 | Orc:1    | 25168 ||| INVOKING Finesse.
 25220 | Orc:1    | Found Goafo's Jewellery Shop.
 25228 | Orc:1    | 25228 ||| INVOKING Heroism.
 25449 | Orc:1    | 25449 ||| BUYING 2 scrolls of teleportation (72 gold).
 25449 | Orc:1    | Bought 2 scrolls of teleportation for 72 gold pieces
 25449 | Orc:1    | 25449 ||| BUYING scroll of teleportation (36 gold).
 25449 | Orc:1    | Bought a scroll of teleportation for 36 gold pieces
 25481 | Orc:1    | 25481 ||| BUYING +4 ring of evasion (504 gold).
 25481 | Orc:1    | Bought a +4 ring of evasion for 504 gold pieces
 25481 | Orc:1    | 25481 ||| BUYING ring of protection from fire (350 gold).
 25481 | Orc:1    | Bought a ring of protection from fire for 350 gold pieces
 25665 | Orc:1    | 25665 ||| UPGRADING to +4 ring of evasion.
 25667 | Orc:1    | 25667 ||| DROPPING ring of fire.
 25668 | Orc:1    | 25668 ||| DROPPING +6 ring of strength.
 25675 | Orc:2    | Entered Level 2 of the Orcish Mines
 25706 | Orc:2    | 25706 ||| INVOKING Heroism.
 35992 | Orc:1    | Glimpsed the power of Zot.
 36074 | Orc:2    | Found a staircase to the Elven Halls.
 36143 | Orc:2    | 36143 ||| INVOKING Heroism.
 36243 | Orc:2    | 36243 ||| INVOKING Heroism.
 36313 | Orc:2    | 36313 ||| INVOKING Heroism.
 36319 | Orc:2    | Found Niacwoci's Assorted Antiques.
 36360 | Orc:2    | HP: 20/103 [orc knight/+2 bardiche of flaming (8)]
 36361 | Orc:2    | 36361 ||| READING 11 scrolls of teleportation.
 36362 | Orc:2    | 36362 ||| DRINKING 8 potions of heal wounds.
 36363 | Orc:2    | 36363 ||| DRINKING 7 potions of heal wounds.
 36365 | Orc:2    | 36365 ||| DRINKING 6 potions of heal wounds.
 36366 | Orc:2    | 36366 ||| INVOKING Heroism.
 36505 | Orc:2    | Glimpsed the power of Zot.
 36756 | Orc:2    | 36756 ||| INVOKING Heroism.
 36844 | Orc:2    | Found Gob Qaug's Magic Scroll Shop.
 36845 | Orc:2    | 36845 ||| Stepping ~*~*~tactically~*~*~ (hiding).
 36846 | Orc:2    | 36846 ||| Stepping ~*~*~tactically~*~*~ (hiding).
 36851 | Orc:2    | 36851 ||| INVOKING Heroism.
 36910 | Orc:2    | Glimpsed the power of Zot.
 36919 | Orc:2    | 36919 ||| BUYING 2 potions of curing (210 gold).
 36919 | Orc:2    | Bought 2 potions of curing for 210 gold pieces
 36919 | Orc:2    | 36919 ||| BUYING potion of haste (350 gold).
 36919 | Orc:2    | Bought a potion of haste for 350 gold pieces
 36919 | Orc:2    | 36919 ||| BUYING potion of might (140 gold).
 36919 | Orc:2    | Bought a potion of might for 140 gold pieces
 36919 | Orc:2    | 36919 ||| BUYING scroll labelled HUT OSMARRUZA (35 gold).
 36919 | Orc:2    | Bought a scroll labelled HUT OSMARRUZA for 35 gold pieces
 36919 | Orc:2    | 36919 ||| BUYING scroll of enchant weapon (262 gold).
 36919 | Orc:2    | Bought a scroll of enchant weapon for 262 gold pieces
 36922 | Orc:2    | 36922 ||| BUYING scroll of teleportation (45 gold).
 36922 | Orc:2    | Bought a scroll of teleportation for 45 gold pieces
 36922 | Orc:2    | 36922 ||| BUYING scroll of teleportation (45 gold).
 36922 | Orc:2    | Bought a scroll of teleportation for 45 gold pieces
 36922 | Orc:2    | Found Qatop's Magic Scroll Shop.
 36924 | Orc:2    | Found Nuumekh's Antique Weapon Shoppe.
 36930 | Orc:2    | 36930 ||| SHOPLISTING scroll of enchant weapon (127 gold,
                  | have 55).
 36930 | Orc:2    | 36930 ||| BUYING scroll of teleportation (51 gold).
 36930 | Orc:2    | Bought a scroll of teleportation for 51 gold pieces
 36963 | Orc:2    | 36963 ||| DROPPING scroll of amnesia.
 36981 | Orc:1    | Found Geisaen's Jewellery Boutique.
 36981 | Orc:1    | Found Kopug's Distillery.
 36982 | Orc:1    | 36982 ||| INVOKING Heroism.
 37015 | Orc:1    | You are sucked into a shaft and drop 1 floor!
 37015 | Orc:2    | Touched by the power of Zot.
 37016 | Orc:2    | Glimpsed the power of Zot.
 37045 | Orc:1    | 37045 ||| SHOPLISTING amulet of reflection (540 gold, have
                  | 84).
 37045 | Orc:1    | 37045 ||| SHOPLISTING ring of ice (450 gold, have 84).
 37055 | Orc:1    | 37055 ||| BUYING potion of curing (36 gold).
 37055 | Orc:1    | Bought a potion of curing for 36 gold pieces
 37055 | Orc:1    | 37055 ||| SHOPLISTING potion of heal wounds (60 gold, have
                  | 48).
 37055 | Orc:1    | 37055 ||| BUYING potion of lignification (36 gold).
 37055 | Orc:1    | Bought a potion of lignification for 36 gold pieces
 37055 | Orc:1    | 37055 ||| SHOPLISTING potion of might (48 gold, have 12).
 37055 | Orc:1    | 37055 ||| SHOPLISTING potion of mutation (96 gold, have
                  | 12).
 37134 | Orc:1    | 37134 ||| Stepping ~*~*~tactically~*~*~ (stealth).
 37136 | Orc:1    | 37136 ||| Stepping ~*~*~tactically~*~*~ (hiding).
 37138 | Orc:1    | 37138 ||| Stepping ~*~*~tactically~*~*~ (hiding).
 37150 | Orc:1    | Found Egulenacw's Assorted Antiques.
 37164 | Orc:1    | 37164 ||| SHOPLISTING potion of curing (102 gold, have 36).
 37164 | Orc:1    | 37164 ||| PLANNING SNAKE:1-3
 37305 | Snake:1  | Entered Level 1 of the Snake Pit
 37357 | Snake:1  | 37357 ||| Stepping ~*~*~tactically~*~*~ (hiding).
 37364 | Snake:1  | 37364 ||| INVOKING Heroism.
 37373 | Snake:1  | 37373 ||| Stepping ~*~*~tactically~*~*~ (hiding).
 37443 | Snake:1  | 37443 ||| Stepping ~*~*~tactically~*~*~ (stealth).
 37450 | Snake:1  | 37450 ||| Stepping ~*~*~tactically~*~*~ (stealth).
 37458 | Snake:1  | 37458 ||| INVOKING Heroism.
 37684 | Snake:1  | Found a frozen archway.
 37836 | Snake:1  | 37836 ||| DROPPING +6 ring of dexterity.
 37862 | Snake:2  | 37862 ||| STAIRDANCE
 37895 | Snake:2  | 37895 ||| Stepping ~*~*~tactically~*~*~ (hiding).
 37896 | Snake:2  | 37896 ||| Stepping ~*~*~tactically~*~*~ (hiding).
 37899 | Snake:2  | 37899 ||| INVOKING Heroism.
 37921 | Snake:2  | Reached skill level 12 in Armour
 37933 | Snake:2  | Received a gift from Okawaru
 38141 | Snake:2  | Found a runed translucent door.
 38148 | Snake:2  | Noticed qw's ghost (adept GrFi)
 38223 | Snake:2  | 38223 ||| Stepping ~*~*~tactically~*~*~ (hiding).
 38699 | Snake:3  | Found Ygronuru's Armour Boutique.
 38700 | Snake:3  | 38700 ||| INVOKING Heroism.
 38701 | Snake:3  | 38701 ||| STAIRDANCE
 38709 | Snake:2  | Reached skill level 6 in Throwing
 38805 | Snake:3  | 38805 ||| STAIRDANCE
 38806 | Snake:3  | 38806 ||| INVOKING Heroism.
 38816 | Snake:3  | 38816 ||| STAIRDANCE
 39090 | Snake:3  | 39090 ||| INVOKING Heroism.
 39104 | Snake:3  | Received a gift from Okawaru
 39132 | Snake:3  | HP: 20/88 [naga/+0 glaive (17)]
 39133 | Snake:3  | 39133 ||| READING 13 scrolls of teleportation.
 39134 | Snake:3  | 39134 ||| DRINKING 7 potions of heal wounds.
 39137 | Snake:3  | 39137 ||| DRINKING 6 potions of heal wounds.
 39138 | Snake:3  | 39138 ||| INVOKING Heroism.
 39155 | Snake:3  | HP: 21/88 [salamander/+1 trident (2)]
 39156 | Snake:3  | 39156 ||| Stepping ~*~*~tactically~*~*~ (hiding).
 39157 | Snake:3  | 39157 ||| READING 12 scrolls of teleportation.
 39158 | Snake:3  | 39158 ||| DRINKING 5 potions of heal wounds.
 39168 | Snake:3  | Received a gift from Okawaru
 39180 | Snake:3  | 39180 ||| FLEEEEING.
 39181 | Snake:3  | 39181 ||| FLEEEEING.
 39182 | Snake:3  | 39182 ||| FLEEEEING.
 39183 | Snake:3  | 39183 ||| STAIRDANCE
 39547 | Snake:3  | 39547 ||| INVOKING Heroism.
 39590 | Snake:3  | Reached XP level 17. HP: 76/92 MP: 24/24
 39653 | Snake:3  | 39653 ||| READING scroll of enchant armour.
 39653 | Snake:3  | 39653 ||| ENCHANTING +4 plate armour of fire resistance.
 39656 | Snake:3  | 39656 ||| SHOPLISTING +1 cloak "Boduatea" {-Tele +Inv rCorr
                  | Int+4} (518 gold, have 144).
 39678 | Snake:3  | 39678 ||| Stepping ~*~*~tactically~*~*~ (hiding).
 39704 | Snake:3  | 39704 ||| Stepping ~*~*~tactically~*~*~ (hiding).
 39706 | Snake:3  | 39706 ||| Stepping ~*~*~tactically~*~*~ (hiding).
 39787 | Snake:3  | 39787 ||| Stepping ~*~*~tactically~*~*~ (stealth).
 39835 | Snake:3  | 39835 ||| INVOKING Heroism.
 39865 | Snake:3  | Reached skill level 18 in Axes
 39942 | Snake:3  | 39942 ||| INVOKING Heroism.
 39944 | Snake:3  | 39944 ||| Stepping ~*~*~tactically~*~*~ (hiding).
 39958 | Snake:3  | Received a gift from Okawaru
 39972 | Snake:3  | 39972 ||| INVOKING Heroism.
 40084 | Snake:3  | Found a hazy altar of Hepliaklqana.
 40248 | Snake:3  | Found a runed translucent gate.
 40248 | Snake:3  | Found a runed translucent gate.
 40248 | Snake:3  | Found a runed translucent gate.
 40350 | Snake:3  | 40350 ||| PLANNING SWAMP:1-3
 40350 | Snake:3  | 40350 ||| DROPPING +2 chain mail of cold resistance.
 40351 | Snake:3  | 40351 ||| DROPPING amulet of faith.
 40460 | Swamp:1  | Entered Level 1 of the Swamp
 40478 | Swamp:1  | 40478 ||| INVOKING Heroism.
 40479 | Swamp:1  | Noticed Jorgrun
 40496 | Swamp:1  | Killed Jorgrun
 40703 | Swamp:1  | Received a gift from Okawaru
 40761 | Swamp:1  | 40761 ||| INVOKING Heroism.
 40891 | Swamp:1  | 40891 ||| READING scroll of enchant armour.
 40891 | Swamp:1  | 40891 ||| ENCHANTING +5 plate armour of fire resistance.
 41131 | Swamp:2  | 41131 ||| Stepping ~*~*~tactically~*~*~ (hiding).
 41133 | Swamp:2  | 41133 ||| INVOKING Heroism.
 41153 | Swamp:2  | 41153 ||| Stepping ~*~*~tactically~*~*~ (hiding).
 41189 | Swamp:2  | Identified the +0 cloak "Musups" {Will+ Int+2}
 41220 | Swamp:2  | 41220 ||| Stepping ~*~*~tactically~*~*~ (hiding).
 41221 | Swamp:2  | 41221 ||| INVOKING Heroism.
 41225 | Swamp:2  | 41225 ||| SWAPPING to +2 war axe of flaming.
 41233 | Swamp:2  | 41233 ||| SWAPPING to +5 broad axe "Cuenyot" {pain, rN+
                  | rCorr Dex+4}.
 41280 | Swamp:2  | 41280 ||| INVOKING Heroism.
 41462 | Swamp:2  | 41462 ||| Stepping ~*~*~tactically~*~*~ (stealth).
 41485 | Swamp:2  | 41485 ||| Stepping ~*~*~tactically~*~*~ (hiding).
 41633 | Swamp:2  | 41633 ||| INVOKING Heroism.
 41637 | Swamp:2  | 41637 ||| SWAPPING to +2 war axe of flaming.
 41640 | Swamp:2  | 41640 ||| SWAPPING to +5 broad axe "Cuenyot" {pain, rN+
                  | rCorr Dex+4}.
 41852 | Swamp:2  | 41852 ||| DROPPING +0 cloak "Musups" {Will+ Int+2}.
 41898 | Swamp:3  | 41898 ||| INVOKING Heroism.
 41899 | Swamp:3  | 41899 ||| SWAPPING to +2 war axe of flaming.
 41903 | Swamp:3  | 41903 ||| SWAPPING to +5 broad axe "Cuenyot" {pain, rN+
                  | rCorr Dex+4}.
 41913 | Swamp:3  | Identified the +1 robe of Enacodgh {Dex+3 SInv}
 41923 | Swamp:3  | 41923 ||| Stepping ~*~*~tactically~*~*~ (hiding).
 41924 | Swamp:3  | 41924 ||| Stepping ~*~*~tactically~*~*~ (hiding).
 41925 | Swamp:3  | 41925 ||| Stepping ~*~*~tactically~*~*~ (hiding).
 41927 | Swamp:3  | 41927 ||| Stepping ~*~*~tactically~*~*~ (hiding).
 42038 | Swamp:3  | Noticed Nikola
 42039 | Swamp:3  | 42039 ||| INVOKING Heroism.
 42040 | Swamp:3  | Noticed Louise
 42041 | Swamp:3  | 42041 ||| Stepping ~*~*~tactically~*~*~ (stealth).
 42043 | Swamp:3  | 42043 ||| Stepping ~*~*~tactically~*~*~ (stealth).
 42052 | Swamp:3  | 42052 ||| SWAPPING to +2 war axe of flaming.
 42059 | Swamp:3  | 42059 ||| SWAPPING to +5 broad axe "Cuenyot" {pain, rN+
                  | rCorr Dex+4}.
 42061 | Swamp:3  | Killed Nikola
 42075 | Swamp:3  | 42075 ||| INVOKING Heroism.
 42081 | Swamp:3  | Killed Louise
 42101 | Swamp:3  | Noticed Mlioglotl
 42102 | Swamp:3  | 42102 ||| Stepping ~*~*~tactically~*~*~ (stealth).
 42105 | Swamp:3  | 42105 ||| Stepping ~*~*~tactically~*~*~ (stealth).
 42115 | Swamp:3  | Killed Mlioglotl
 42126 | Swamp:3  | 42126 ||| Stepping ~*~*~tactically~*~*~ (stealth).
 42146 | Swamp:3  | 42146 ||| Stepping ~*~*~tactically~*~*~ (stealth).
 42147 | Swamp:3  | 42147 ||| INVOKING Heroism.
 42294 | Swamp:3  | 42294 ||| Stepping ~*~*~tactically~*~*~ (stealth).
 42405 | Swamp:3  | 42405 ||| INVOKING Heroism.
 42408 | Swamp:3  | Received a gift from Okawaru
 42462 | Swamp:3  | Noticed Mara
 42463 | Swamp:3  | Noticed qw's illusion
 42463 | Swamp:3  | 42463 ||| INVOKING Heroism.
 42481 | Swamp:3  | 42481 ||| Stepping ~*~*~tactically~*~*~ (hiding).
 42505 | Swamp:3  | 42505 ||| INVOKING Heroism.
 42506 | Swamp:3  | Noticed qw's illusion
 42510 | Swamp:3  | 42510 ||| Stepping ~*~*~tactically~*~*~ (hiding).
 42516 | Swamp:3  | Noticed qw's illusion
 42517 | Swamp:3  | Killed Mara
 42895 | Swamp:3  | 42895 ||| PLANNING SNAKE:4
 43037 | Snake:4  | Entered Level 4 of the Snake Pit
 43046 | Snake:4  | 43046 ||| INVOKING Heroism.
 43126 | Snake:4  | 43126 ||| INVOKING Heroism.
 43128 | Snake:4  | 43128 ||| Stepping ~*~*~tactically~*~*~ (hiding).
 43273 | Snake:4  | 43273 ||| INVOKING Heroism.
 43337 | Snake:4  | 43337 ||| Stepping ~*~*~tactically~*~*~ (stealth).
 43394 | Snake:4  | 43394 ||| INVOKING Heroism.
 43402 | Snake:4  | Received a gift from Okawaru
 43458 | Snake:4  | 43458 ||| INVOKING Heroism.
 43485 | Snake:4  | Received a gift from Okawaru
 43486 | Snake:4  | 43486 ||| INVOKING Heroism.
 43489 | Snake:4  | Reached XP level 18. HP: 62/101 MP: 22/25
 43489 | Snake:4  | 43489 ||| Stepping ~*~*~tactically~*~*~ (hiding).
 43502 | Snake:4  | 43502 ||| Stepping ~*~*~tactically~*~*~ (hiding).
 43641 | Snake:4  | 43641 ||| DROPPING +2 war axe of flaming.
 43646 | Snake:4  | 43646 ||| INVOKING Heroism.
 43658 | Snake:4  | 43658 ||| Stepping ~*~*~tactically~*~*~ (stealth).
 43669 | Snake:4  | 43669 ||| Stepping ~*~*~tactically~*~*~ (hiding).
 43682 | Snake:4  | Reached skill level 15 in Fighting
 43698 | Snake:4  | 43698 ||| Stepping ~*~*~tactically~*~*~ (stealth).
 43709 | Snake:4  | 43709 ||| Stepping ~*~*~tactically~*~*~ (hiding).
 43711 | Snake:4  | 43711 ||| Stepping ~*~*~tactically~*~*~ (hiding).
 43722 | Snake:4  | Noticed Vashnia
 43723 | Snake:4  | 43723 ||| Stepping ~*~*~tactically~*~*~ (hiding).
 43725 | Snake:4  | 43725 ||| Stepping ~*~*~tactically~*~*~ (hiding).
 43745 | Snake:4  | 43745 ||| INVOKING Heroism.
 43764 | Snake:4  | HP: 16/103 [Vashnia/arrow (16)]
 43765 | Snake:4  | 43765 ||| READING 13 scrolls of teleportation.
 43766 | Snake:4  | 43766 ||| DRINKING 4 potions of heal wounds.
 43767 | Snake:4  | Found Ulewele's Book Boutique.
 43767 | Snake:4  | Found Vilof's Magic Scroll Shop.
 44018 | Snake:4  | Found Yciez's Assorted Antiques.
 44030 | Snake:4  | 44030 ||| BUYING scroll of enchant weapon (82 gold).
 44030 | Snake:4  | Bought a scroll of enchant weapon for 82 gold pieces
 44030 | Snake:4  | 44030 ||| BUYING scroll of teleportation (33 gold).
 44030 | Snake:4  | Bought a scroll of teleportation for 33 gold pieces
 44035 | Snake:4  | 44035 ||| BUYING potion of curing (96 gold).
 44035 | Snake:4  | Bought a potion of curing for 96 gold pieces
 44035 | Snake:4  | 44035 ||| SHOPLISTING scroll of enchant armour (240 gold,
                  | have 214).
 44058 | Snake:4  | 44058 ||| Stepping ~*~*~tactically~*~*~ (stealth).
 44176 | Snake:4  | Found a gateway to a bazaar.
 44177 | Snake:4  | 44177 ||| PLANNING BAZAAR
 44183 | Bazaar   | Entered a bazaar
 44197 | Bazaar   | Found Iligyat's Antique Armour Emporium.
 44197 | Bazaar   | Found Naebbiok's Armour Shoppe.
 44208 | Bazaar   | 44208 ||| BUYING embroidered cloak (202 gold).
 44208 | Bazaar   | Bought an embroidered cloak for 202 gold pieces
 44232 | Bazaar   | Found Vigasem's Weapon Emporium.
 44232 | Bazaar   | Found Biukh's Assorted Antiques.
 44254 | Bazaar   | Found Quih's General Store.
 44282 | Bazaar   | 44282 ||| UPGRADING to +1 cloak of willpower.
 44295 | Snake:4  | 44295 ||| PLANNING SNAKE:4
 44516 | Snake:4  | 44516 ||| INVOKING Heroism.
 44562 | Snake:4  | HP: 11/103 [Vashnia/arrow (18)]
 44563 | Snake:4  | 44563 ||| READING 13 scrolls of teleportation.
 44564 | Snake:4  | 44564 ||| DRINKING 3 potions of heal wounds.
 44868 | Snake:4  | 44868 ||| INVOKING Heroism.
 44878 | Snake:4  | Identified the +0 robe "Jearaef" {-Tele Will+ Regen+ SInv}
                  | (Okawaru gifted it to you on level 4 of the Snake Pit)
 44878 | Snake:4  | Received a gift from Okawaru
 44888 | Snake:4  | Killed Vashnia
 44978 | Snake:4  | Got a serpentine rune of Zot
 44983 | Snake:4  | 44983 ||| PLANNING VAULTS:1-4
 45216 | Vaults:1 | Entered Level 1 of the Vaults
 45244 | Vaults:1 | 45244 ||| Stepping ~*~*~tactically~*~*~ (hiding).
 45252 | Vaults:1 | Noticed a lich
 45253 | Vaults:1 | 45253 ||| INVOKING Heroism.
 45254 | Vaults:1 | 45254 ||| INVOKING Finesse.
 45259 | Vaults:1 | Found Gozag's Assorted Antiques.
 45264 | Vaults:1 | Killed a lich
 45314 | Vaults:1 | 45314 ||| INVOKING Heroism.
 45337 | Vaults:1 | Reached skill level 15 in Shields
 45406 | Vaults:1 | 45406 ||| INVOKING Heroism.
 45415 | Vaults:1 | Found an opulent altar of Gozag.
 45415 | Vaults:1 | Found Gozag's Antique Armour Emporium.
 45534 | Vaults:1 | 45534 ||| SHOPLISTING glowing broad axe (700 gold, have
                  | 12).
 45534 | Vaults:1 | 45534 ||| SHOPLISTING scroll of teleportation (300 gold,
                  | have 12).
 45563 | Vaults:1 | Found Gozag's Antique Armour Shoppe.
 45564 | Vaults:1 | 45564 ||| READING 13 scrolls of teleportation.
 45580 | Vaults:1 | 45580 ||| INVOKING Heroism.
 45686 | Vaults:1 | 45686 ||| BUYING pair of embroidered boots (750 gold).
 45686 | Vaults:1 | Bought a pair of embroidered boots for 750 gold pieces
 45686 | Vaults:1 | 45686 ||| BUYING pair of runed gloves (750 gold).
 45686 | Vaults:1 | Bought a pair of runed gloves for 750 gold pieces
 45694 | Vaults:1 | 45694 ||| SHOPLISTING +15 Maxwell's patent armour {-Cast
                  | -Tele rElec Will+ rCorr} (10640 gold, have 587).
 45694 | Vaults:1 | 45694 ||| SHOPLISTING pair of jewelled gloves (950 gold,
                  | have 587).
 45721 | Vaults:1 | 45721 ||| INVOKING Heroism.
 45725 | Vaults:1 | 45725 ||| Stepping ~*~*~tactically~*~*~ (stealth).
 45732 | Vaults:1 | 45732 ||| Stepping ~*~*~tactically~*~*~ (stealth).
 45735 | Vaults:1 | 45735 ||| Stepping ~*~*~tactically~*~*~ (stealth).
 45744 | Vaults:1 | Reached skill level 9 in Throwing
 45785 | Vaults:1 | Received a gift from Okawaru
 45788 | Vaults:1 | 45788 ||| INVOKING Heroism.
 46052 | Vaults:1 | 46052 ||| INVOKING Heroism.
 46066 | Vaults:1 | Received a gift from Okawaru
 46100 | Vaults:1 | 46100 ||| Stepping ~*~*~tactically~*~*~ (hiding).
 46181 | Vaults:1 | 46181 ||| INVOKING Heroism.
 46329 | Vaults:1 | 46329 ||| Stepping ~*~*~tactically~*~*~ (hiding).
 46337 | Vaults:1 | 46337 ||| INVOKING Heroism.
 46349 | Vaults:1 | Reached XP level 19. HP: 80/109 MP: 24/26
 46368 | Vaults:1 | 46368 ||| Stepping ~*~*~tactically~*~*~ (hiding).
 46671 | Vaults:1 | 46671 ||| INVOKING Heroism.
 46687 | Vaults:1 | 46687 ||| INVOKING Heroism.
 46696 | Vaults:1 | Noticed Zenata
 46697 | Vaults:1 | 46697 ||| INVOKING Finesse.
 46724 | Vaults:1 | Reached skill level 15 in Armour
 46744 | Vaults:1 | Killed Zenata
 46958 | Vaults:1 | 46958 ||| SWAPPING to +6 vampiric war axe.
 46959 | Vaults:1 | 46959 ||| READING 3 scrolls of enchant weapon.
 46959 | Vaults:1 | 46959 ||| ENCHANTING +6 vampiric war axe.
 46960 | Vaults:1 | 46960 ||| READING 2 scrolls of enchant weapon.
 46960 | Vaults:1 | 46960 ||| ENCHANTING +7 vampiric war axe.
 46961 | Vaults:1 | 46961 ||| READING scroll of enchant weapon.
 46961 | Vaults:1 | 46961 ||| ENCHANTING +8 vampiric war axe.
 47026 | Vaults:1 | 47026 ||| INVOKING Heroism.
 47062 | Vaults:1 | 47062 ||| INVOKING Heroism.
 47076 | Vaults:1 | Received a gift from Okawaru
 47264 | Vaults:1 | 47264 ||| Stepping ~*~*~tactically~*~*~ (hiding).
 47265 | Vaults:1 | 47265 ||| Stepping ~*~*~tactically~*~*~ (hiding).
 47288 | Vaults:1 | 47288 ||| Stepping ~*~*~tactically~*~*~ (stealth).
 47290 | Vaults:1 | 47290 ||| Stepping ~*~*~tactically~*~*~ (stealth).
 47291 | Vaults:1 | 47291 ||| Stepping ~*~*~tactically~*~*~ (stealth).
 47311 | Vaults:1 | 47311 ||| INVOKING Heroism.
 47381 | Vaults:1 | 47381 ||| Stepping ~*~*~tactically~*~*~ (stealth).
 47383 | Vaults:1 | 47383 ||| INVOKING Heroism.
 47384 | Vaults:1 | 47384 ||| Stepping ~*~*~tactically~*~*~ (hiding).
 47409 | Vaults:1 | 47409 ||| Stepping ~*~*~tactically~*~*~ (stealth).
 47497 | Vaults:1 | 47497 ||| DROPPING +2 pair of boots.
 47498 | Vaults:1 | 47498 ||| UPGRADING to +2 pair of gloves.
 47508 | Vaults:1 | 47508 ||| DROPPING +1 pair of gloves of stealth.
 47509 | Vaults:1 | 47509 ||| DROPPING amulet of magic regeneration.
 47547 | Vaults:2 | Noticed Saint Roka
 47548 | Vaults:2 | 47548 ||| INVOKING Heroism.
 47549 | Vaults:2 | 47549 ||| INVOKING Finesse.
 47570 | Vaults:2 | Killed Saint Roka
 47648 | Vaults:2 | 47648 ||| Stepping ~*~*~tactically~*~*~ (hiding).
 47650 | Vaults:2 | 47650 ||| Stepping ~*~*~tactically~*~*~ (hiding).
 47765 | Vaults:2 | 47765 ||| INVOKING Heroism.
 47767 | Vaults:2 | Received a gift from Okawaru
 47790 | Vaults:2 | 47790 ||| Stepping ~*~*~tactically~*~*~ (stealth).
 47803 | Vaults:2 | 47803 ||| Stepping ~*~*~tactically~*~*~ (stealth).
 47804 | Vaults:2 | 47804 ||| Stepping ~*~*~tactically~*~*~ (stealth).
 47832 | Vaults:2 | 47832 ||| Stepping ~*~*~tactically~*~*~ (stealth).
 47834 | Vaults:2 | 47834 ||| Stepping ~*~*~tactically~*~*~ (hiding).
 47844 | Vaults:2 | 47844 ||| INVOKING Heroism.
 47927 | Vaults:2 | 47927 ||| Stepping ~*~*~tactically~*~*~ (hiding).
 47933 | Vaults:2 | Identified the +8 war axe of Nifac {flame, rPois rF- Str+9
                  | SInv} (Okawaru gifted it to you on level 2 of the Vaults)
 47933 | Vaults:2 | Received a gift from Okawaru
 47970 | Vaults:2 | 47970 ||| Stepping ~*~*~tactically~*~*~ (stealth).
 47972 | Vaults:2 | 47972 ||| Stepping ~*~*~tactically~*~*~ (stealth).
 47979 | Vaults:2 | 47979 ||| Stepping ~*~*~tactically~*~*~ (stealth).
 47981 | Vaults:2 | 47981 ||| Stepping ~*~*~tactically~*~*~ (stealth).
 47983 | Vaults:2 | 47983 ||| INVOKING Heroism.
 47999 | Vaults:2 | 47999 ||| SWAPPING to +8 war axe of Nifac {flame, rPois rF-
                  | Str+9 SInv}.
 48034 | Vaults:2 | 48034 ||| Stepping ~*~*~tactically~*~*~ (hiding).
 48035 | Vaults:2 | 48035 ||| Stepping ~*~*~tactically~*~*~ (hiding).
 48037 | Vaults:2 | 48037 ||| Stepping ~*~*~tactically~*~*~ (hiding).
 48041 | Vaults:2 | 48041 ||| INVOKING Heroism.
 48279 | Vaults:2 | 48279 ||| INVOKING Heroism.
 48706 | Vaults:2 | 48706 ||| Stepping ~*~*~tactically~*~*~ (stealth).
 48727 | Vaults:2 | 48727 ||| INVOKING Heroism.
 48916 | Vaults:2 | 48916 ||| Stepping ~*~*~tactically~*~*~ (stealth).
 48917 | Vaults:2 | 48917 ||| Stepping ~*~*~tactically~*~*~ (stealth).
 48927 | Vaults:2 | 48927 ||| Stepping ~*~*~tactically~*~*~ (stealth).
 48929 | Vaults:2 | 48929 ||| Stepping ~*~*~tactically~*~*~ (stealth).
 48931 | Vaults:2 | 48931 ||| Stepping ~*~*~tactically~*~*~ (stealth).
 48933 | Vaults:2 | 48933 ||| Stepping ~*~*~tactically~*~*~ (stealth).
 48944 | Vaults:2 | Reached XP level 20. HP: 118/118 MP: 27/27
 48956 | Vaults:2 | 48956 ||| Stepping ~*~*~tactically~*~*~ (stealth).
 48958 | Vaults:2 | 48958 ||| Stepping ~*~*~tactically~*~*~ (hiding).
 48980 | Vaults:2 | 48980 ||| Stepping ~*~*~tactically~*~*~ (stealth).
 49087 | Vaults:2 | 49087 ||| INVOKING Heroism.
 49194 | Vaults:2 | 49194 ||| INVOKING Heroism.
 49201 | Vaults:2 | Reached skill level 18 in Fighting
 49457 | Vaults:2 | 49457 ||| DROPPING +6 ring of intelligence.
 49458 | Vaults:2 | 49458 ||| DROPPING ring of wizardry.
 49515 | Vaults:3 | Identified the +1 pair of boots "Tutraihei" {Str+5 Dex+3}
                  | (Okawaru gifted it to you on level 3 of the Vaults)
 49515 | Vaults:3 | Received a gift from Okawaru
 49616 | Vaults:3 | 49616 ||| INVOKING Finesse.
 49906 | Vaults:3 | 49906 ||| UPGRADING to +1 pair of boots "Tutraihei" {Str+5
                  | Dex+3}.
 49981 | Vaults:3 | 49981 ||| DROPPING +2 pair of boots.
 49984 | Vaults:3 | 49984 ||| READING scroll of enchant armour.
 49984 | Vaults:3 | 49984 ||| ENCHANTING +6 plate armour of fire resistance.
 50000 | Vaults:3 | Identified the +5 halberd "Hydrabane" {holy, Dex+2}
 50014 | Vaults:3 | 50014 ||| Stepping ~*~*~tactically~*~*~ (hiding).
 50024 | Vaults:3 | 50024 ||| INVOKING Heroism.
 50098 | Vaults:3 | 50098 ||| INVOKING Finesse.
 50149 | Vaults:3 | 50149 ||| Stepping ~*~*~tactically~*~*~ (stealth).
 50238 | Vaults:3 | 50238 ||| Stepping ~*~*~tactically~*~*~ (stealth).
 50554 | Vaults:3 | Found a staircase to the Crypt.
 50716 | Vaults:4 | 50716 ||| INVOKING Heroism.
 50738 | Vaults:4 | Reached skill level 9 in Dodging
 50859 | Vaults:4 | 50859 ||| INVOKING Heroism.
 50864 | Vaults:4 | 50864 ||| Stepping ~*~*~tactically~*~*~ (hiding).
 51002 | Vaults:4 | Identified the +1 robe of Incorporation {Fly rC+ Dex+4}
 51054 | Vaults:4 | 51054 ||| Stepping ~*~*~tactically~*~*~ (hiding).
 51178 | Vaults:4 | 51178 ||| INVOKING Heroism.
 51224 | Vaults:4 | Found Ahov's Jewellery Emporium.
 51244 | Vaults:4 | 51244 ||| INVOKING Heroism.
 51471 | Vaults:4 | 51471 ||| BUYING ring "Semuc" {rF+ Str+6} (758 gold).
 51471 | Vaults:4 | Bought the ring "Semuc" {rF+ Str+6} for 758 gold pieces
 51471 | Vaults:4 | 51471 ||| SHOPLISTING ring of ice (425 gold, have 245).
 51485 | Vaults:4 | 51485 ||| INVOKING Heroism.
 51551 | Vaults:4 | 51551 ||| INVOKING Heroism.
 51572 | Vaults:4 | Received a gift from Okawaru
 51643 | Vaults:4 | 51643 ||| INVOKING Heroism.
 51695 | Vaults:4 | Received a gift from Okawaru
 51700 | Vaults:4 | 51700 ||| INVOKING Finesse.
 51715 | Vaults:4 | 51715 ||| INVOKING Heroism.
 51725 | Vaults:4 | Received a gift from Okawaru
 51735 | Vaults:4 | Reached XP level 21. HP: 96/128 MP: 23/28
 52175 | Vaults:4 | 52175 ||| Stepping ~*~*~tactically~*~*~ (hiding).
 52176 | Vaults:4 | 52176 ||| Stepping ~*~*~tactically~*~*~ (hiding).
 52229 | Vaults:4 | 52229 ||| PLANNING SWAMP:4
 52229 | Vaults:4 | 52229 ||| DROPPING +0 pair of boots of rampaging.
 52230 | Vaults:4 | 52230 ||| DROPPING ring of protection from fire.
 52633 | Swamp:4  | Entered Level 4 of the Swamp
 52641 | Swamp:4  | 52641 ||| Stepping ~*~*~tactically~*~*~ (hiding).
 52654 | Swamp:4  | 52654 ||| Stepping ~*~*~tactically~*~*~ (stealth).
 52656 | Swamp:4  | 52656 ||| Stepping ~*~*~tactically~*~*~ (hiding).
 52893 | Swamp:4  | 52893 ||| INVOKING Heroism.
 53117 | Swamp:4  | 53117 ||| INVOKING Heroism.
 53118 | Swamp:4  | 53118 ||| INVOKING Finesse.
 53193 | Swamp:4  | 53193 ||| INVOKING Heroism.
 53205 | Swamp:4  | Identified the +7 great sword "Dygeus" {vorpal, *Slow rN++
                  | Dex+2}
 53276 | Swamp:4  | 53276 ||| Stepping ~*~*~tactically~*~*~ (hiding).
 53278 | Swamp:4  | 53278 ||| Stepping ~*~*~tactically~*~*~ (hiding).
 53279 | Swamp:4  | 53279 ||| Stepping ~*~*~tactically~*~*~ (hiding).
 53280 | Swamp:4  | 53280 ||| Stepping ~*~*~tactically~*~*~ (hiding).
 53283 | Swamp:4  | 53283 ||| INVOKING Heroism.
 53285 | Swamp:4  | 53285 ||| Stepping ~*~*~tactically~*~*~ (hiding).
 53378 | Swamp:4  | 53378 ||| Stepping ~*~*~tactically~*~*~ (stealth).
 53379 | Swamp:4  | 53379 ||| Stepping ~*~*~tactically~*~*~ (stealth).
 53395 | Swamp:4  | 53395 ||| INVOKING Heroism.
 53396 | Swamp:4  | 53396 ||| Stepping ~*~*~tactically~*~*~ (stealth).
 53400 | Swamp:4  | 53400 ||| Stepping ~*~*~tactically~*~*~ (stealth).
 53408 | Swamp:4  | 53408 ||| Stepping ~*~*~tactically~*~*~ (stealth).
 53463 | Swamp:4  | 53463 ||| Stepping ~*~*~tactically~*~*~ (hiding).
 53525 | Swamp:4  | 53525 ||| Stepping ~*~*~tactically~*~*~ (stealth).
 53532 | Swamp:4  | 53532 ||| INVOKING Heroism.
 53547 | Swamp:4  | 53547 ||| Stepping ~*~*~tactically~*~*~ (hiding).
 53548 | Swamp:4  | 53548 ||| Stepping ~*~*~tactically~*~*~ (hiding).
 53617 | Swamp:4  | Got a decaying rune of Zot
 53665 | Swamp:4  | 53665 ||| Stepping ~*~*~tactically~*~*~ (stealth).
 53800 | Swamp:4  | 53800 ||| Stepping ~*~*~tactically~*~*~ (hiding).
 53802 | Swamp:4  | 53802 ||| Stepping ~*~*~tactically~*~*~ (hiding).
 53954 | Swamp:4  | 53954 ||| PLANNING DEPTHS
 54202 | Depths:1 | Entered Level 1 of the Depths
 54203 | Depths:1 | 54203 ||| INVOKING Heroism.
 54234 | Depths:1 | Found a sacrificial altar of Ru.
 54257 | Depths:1 | 54257 ||| INVOKING Finesse.
 54263 | Depths:1 | Reached skill level 18 in Armour
 54272 | Depths:1 | 54272 ||| INVOKING Heroism.
 54294 | Depths:1 | 54294 ||| INVOKING Finesse.
 54301 | Depths:1 | Noticed a golden dragon
 54317 | Depths:1 | Killed a golden dragon
 54317 | Depths:1 | Identified the +1 helmet of Pragmatism {Dex+6} (Okawaru
                  | gifted it to you on level 1 of the Depths)
 54317 | Depths:1 | Received a gift from Okawaru
 54462 | Depths:1 | Found Sodyol's Superior Scales.
 54472 | Depths:1 | 54472 ||| SHOPLISTING +5 scale mail "Itoan" {rCorr Dex+3}
                  | (814 gold, have 495).
 54538 | Depths:1 | 54538 ||| INVOKING Finesse.
 54543 | Depths:1 | 54543 ||| INVOKING Heroism.
 54661 | Depths:1 | 54661 ||| Stepping ~*~*~tactically~*~*~ (hiding).
 54668 | Depths:1 | 54668 ||| Stepping ~*~*~tactically~*~*~ (hiding).
 54686 | Depths:1 | 54686 ||| INVOKING Heroism.
 54691 | Depths:1 | Found a gateway to Hell.
 54937 | Depths:1 | 54937 ||| Stepping ~*~*~tactically~*~*~ (hiding).
 54940 | Depths:1 | 54940 ||| INVOKING Heroism.
 54941 | Depths:1 | 54941 ||| INVOKING Finesse.
 54955 | Depths:1 | 54955 ||| Stepping ~*~*~tactically~*~*~ (stealth).
 54998 | Depths:1 | Found Tucudgh's Distillery.
 55002 | Depths:1 | Found Yssory's Distillery.
 55002 | Depths:1 | Found Soetsih's Antique Weapon Shoppe.
 55005 | Depths:1 | Found Etauda's Book Emporium.
 55007 | Depths:1 | 55007 ||| BUYING potion of cancellation (120 gold).
 55007 | Depths:1 | Bought a potion of cancellation for 120 gold pieces
 55007 | Depths:1 | 55007 ||| BUYING potion of curing (45 gold).
 55007 | Depths:1 | Bought a potion of curing for 45 gold pieces
 55007 | Depths:1 | 55007 ||| BUYING potion of heal wounds (75 gold).
 55007 | Depths:1 | Bought a potion of heal wounds for 75 gold pieces
 55007 | Depths:1 | 55007 ||| BUYING potion of lignification (45 gold).
 55007 | Depths:1 | Bought a potion of lignification for 45 gold pieces
 55007 | Depths:1 | 55007 ||| BUYING potion of magic (120 gold).
 55007 | Depths:1 | Bought a potion of magic for 120 gold pieces
 55007 | Depths:1 | 55007 ||| BUYING potion of might (60 gold).
 55007 | Depths:1 | Bought a potion of might for 60 gold pieces
 55024 | Depths:1 | 55024 ||| SHOPLISTING 2 potions of lignification (96 gold,
                  | have 53).
 55024 | Depths:1 | 55024 ||| BUYING potion of curing (48 gold).
 55024 | Depths:1 | Bought a potion of curing for 48 gold pieces
 55024 | Depths:1 | 55024 ||| SHOPLISTING potion of haste (160 gold, have 5).
 55024 | Depths:1 | 55024 ||| SHOPLISTING potion of resistance (160 gold, have
                  | 5).
 55122 | Depths:1 | 55122 ||| INVOKING Heroism.
 55128 | Depths:1 | Reached XP level 22. HP: 130/136 MP: 27/29
 55185 | Depths:1 | Identified the +7 great sword of Glory {flame, rPois Str-2
                  | Int+2 Stlth+}
 55227 | Depths:1 | Found a one-way gate to the infinite horrors of the Abyss.
 55228 | Depths:1 | 55228 ||| INVOKING Heroism.
 55527 | Depths:2 | 55527 ||| INVOKING Heroism.
 55528 | Depths:2 | 55528 ||| INVOKING Finesse.
 55620 | Depths:2 | 55620 ||| Stepping ~*~*~tactically~*~*~ (hiding).
 55621 | Depths:2 | 55621 ||| Stepping ~*~*~tactically~*~*~ (hiding).
 55622 | Depths:2 | 55622 ||| Stepping ~*~*~tactically~*~*~ (hiding).
 55812 | Depths:2 | 55812 ||| READING scroll of enchant armour.
 55812 | Depths:2 | 55812 ||| ENCHANTING +7 plate armour of fire resistance.
 55864 | Depths:2 | 55864 ||| FLEEEEING.
 55865 | Depths:2 | 55865 ||| FLEEEEING.
 55866 | Depths:2 | 55866 ||| FLEEEEING.
 55867 | Depths:2 | 55867 ||| FLEEEEING.
 55868 | Depths:2 | 55868 ||| FLEEEEING.
 55869 | Depths:2 | 55869 ||| FLEEEEING.
 55877 | Depths:2 | 55877 ||| INVOKING Heroism.
 55884 | Depths:2 | Received a gift from Okawaru
 55891 | Depths:2 | 55891 ||| INVOKING Finesse.
 55924 | Depths:2 | Received a gift from Okawaru
 55933 | Depths:2 | Reached skill level 21 in Fighting
 55963 | Depths:2 | Received a gift from Okawaru
 56045 | Depths:2 | 56045 ||| Stepping ~*~*~tactically~*~*~ (hiding).
 56046 | Depths:2 | 56046 ||| Stepping ~*~*~tactically~*~*~ (hiding).
 56047 | Depths:2 | 56047 ||| INVOKING Heroism.
 56048 | Depths:2 | 56048 ||| INVOKING Finesse.
 56131 | Depths:2 | 56131 ||| Stepping ~*~*~tactically~*~*~ (stealth).
 56135 | Depths:2 | 56135 ||| INVOKING Heroism.
 56139 | Depths:2 | 56139 ||| Stepping ~*~*~tactically~*~*~ (hiding).
 56142 | Depths:2 | 56142 ||| Stepping ~*~*~tactically~*~*~ (hiding).
 56159 | Depths:2 | Paralysed by a floating eye for 3 turns
 56188 | Depths:2 | 56188 ||| Stepping ~*~*~tactically~*~*~ (stealth).
 56315 | Depths:2 | 56315 ||| Stepping ~*~*~tactically~*~*~ (stealth).
 56316 | Depths:2 | 56316 ||| INVOKING Heroism.
 56317 | Depths:2 | 56317 ||| INVOKING Finesse.
 56489 | Depths:2 | 56489 ||| Stepping ~*~*~tactically~*~*~ (stealth).
 56494 | Depths:2 | 56494 ||| Stepping ~*~*~tactically~*~*~ (hiding).
 56542 | Depths:2 | 56542 ||| Stepping ~*~*~tactically~*~*~ (stealth).
 56567 | Depths:2 | Received a gift from Okawaru
 56581 | Depths:2 | 56581 ||| READING scroll of enchant armour.
 56581 | Depths:2 | 56581 ||| ENCHANTING +8 plate armour of fire resistance.
 56637 | Depths:2 | 56637 ||| Stepping ~*~*~tactically~*~*~ (stealth).
 56646 | Depths:2 | Reached skill level 18 in Shields
 56648 | Depths:2 | 56648 ||| INVOKING Heroism.
 56708 | Depths:2 | 56708 ||| FLEEEEING.
 56889 | Depths:2 | Found a one-way gate leading to the halls of Pandemonium.
 57115 | Depths:3 | 57115 ||| Stepping ~*~*~tactically~*~*~ (stealth).
 57116 | Depths:3 | 57116 ||| INVOKING Heroism.
 57117 | Depths:3 | 57117 ||| INVOKING Finesse.
 57142 | Depths:3 | Received a gift from Okawaru
 57180 | Depths:3 | Reached skill level 12 in Throwing
 57225 | Depths:3 | Identified the +7 trident of Valiance {antimagic, *Rage
                  | rElec Stlth+}
 57344 | Depths:3 | 57344 ||| INVOKING Heroism.
 57347 | Depths:3 | Received a gift from Okawaru
 57445 | Depths:3 | 57445 ||| INVOKING Heroism.
 57448 | Depths:3 | 57448 ||| INVOKING Finesse.
 57485 | Depths:3 | Reached XP level 23. HP: 123/145 MP: 25/30
 57516 | Depths:3 | Received a gift from Okawaru
 57637 | Depths:3 | 57637 ||| INVOKING Heroism.
 57657 | Depths:3 | Found a one-way gateway to a ziggurat.
 57900 | Depths:3 | 57900 ||| Stepping ~*~*~tactically~*~*~ (stealth).
 57904 | Depths:3 | 57904 ||| Stepping ~*~*~tactically~*~*~ (hiding).
 57918 | Depths:3 | 57918 ||| INVOKING Heroism.
 57921 | Depths:3 | 57921 ||| Stepping ~*~*~tactically~*~*~ (hiding).
 58002 | Depths:3 | Noticed a juggernaut
 58003 | Depths:3 | 58003 ||| INVOKING Heroism.
 58004 | Depths:3 | 58004 ||| INVOKING Finesse.
 58013 | Depths:3 | Killed a juggernaut
 58112 | Depths:3 | 58112 ||| DROPPING +2 antimagic broad axe.
 58139 | Depths:3 | 58139 ||| INVOKING Finesse.
 58140 | Depths:3 | 58140 ||| INVOKING Finesse.
 58157 | Depths:3 | 58157 ||| INVOKING Heroism.
 58195 | Depths:3 | 58195 ||| INVOKING Finesse.
 58295 | Depths:3 | Noticed a juggernaut
 58296 | Depths:3 | 58296 ||| INVOKING Heroism.
 58297 | Depths:3 | 58297 ||| INVOKING Finesse.
 58309 | Depths:3 | Killed a juggernaut
 58477 | Depths:3 | 58477 ||| Stepping ~*~*~tactically~*~*~ (hiding).
 58483 | Depths:3 | 58483 ||| INVOKING Heroism.
 58484 | Depths:3 | 58484 ||| INVOKING Finesse.
 58486 | Depths:3 | Received a gift from Okawaru
 58492 | Depths:3 | 58492 ||| Stepping ~*~*~tactically~*~*~ (stealth).
 58572 | Depths:4 | Entered Level 4 of the Depths
 58573 | Depths:4 | 58573 ||| INVOKING Heroism.
 58574 | Depths:4 | 58574 ||| INVOKING Finesse.
 58611 | Depths:4 | Received a gift from Okawaru
 58786 | Depths:4 | Received a gift from Okawaru
 58793 | Depths:4 | 58793 ||| Stepping ~*~*~tactically~*~*~ (hiding).
 58803 | Depths:4 | 58803 ||| INVOKING Heroism.
 58882 | Depths:4 | 58882 ||| INVOKING Heroism.
 59074 | Depths:4 | 59074 ||| READING scroll of acquirement.
 59074 | Depths:4 | 59074 ||| ACQUIRING +1 cloak of Starlight {*Dazzle EV+4
                  | Stlth--}
 59074 | Depths:4 | Acquired the +1 cloak of Starlight {*Dazzle EV+4 Stlth--}
 59074 | Depths:4 | Found the +1 cloak of Starlight {*Dazzle EV+4 Stlth--}
 59076 | Depths:4 | 59076 ||| DROPPING +2 cloak of preservation.
 59272 | Depths:4 | 59272 ||| INVOKING Heroism.
 59289 | Depths:4 | Noticed a golden dragon
 59290 | Depths:4 | 59290 ||| INVOKING Finesse.
 59293 | Depths:4 | 59293 ||| Stepping ~*~*~tactically~*~*~ (hiding).
 59306 | Depths:4 | Killed a golden dragon
 59347 | Depths:4 | Found a gate to the Realm of Zot.
 59377 | Depths:4 | 59377 ||| PLANNING VAULTS:5
 59377 | Depths:4 | 59377 ||| UPGRADING to +1 cloak of Starlight {*Dazzle EV+4
                  | Stlth--}.
 59387 | Depths:4 | 59387 ||| DROPPING +1 cloak of willpower.
 59721 | Vaults:5 | Entered Level 5 of the Vaults
 59722 | Vaults:5 | 59722 ||| INVOKING Heroism.
 59723 | Vaults:5 | 59723 ||| STAIRDANCE
 59815 | Vaults:5 | 59815 ||| STAIRDANCE
 59817 | Vaults:4 | 59817 ||| INVOKING Heroism.
 59823 | Vaults:4 | Reached skill level 12 in Dodging
 59837 | Vaults:5 | 59837 ||| STAIRDANCE
 59852 | Vaults:5 | 59852 ||| INVOKING Finesse.
 59855 | Vaults:5 | 59855 ||| INVOKING Heroism.
 59863 | Vaults:5 | 59863 ||| STAIRDANCE
 59922 | Vaults:5 | 59922 ||| INVOKING Heroism.
 59937 | Vaults:5 | 59937 ||| STAIRDANCE
 59956 | Vaults:5 | 59956 ||| STAIRDANCE
 59967 | Vaults:5 | 59967 ||| STAIRDANCE
 59978 | Vaults:5 | 59978 ||| STAIRDANCE
 59994 | Vaults:5 | 59994 ||| INVOKING Heroism.
 60010 | Vaults:5 | Reached XP level 24. HP: 111/153 MP: 30/30
 60011 | Vaults:5 | 60011 ||| Stepping ~*~*~tactically~*~*~ (hiding).
 60029 | Vaults:5 | 60029 ||| INVOKING Heroism.
 60057 | Vaults:5 | 60057 ||| FLEEEEING.
 60058 | Vaults:5 | 60058 ||| FLEEEEING.
 60059 | Vaults:5 | 60059 ||| FLEEEEING.
 60060 | Vaults:5 | 60060 ||| FLEEEEING.
 60061 | Vaults:5 | 60061 ||| STAIRDANCE
 60324 | Vaults:5 | 60324 ||| INVOKING Heroism.
 60336 | Vaults:5 | Received a gift from Okawaru
 60359 | Vaults:5 | Received a gift from Okawaru
 60364 | Vaults:5 | 60364 ||| INVOKING Finesse.
 60374 | Vaults:5 | HP: 21/155 [titan (26)]
 60375 | Vaults:5 | 60375 ||| READING 18 scrolls of teleportation.
 60376 | Vaults:5 | 60376 ||| DRINKING 6 potions of heal wounds.
 60377 | Vaults:5 | 60377 ||| DRINKING 5 potions of heal wounds.
 60382 | Vaults:5 | Received a gift from Okawaru
 60404 | Vaults:5 | 60404 ||| INVOKING Heroism.
 60440 | Vaults:5 | 60440 ||| INVOKING Finesse.
 60448 | Vaults:5 | Received a gift from Okawaru
 60474 | Vaults:5 | 60474 ||| INVOKING Heroism.
 60487 | Vaults:5 | Reached skill level 21 in Armour
 60714 | Vaults:5 | 60714 ||| Stepping ~*~*~tactically~*~*~ (stealth).
 60730 | Vaults:5 | 60730 ||| Stepping ~*~*~tactically~*~*~ (stealth).
 60732 | Vaults:5 | 60732 ||| Stepping ~*~*~tactically~*~*~ (stealth).
 60814 | Vaults:5 | 60814 ||| INVOKING Heroism.
 60902 | Vaults:5 | Found Xoheig's Book Boutique.
 60920 | Vaults:5 | Identified the +10 war axe of the Solemn God {flame, Dex+3}
 60953 | Vaults:5 | 60953 ||| Stepping ~*~*~tactically~*~*~ (stealth).
 60954 | Vaults:5 | 60954 ||| Stepping ~*~*~tactically~*~*~ (stealth).
 61005 | Vaults:5 | 61005 ||| Stepping ~*~*~tactically~*~*~ (hiding).
 61102 | Vaults:5 | 61102 ||| Stepping ~*~*~tactically~*~*~ (stealth).
 61128 | Vaults:5 | 61128 ||| Stepping ~*~*~tactically~*~*~ (stealth).
 61167 | Vaults:5 | Found Juney's Book Shoppe.
 61171 | Vaults:5 | Found Lutynt's Distillery.
 61188 | Vaults:5 | 61188 ||| BUYING 2 potions of curing (108 gold).
 61188 | Vaults:5 | Bought 2 potions of curing for 108 gold pieces
 61188 | Vaults:5 | 61188 ||| BUYING 2 potions of lignification (108 gold).
 61188 | Vaults:5 | Bought 2 potions of lignification for 108 gold pieces
 61188 | Vaults:5 | 61188 ||| BUYING potion of curing (54 gold).
 61188 | Vaults:5 | Bought a potion of curing for 54 gold pieces
 61188 | Vaults:5 | 61188 ||| BUYING potion of curing (54 gold).
 61188 | Vaults:5 | Bought a potion of curing for 54 gold pieces
 61188 | Vaults:5 | 61188 ||| BUYING potion of curing (54 gold).
 61188 | Vaults:5 | Bought a potion of curing for 54 gold pieces
 61188 | Vaults:5 | 61188 ||| BUYING potion of heal wounds (90 gold).
 61188 | Vaults:5 | Bought a potion of heal wounds for 90 gold pieces
 61227 | Vaults:5 | Found Citz's Magic Scroll Emporium.
 61231 | Vaults:5 | Found Ytet's Jewellery Shop.
 61247 | Vaults:5 | 61247 ||| BUYING scroll of teleportation (42 gold).
 61247 | Vaults:5 | Bought a scroll of teleportation for 42 gold pieces
 61488 | Vaults:5 | 61488 ||| Stepping ~*~*~tactically~*~*~ (hiding).
 61599 | Vaults:5 | Got a silver rune of Zot
 61613 | Vaults:5 | Found Wiam's Distillery.
 61614 | Vaults:5 | 61614 ||| INVOKING Heroism.
 61629 | Vaults:5 | 61629 ||| Stepping ~*~*~tactically~*~*~ (hiding).
 61643 | Vaults:5 | 61643 ||| BUYING potion of curing (42 gold).
 61643 | Vaults:5 | Bought a potion of curing for 42 gold pieces
 61643 | Vaults:5 | 61643 ||| BUYING potion of curing (42 gold).
 61643 | Vaults:5 | Bought a potion of curing for 42 gold pieces
 61643 | Vaults:5 | 61643 ||| BUYING potion of haste (140 gold).
 61643 | Vaults:5 | Bought a potion of haste for 140 gold pieces
 61643 | Vaults:5 | 61643 ||| BUYING potion of heal wounds (70 gold).
 61643 | Vaults:5 | Bought a potion of heal wounds for 70 gold pieces
 61643 | Vaults:5 | 61643 ||| BUYING potion of lignification (42 gold).
 61643 | Vaults:5 | Bought a potion of lignification for 42 gold pieces
 61643 | Vaults:5 | 61643 ||| BUYING potion of mutation (112 gold).
 61643 | Vaults:5 | Bought a potion of mutation for 112 gold pieces
 61758 | Vaults:5 | Found Jyph's Distillery.
 61763 | Vaults:5 | 61763 ||| BUYING 2 potions of cancellation (320 gold).
 61763 | Vaults:5 | Bought 2 potions of cancellation for 320 gold pieces
 61763 | Vaults:5 | 61763 ||| BUYING potion of curing (60 gold).
 61763 | Vaults:5 | Bought a potion of curing for 60 gold pieces
 61763 | Vaults:5 | 61763 ||| BUYING potion of haste (200 gold).
 61763 | Vaults:5 | Bought a potion of haste for 200 gold pieces
 61763 | Vaults:5 | 61763 ||| BUYING potion of heal wounds (100 gold).
 61763 | Vaults:5 | Bought a potion of heal wounds for 100 gold pieces
 61776 | Vaults:5 | Found Ikur's Distillery.
 61780 | Vaults:5 | 61780 ||| BUYING potion of cancellation (120 gold).
 61780 | Vaults:5 | Bought a potion of cancellation for 120 gold pieces
 61780 | Vaults:5 | 61780 ||| BUYING potion of curing (45 gold).
 61780 | Vaults:5 | Bought a potion of curing for 45 gold pieces
 61780 | Vaults:5 | 61780 ||| BUYING potion of heal wounds (75 gold).
 61780 | Vaults:5 | Bought a potion of heal wounds for 75 gold pieces
 61780 | Vaults:5 | 61780 ||| BUYING potion of lignification (45 gold).
 61780 | Vaults:5 | Bought a potion of lignification for 45 gold pieces
 61780 | Vaults:5 | 61780 ||| BUYING potion of mutation (120 gold).
 61780 | Vaults:5 | Bought a potion of mutation for 120 gold pieces
 62034 | Vaults:5 | 62034 ||| PLANNING SHOPPING SPREE
 62611 | D:11     | 62611 ||| READING 18 scrolls of teleportation.
 62652 | D:11     | 62652 ||| READING 17 scrolls of teleportation.
 62681 | D:11     | 62681 ||| READING 16 scrolls of teleportation.
 62725 | D:11     | 62725 ||| READING 15 scrolls of teleportation.
 62767 | D:11     | 62767 ||| READING 14 scrolls of teleportation.
 62789 | D:11     | 62789 ||| READING 13 scrolls of teleportation.
 62854 | D:11     | 62854 ||| READING 12 scrolls of teleportation.
 62875 | D:11     | 62875 ||| READING 11 scrolls of teleportation.
 62919 | D:11     | 62919 ||| READING 10 scrolls of teleportation.
 62963 | D:11     | 62963 ||| READING 9 scrolls of teleportation.
 62984 | D:11     | 62984 ||| READING 8 scrolls of teleportation.
 63026 | D:11     | 63026 ||| READING 7 scrolls of teleportation.
 63053 | D:11     | 63053 ||| READING 6 scrolls of teleportation.
 63107 | D:11     | 63107 ||| READING 5 scrolls of teleportation.
 63144 | D:11     | 63144 ||| READING 4 scrolls of teleportation.
 63185 | D:11     | 63185 ||| READING 3 scrolls of teleportation.
 63218 | D:11     | 63218 ||| READING 2 scrolls of teleportation.
 63277 | D:11     | 63277 ||| READING scroll of teleportation.
 63312 | D:11     | 63312 ||| Stepping randomly (stuck).
 63314 | D:11     | 63314 ||| Stepping randomly (stuck).
 63316 | D:11     | 63316 ||| Stepping randomly (stuck).
 63318 | D:11     | 63318 ||| Stepping randomly (stuck).
 63320 | D:11     | 63320 ||| Stepping randomly (stuck).
 63322 | D:11     | 63322 ||| Stepping randomly (stuck).
 63324 | D:11     | 63324 ||| Stepping randomly (stuck).
 63326 | D:11     | 63326 ||| Stepping randomly (stuck).
 63328 | D:11     | 63328 ||| Stepping randomly (stuck).
 63330 | D:11     | 63330 ||| Stepping randomly (stuck).
 63332 | D:11     | 63332 ||| Stepping randomly (stuck).
 63334 | D:11     | 63334 ||| Stepping randomly (stuck).
 63336 | D:11     | 63336 ||| Stepping randomly (stuck).
 63338 | D:11     | 63338 ||| Stepping randomly (stuck).
 63340 | D:11     | 63340 ||| Stepping randomly (stuck).
 63342 | D:11     | 63342 ||| Stepping randomly (stuck).
 63344 | D:11     | 63344 ||| Stepping randomly (stuck).
 63346 | D:11     | 63346 ||| Stepping randomly (stuck).
 63348 | D:11     | 63348 ||| Stepping randomly (stuck).
 63350 | D:11     | 63350 ||| Stepping randomly (stuck).
 63352 | D:11     | 63352 ||| Stepping randomly (stuck).
 63354 | D:11     | 63354 ||| Stepping randomly (stuck).
 63356 | D:11     | 63356 ||| Stepping randomly (stuck).
 63358 | D:11     | 63358 ||| Stepping randomly (stuck).
 63360 | D:11     | 63360 ||| Stepping randomly (stuck).
 63362 | D:11     | 63362 ||| Stepping randomly (stuck).
 63364 | D:11     | 63364 ||| Stepping randomly (stuck).
 63366 | D:11     | 63366 ||| Stepping randomly (stuck).
 63368 | D:11     | 63368 ||| Stepping randomly (stuck).
 63370 | D:11     | 63370 ||| Stepping randomly (stuck).
 63372 | D:11     | 63372 ||| Stepping randomly (stuck).
 63374 | D:11     | 63374 ||| Stepping randomly (stuck).
 63376 | D:11     | 63376 ||| Stepping randomly (stuck).
 63378 | D:11     | 63378 ||| Stepping randomly (stuck).
 63380 | D:11     | 63380 ||| Stepping randomly (stuck).
 63382 | D:11     | 63382 ||| Stepping randomly (stuck).
 63384 | D:11     | 63384 ||| Stepping randomly (stuck).
 63386 | D:11     | 63386 ||| Stepping randomly (stuck).
 63388 | D:11     | 63388 ||| Stepping randomly (stuck).
 63390 | D:11     | 63390 ||| Stepping randomly (stuck).
 63392 | D:11     | 63392 ||| Stepping randomly (stuck).
 63394 | D:11     | 63394 ||| Stepping randomly (stuck).
 63396 | D:11     | 63396 ||| Stepping randomly (stuck).
 63398 | D:11     | 63398 ||| Stepping randomly (stuck).
 63400 | D:11     | 63400 ||| Stepping randomly (stuck).
 63402 | D:11     | 63402 ||| Stepping randomly (stuck).
 63404 | D:11     | 63404 ||| Stepping randomly (stuck).
 63406 | D:11     | 63406 ||| Stepping randomly (stuck).
 63408 | D:11     | 63408 ||| Stepping randomly (stuck).
 63410 | D:11     | 63410 ||| Stepping randomly (stuck).
 63412 | D:11     | 63412 ||| Stepping randomly (stuck).
 63414 | D:11     | 63414 ||| Stepping randomly (stuck).
 63416 | D:11     | 63416 ||| Stepping randomly (stuck).
 63418 | D:11     | 63418 ||| Stepping randomly (stuck).
 63420 | D:11     | 63420 ||| Stepping randomly (stuck).
 63422 | D:11     | 63422 ||| Stepping randomly (stuck).
 63424 | D:11     | 63424 ||| Stepping randomly (stuck).
 63426 | D:11     | 63426 ||| Stepping randomly (stuck).
 63428 | D:11     | 63428 ||| Stepping randomly (stuck).
 63430 | D:11     | 63430 ||| Stepping randomly (stuck).
 63432 | D:11     | 63432 ||| Stepping randomly (stuck).
 63434 | D:11     | 63434 ||| Stepping randomly (stuck).
 63436 | D:11     | 63436 ||| Stepping randomly (stuck).
 63438 | D:11     | 63438 ||| Stepping randomly (stuck).
 63440 | D:11     | 63440 ||| Stepping randomly (stuck).
 63442 | D:11     | 63442 ||| Stepping randomly (stuck).
 63444 | D:11     | 63444 ||| Stepping randomly (stuck).
 63446 | D:11     | 63446 ||| Stepping randomly (stuck).
 63448 | D:11     | 63448 ||| Stepping randomly (stuck).
 63450 | D:11     | 63450 ||| Stepping randomly (stuck).
 63452 | D:11     | 63452 ||| Stepping randomly (stuck).
 63454 | D:11     | 63454 ||| Stepping randomly (stuck).
 63456 | D:11     | 63456 ||| Stepping randomly (stuck).
 63458 | D:11     | 63458 ||| Stepping randomly (stuck).
 63460 | D:11     | 63460 ||| Stepping randomly (stuck).
 63462 | D:11     | 63462 ||| Stepping randomly (stuck).
 63464 | D:11     | 63464 ||| Stepping randomly (stuck).
 63466 | D:11     | 63466 ||| Stepping randomly (stuck).
 63468 | D:11     | 63468 ||| Stepping randomly (stuck).
 63470 | D:11     | 63470 ||| Stepping randomly (stuck).
 63472 | D:11     | 63472 ||| Stepping randomly (stuck).
 63474 | D:11     | 63474 ||| Stepping randomly (stuck).
 63476 | D:11     | 63476 ||| Stepping randomly (stuck).
 63478 | D:11     | 63478 ||| Stepping randomly (stuck).
 63480 | D:11     | 63480 ||| Stepping randomly (stuck).
 63482 | D:11     | 63482 ||| Stepping randomly (stuck).
 63484 | D:11     | 63484 ||| Stepping randomly (stuck).
 63486 | D:11     | 63486 ||| Stepping randomly (stuck).
 63488 | D:11     | 63488 ||| Stepping randomly (stuck).
 63490 | D:11     | 63490 ||| Stepping randomly (stuck).
 63492 | D:11     | 63492 ||| Stepping randomly (stuck).
 63494 | D:11     | 63494 ||| Stepping randomly (stuck).
 63496 | D:11     | 63496 ||| Stepping randomly (stuck).
 63498 | D:11     | 63498 ||| Stepping randomly (stuck).
 63500 | D:11     | 63500 ||| Stepping randomly (stuck).
 63502 | D:11     | 63502 ||| Stepping randomly (stuck).
 63504 | D:11     | 63504 ||| Stepping randomly (stuck).
 63506 | D:11     | 63506 ||| Stepping randomly (stuck).
 63508 | D:11     | 63508 ||| Stepping randomly (stuck).
 63510 | D:11     | 63510 ||| Stepping randomly (stuck).
 63512 | D:11     | 63512 ||| Stepping randomly (stuck).
 63513 | D:11     | 63513 ||| PLANNING SHOPPING SPREE
 63545 | Orc:1    | 63545 ||| BUYING potion of heal wounds (60 gold).
 63545 | Orc:1    | Bought a potion of heal wounds for 60 gold pieces
 63545 | Orc:1    | 63545 ||| BUYING potion of heal wounds (60 gold).
 63545 | Orc:1    | Bought a potion of heal wounds for 60 gold pieces
 63545 | Orc:1    | 63545 ||| BUYING potion of might (48 gold).
 63545 | Orc:1    | Bought a potion of might for 48 gold pieces
 63545 | Orc:1    | 63545 ||| BUYING potion of might (48 gold).
 63545 | Orc:1    | Bought a potion of might for 48 gold pieces
 63545 | Orc:1    | 63545 ||| BUYING potion of mutation (96 gold).
 63545 | Orc:1    | Bought a potion of mutation for 96 gold pieces
 63550 | Orc:1    | 63550 ||| CLEARING SHOPPING LIST
 63550 | Orc:1    | 63550 ||| PLANNING ZOT:1-4
 63550 | Orc:1    | 63550 ||| Stepping randomly (stuck).
 63798 | Zot:1    | Entered Level 1 of the Realm of Zot
 63832 | Zot:1    | 63832 ||| INVOKING Heroism.
 63876 | Zot:1    | Reached skill level 24 in Fighting
 63892 | Zot:1    | 63892 ||| Stepping ~*~*~tactically~*~*~ (hiding).
 63893 | Zot:1    | 63893 ||| Stepping ~*~*~tactically~*~*~ (hiding).
 64076 | Zot:1    | 64076 ||| Stepping ~*~*~tactically~*~*~ (hiding).
 64078 | Zot:1    | 64078 ||| Stepping ~*~*~tactically~*~*~ (hiding).
 64102 | Zot:1    | 64102 ||| INVOKING Heroism.
 64190 | Zot:1    | Received a gift from Okawaru
 64362 | Zot:1    | 64362 ||| INVOKING Heroism.
 64552 | Zot:1    | 64552 ||| Stepping ~*~*~tactically~*~*~ (stealth).
 64555 | Zot:1    | 64555 ||| Stepping ~*~*~tactically~*~*~ (stealth).
 64559 | Zot:1    | 64559 ||| Stepping ~*~*~tactically~*~*~ (stealth).
 64560 | Zot:1    | 64560 ||| Stepping ~*~*~tactically~*~*~ (stealth).
 64561 | Zot:1    | 64561 ||| Stepping ~*~*~tactically~*~*~ (stealth).
 64562 | Zot:1    | 64562 ||| Stepping ~*~*~tactically~*~*~ (stealth).
 64563 | Zot:1    | 64563 ||| Stepping ~*~*~tactically~*~*~ (stealth).
 64564 | Zot:1    | 64564 ||| Stepping ~*~*~tactically~*~*~ (stealth).
 64639 | Zot:1    | 64639 ||| Stepping ~*~*~tactically~*~*~ (stealth).
 64641 | Zot:1    | 64641 ||| Stepping ~*~*~tactically~*~*~ (hiding).
 64748 | Zot:1    | 64748 ||| PLANNING ZOT:1-4
 64822 | Zot:1    | 64822 ||| Stepping ~*~*~tactically~*~*~ (hiding).
 64823 | Zot:1    | 64823 ||| Stepping ~*~*~tactically~*~*~ (hiding).
 64941 | Zot:1    | 64941 ||| INVOKING Heroism.
 65024 | Zot:1    | 65024 ||| INVOKING Heroism.
 65063 | Zot:1    | Received a gift from Okawaru
 65076 | Zot:1    | 65076 ||| INVOKING Heroism.
 65536 | Zot:1    | 65536 ||| DROPPING 27 boomerangs.
 65537 | Zot:1    | 65537 ||| DROPPING 6 silver boomerangs.
 65538 | Zot:1    | 65538 ||| DROPPING 3 boomerangs of dispersal.
 65571 | Zot:2    | Reached XP level 25. HP: 156/162 MP: 30/30
 65576 | Zot:2    | 65576 ||| Stepping ~*~*~tactically~*~*~ (hiding).
 65579 | Zot:2    | 65579 ||| INVOKING Heroism.
 65600 | Zot:2    | Received a gift from Okawaru
 65610 | Zot:2    | 65610 ||| INVOKING Heroism.
 65913 | Zot:2    | 65913 ||| Stepping ~*~*~tactically~*~*~ (stealth).
 65916 | Zot:2    | 65916 ||| INVOKING Heroism.
 66217 | Zot:2    | 66217 ||| Stepping ~*~*~tactically~*~*~ (hiding).
 66281 | Zot:2    | 66281 ||| Stepping ~*~*~tactically~*~*~ (hiding).
 66282 | Zot:2    | 66282 ||| INVOKING Heroism.
 66389 | Zot:2    | 66389 ||| INVOKING Heroism.
 66823 | Zot:2    | 66823 ||| READING scroll of enchant armour.
 66823 | Zot:2    | 66823 ||| ENCHANTING +9 plate armour of fire resistance.
 67076 | Zot:2    | 67076 ||| Stepping ~*~*~tactically~*~*~ (hiding).
 67077 | Zot:2    | 67077 ||| Stepping ~*~*~tactically~*~*~ (hiding).
 67289 | Zot:2    | 67289 ||| DROPPING +3 plate armour of cold resistance.
 67308 | Zot:3    | 67308 ||| INVOKING Heroism.
 67334 | Zot:3    | 67334 ||| Stepping ~*~*~tactically~*~*~ (hiding).
 67357 | Zot:3    | 67357 ||| Stepping ~*~*~tactically~*~*~ (hiding).
 67358 | Zot:3    | 67358 ||| Stepping ~*~*~tactically~*~*~ (hiding).
 67506 | Zot:3    | 67506 ||| INVOKING Heroism.
 67603 | Zot:3    | 67603 ||| Stepping ~*~*~tactically~*~*~ (hiding).
 67654 | Zot:3    | Identified the +3 falchion of Watchfulness {venom, rElec}
 67703 | Zot:3    | 67703 ||| INVOKING Heroism.
 67792 | Zot:3    | Received a gift from Okawaru
 67843 | Zot:3    | 67843 ||| Stepping ~*~*~tactically~*~*~ (hiding).
 67977 | Zot:3    | 67977 ||| Stepping ~*~*~tactically~*~*~ (stealth).
 67978 | Zot:3    | 67978 ||| INVOKING Heroism.
 68053 | Zot:3    | Noticed an orb of fire
 68054 | Zot:3    | 68054 ||| Stepping ~*~*~tactically~*~*~ (hiding).
 68056 | Zot:3    | 68056 ||| INVOKING Heroism.
 68057 | Zot:3    | 68057 ||| INVOKING Finesse.
 68070 | Zot:3    | Gained mutation: You are dopey. (Int -2) [an orb of fire]
 68071 | Zot:3    | Killed an orb of fire
 68162 | Zot:3    | 68162 ||| Stepping ~*~*~tactically~*~*~ (stealth).
 68164 | Zot:3    | 68164 ||| Stepping ~*~*~tactically~*~*~ (hiding).
 68170 | Zot:3    | 68170 ||| INVOKING Heroism.
 68544 | Zot:4    | 68544 ||| INVOKING Heroism.
 68880 | Zot:4    | 68880 ||| Stepping ~*~*~tactically~*~*~ (hiding).
 68885 | Zot:4    | 68885 ||| INVOKING Heroism.
 69155 | Zot:4    | 69155 ||| Stepping ~*~*~tactically~*~*~ (hiding).
 69156 | Zot:4    | 69156 ||| Stepping ~*~*~tactically~*~*~ (hiding).
 69187 | Zot:4    | 69187 ||| INVOKING Heroism.
 69206 | Zot:4    | 69206 ||| Stepping ~*~*~tactically~*~*~ (hiding).
 69209 | Zot:4    | 69209 ||| Stepping ~*~*~tactically~*~*~ (hiding).
 69210 | Zot:4    | 69210 ||| Stepping ~*~*~tactically~*~*~ (hiding).
 69559 | Zot:4    | 69559 ||| FLEEEEING.
 69560 | Zot:4    | 69560 ||| FLEEEEING.
 69561 | Zot:4    | 69561 ||| FLEEEEING.
 69562 | Zot:4    | 69562 ||| FLEEEEING.
 69563 | Zot:4    | 69563 ||| FLEEEEING.
 69564 | Zot:4    | 69564 ||| FLEEEEING.
 69565 | Zot:4    | 69565 ||| FLEEEEING.
 69566 | Zot:4    | 69566 ||| STAIRDANCE
 69923 | Zot:4    | 69923 ||| PLANNING THE SHINING ONE WORSHIP
 70290 | Temple   | Entered the Ecumenical Temple
 70344 | Temple   | Fell from the grace of Okawaru
 70344 | Temple   | Became a worshipper of the Shining One
 70345 | Temple   | 70345 ||| PLANNING CRYPT
 70345 | Temple   | 70345 ||| DROPPING +5 broad axe "Cuenyot" {pain, rN+ rCorr
                  | Dex+4}.
 70346 | Temple   | 70346 ||| DROPPING +9 vampiric war axe.
 70635 | Crypt:1  | Entered Level 1 of the Crypt
 70643 | Crypt:1  | 70643 ||| Stepping ~*~*~tactically~*~*~ (hiding).
 70646 | Crypt:1  | 70646 ||| Stepping ~*~*~tactically~*~*~ (hiding).
 70658 | Crypt:1  | 70658 ||| Stepping ~*~*~tactically~*~*~ (hiding).
 70661 | Crypt:1  | 70661 ||| Stepping ~*~*~tactically~*~*~ (hiding).
 70692 | Crypt:1  | Reached * piety under the Shining One
 70762 | Crypt:1  | 70762 ||| Stepping ~*~*~tactically~*~*~ (stealth).
 70770 | Crypt:1  | 70770 ||| Stepping ~*~*~tactically~*~*~ (hiding).
 70786 | Crypt:1  | Reached ** piety under the Shining One
 70787 | Crypt:1  | 70787 ||| Stepping ~*~*~tactically~*~*~ (hiding).
 70940 | Crypt:1  | Reached XP level 26. HP: 172/172 MP: 31/31
 70966 | Crypt:1  | Reached *** piety under the Shining One
 70976 | Crypt:1  | 70976 ||| INVOKING Cleansing Flame.
 70984 | Crypt:1  | 70984 ||| INVOKING Cleansing Flame.
 71361 | Crypt:1  | 71361 ||| Stepping randomly (cloudy).
 71362 | Crypt:1  | 71362 ||| Stepping ~*~*~tactically~*~*~ (cloud).
 71420 | Crypt:1  | Reached skill level 12 in Invocations
 71420 | Crypt:1  | 71420 ||| INVOKING Cleansing Flame.
 71552 | Crypt:1  | 71552 ||| Stepping ~*~*~tactically~*~*~ (hiding).
 71553 | Crypt:1  | 71553 ||| Stepping ~*~*~tactically~*~*~ (hiding).
 71584 | Crypt:1  | Reached **** piety under the Shining One
 71688 | Crypt:1  | Reached ***** piety under the Shining One
 71700 | Crypt:1  | 71700 ||| Stepping ~*~*~tactically~*~*~ (stealth).
 71701 | Crypt:1  | 71701 ||| Stepping ~*~*~tactically~*~*~ (stealth).
 71702 | Crypt:1  | 71702 ||| Stepping ~*~*~tactically~*~*~ (stealth).
 71715 | Crypt:1  | 71715 ||| Stepping ~*~*~tactically~*~*~ (hiding).
 72322 | Crypt:2  | 72322 ||| Stepping ~*~*~tactically~*~*~ (stealth).
 72384 | Crypt:2  | 72384 ||| Stepping ~*~*~tactically~*~*~ (cloud).
 72486 | Crypt:2  | Reached ****** piety under the Shining One
 72487 | Crypt:2  | 72487 ||| INVOKING Brand Weapon With Holy Wrath.
 72487 | Crypt:2  | Identified a +6 broad axe of holy wrath (a +4 broad axe of
                  | electrocution blessed by the Shining One)
 72487 | Crypt:2  | Received a gift from the Shining One
 72489 | Crypt:2  | 72489 ||| Stepping ~*~*~tactically~*~*~ (stealth).
 72803 | Crypt:2  | 72803 ||| Stepping ~*~*~tactically~*~*~ (stealth).
 73347 | Crypt:2  | 73347 ||| Stepping ~*~*~tactically~*~*~ (hiding).
 73348 | Crypt:2  | 73348 ||| Stepping ~*~*~tactically~*~*~ (hiding).
 73349 | Crypt:2  | 73349 ||| Stepping ~*~*~tactically~*~*~ (hiding).
 73743 | Crypt:1  | Found an ancient bone altar of Kikubaaqudgha.
 73774 | Crypt:3  | Entered Level 3 of the Crypt
 73832 | Crypt:3  | 73832 ||| Stepping ~*~*~tactically~*~*~ (stealth).
 73849 | Crypt:3  | 73849 ||| Stepping ~*~*~tactically~*~*~ (stealth).
 73852 | Crypt:3  | 73852 ||| Stepping ~*~*~tactically~*~*~ (stealth).
 73953 | Crypt:3  | 73953 ||| DROPPING +2 vorpal broad axe.
 74126 | Crypt:3  | Reached skill level 15 in Invocations
 74191 | Crypt:3  | 74191 ||| Stepping ~*~*~tactically~*~*~ (hiding).
 74222 | Crypt:3  | 74222 ||| Stepping ~*~*~tactically~*~*~ (stealth).
 74223 | Crypt:3  | Found a staircase to the Tomb.
 74360 | Crypt:3  | 74360 ||| Stepping ~*~*~tactically~*~*~ (stealth).
 74361 | Crypt:3  | 74361 ||| Stepping ~*~*~tactically~*~*~ (stealth).
 74362 | Crypt:3  | 74362 ||| Stepping ~*~*~tactically~*~*~ (stealth).
 74373 | Crypt:3  | Identified the +4 plate armour "Jitaom" {rElec rCorr Str-4}
 74411 | Crypt:3  | 74411 ||| Stepping ~*~*~tactically~*~*~ (hiding).
 74440 | Crypt:3  | 74440 ||| Stepping ~*~*~tactically~*~*~ (stealth).
 74441 | Crypt:3  | 74441 ||| Stepping ~*~*~tactically~*~*~ (stealth).
 74658 | Crypt:3  | 74658 ||| Stepping ~*~*~tactically~*~*~ (hiding).
 74663 | Crypt:3  | 74663 ||| Stepping ~*~*~tactically~*~*~ (hiding).
 74795 | Crypt:3  | Identified the amulet of Ypister {Will+ Regen+ SInv}
 74795 | Crypt:3  | Identified the amulet "Esubleep" {-Tele rElec rPois rN++
                  | Regen+ Str-3}
 74795 | Crypt:3  | Identified the ring of Honesty {rElec rC+ rN+ Will- Int+4}
 74800 | Crypt:3  | Identified the +0 pair of boots of the Cuttlefish {rPois
                  | rF+++ Int-3 Dex-2}
 75003 | Crypt:3  | 75003 ||| INVOKING Summon Divine Warrior.
 75059 | Crypt:3  | 75059 ||| INVOKING Summon Divine Warrior.
 75106 | Crypt:3  | 75106 ||| INVOKING Summon Divine Warrior.
 76042 | Crypt:3  | 76042 ||| PLANNING TOMB
 76042 | Crypt:3  | 76042 ||| SWAPPING to +6 broad axe of holy wrath.
 76043 | Crypt:3  | 76043 ||| READING 2 scrolls of enchant weapon.
 76043 | Crypt:3  | 76043 ||| ENCHANTING +6 broad axe of holy wrath.
 76044 | Crypt:3  | 76044 ||| READING scroll of enchant weapon.
 76044 | Crypt:3  | 76044 ||| ENCHANTING +7 broad axe of holy wrath.
 76045 | Crypt:3  | 76045 ||| DROPPING +0 acid dragon scales.
 76046 | Crypt:3  | 76046 ||| UPGRADING to +1 helmet of Pragmatism {Dex+6}.
 76056 | Crypt:3  | 76056 ||| UPGRADING to amulet of Ypister {Will+ Regen+
                  | SInv}.
 76066 | Crypt:3  | 76066 ||| DROPPING amulet of the acrobat.
 76067 | Crypt:3  | 76067 ||| DROPPING amulet "Esubleep" {-Tele rElec rPois
                  | rN++ Regen+ Str-3}.
 76068 | Crypt:3  | 76068 ||| DROPPING ring of magical power.
 76093 | Tomb:1   | Entered Level 1 of the Tomb of the Ancients
 76171 | Tomb:1   | 76171 ||| Stepping ~*~*~tactically~*~*~ (hiding).
 76172 | Tomb:1   | 76172 ||| Stepping ~*~*~tactically~*~*~ (hiding).
 76175 | Tomb:1   | 76175 ||| Stepping ~*~*~tactically~*~*~ (hiding).
 76181 | Tomb:1   | 76181 ||| INVOKING Cleansing Flame.
 76424 | Tomb:1   | Reached skill level 18 in Invocations
 76485 | Tomb:1   | 76485 ||| DRINKING 34 potions of curing.
 76485 | Tomb:1   | 76485 ||| (to cure confusion)
 76548 | Tomb:1   | 76548 ||| Stepping randomly (cloudy).
 76582 | Tomb:1   | 76582 ||| INVOKING Cleansing Flame.
 76583 | Tomb:1   | 76583 ||| INVOKING Cleansing Flame.
 76637 | Tomb:1   | Was forgiven by Okawaru
 76644 | Tomb:1   | 76644 ||| INVOKING Cleansing Flame.
 76645 | Tomb:1   | 76645 ||| INVOKING Cleansing Flame.
 76657 | Tomb:1   | 76657 ||| Stepping ~*~*~tactically~*~*~ (stealth).
 76707 | Tomb:1   | 76707 ||| Stepping ~*~*~tactically~*~*~ (hiding).
 76730 | Tomb:1   | 76730 ||| INVOKING Summon Divine Warrior.
 76733 | Tomb:1   | 76733 ||| INVOKING Cleansing Flame.
 76737 | Tomb:1   | Noticed a royal mummy
 76741 | Tomb:1   | 76741 ||| INVOKING Cleansing Flame.
 76742 | Tomb:1   | 76742 ||| INVOKING Cleansing Flame.
 76742 | Tomb:1   | Killed a royal mummy
 76743 | Tomb:1   | Reached XP level 27. HP: 164/177 MP: 16/36
 77062 | Tomb:2   | 77062 ||| DRINKING 9 potions of haste.
 77063 | Tomb:2   | 77063 ||| DRINKING 12 potions of attraction.
 77064 | Tomb:2   | 77064 ||| INVOKING Cleansing Flame.
 77065 | Tomb:2   | 77065 ||| INVOKING Cleansing Flame.
 77066 | Tomb:2   | Noticed a royal mummy
 77067 | Tomb:2   | 77067 ||| INVOKING Summon Divine Warrior.
 77067 | Tomb:2   | Noticed a royal mummy
 77067 | Tomb:2   | Noticed a royal mummy
 77068 | Tomb:2   | 77068 ||| INVOKING Cleansing Flame.
 77068 | Tomb:2   | Noticed a royal mummy
 77072 | Tomb:2   | 77072 ||| INVOKING Cleansing Flame.
 77074 | Tomb:2   | Noticed a royal mummy
 77076 | Tomb:2   | Killed a royal mummy
 77077 | Tomb:2   | Killed a royal mummy
 77079 | Tomb:2   | Killed a royal mummy
 77082 | Tomb:2   | Killed a royal mummy
 77084 | Tomb:2   | Killed a royal mummy
 77118 | Tomb:2   | 77118 ||| INVOKING Cleansing Flame.
 77167 | Tomb:2   | Identified the +2 robe of Leapfrog {Harm rPois Dex-2}
 77294 | Tomb:2   | 77294 ||| INVOKING Cleansing Flame.
 77451 | Tomb:1   | Noticed a royal mummy
 77454 | Tomb:1   | 77454 ||| INVOKING Summon Divine Warrior.
 77457 | Tomb:1   | 77457 ||| INVOKING Cleansing Flame.
 77460 | Tomb:1   | 77460 ||| INVOKING Cleansing Flame.
 77461 | Tomb:1   | 77461 ||| INVOKING Cleansing Flame.
 77461 | Tomb:1   | Killed a royal mummy
 77462 | Tomb:1   | 77462 ||| INVOKING Cleansing Flame.
 77467 | Tomb:1   | Noticed a royal mummy
 77468 | Tomb:1   | Noticed a royal mummy
 77474 | Tomb:1   | 77474 ||| INVOKING Cleansing Flame.
 77474 | Tomb:1   | Killed a royal mummy
 77476 | Tomb:1   | 77476 ||| INVOKING Cleansing Flame.
 77480 | Tomb:1   | 77480 ||| INVOKING Summon Divine Warrior.
 77483 | Tomb:1   | Killed a royal mummy
 77484 | Tomb:1   | Reached skill level 21 in Invocations
 77634 | Tomb:1   | Noticed a royal mummy
 77635 | Tomb:1   | 77635 ||| INVOKING Cleansing Flame.
 77639 | Tomb:1   | Killed a royal mummy
 77667 | Tomb:1   | 77667 ||| READING scroll of enchant weapon.
 77667 | Tomb:1   | 77667 ||| ENCHANTING +8 broad axe of holy wrath.
 77679 | Tomb:1   | Noticed a royal mummy
 77681 | Tomb:1   | Noticed a royal mummy
 77686 | Tomb:1   | Killed a royal mummy
 77689 | Tomb:1   | 77689 ||| INVOKING Cleansing Flame.
 77690 | Tomb:1   | 77690 ||| INVOKING Cleansing Flame.
 77693 | Tomb:1   | Gained mutation: You are frail. (-10% HP) [mutagenic glow]
 77695 | Tomb:1   | Killed a royal mummy
 77704 | Tomb:1   | Noticed a royal mummy
 77705 | Tomb:1   | Gained mutation: Armour fits poorly on your strangely
                  | shaped body. [mutagenic glow]
 77710 | Tomb:1   | Killed a royal mummy
 77711 | Tomb:1   | 77711 ||| DRINKING 10 potions of mutation.
 77711 | Tomb:1   | Lost mutation: You are dopey. (Int -2) [potion of mutation]
 77711 | Tomb:1   | Lost mutation: You are frail. (-10% HP) [potion of
                  | mutation]
 77711 | Tomb:1   | Lost mutation: Armour fits poorly on your strangely shaped
                  | body. [potion of mutation]
 77711 | Tomb:1   | Gained mutation: Your body sometimes deteriorates upon
                  | taking damage. [potion of mutation]
 77711 | Tomb:1   | Gained mutation: You do not regenerate when monsters are
                  | visible. [potion of mutation]
 77711 | Tomb:1   | Gained mutation: Armour fits poorly on your strangely
                  | shaped body. [potion of mutation]
 77711 | Tomb:1   | Gained mutation: Your mind is acute. (Int +4, Str/Dex -1)
                  | [potion of mutation]
 77712 | Tomb:1   | 77712 ||| DRINKING 9 potions of mutation.
 77712 | Tomb:1   | Lost mutation: Your mind is acute. (Int +4, Str/Dex -1)
                  | [potion of mutation]
 77712 | Tomb:1   | Lost mutation: Your body sometimes deteriorates upon taking
                  | damage. [potion of mutation]
 77712 | Tomb:1   | Gained mutation: You possess an exceptional clarity of
                  | mind. [potion of mutation]
 77713 | Tomb:1   | 77713 ||| DRINKING 8 potions of mutation.
 77713 | Tomb:1   | Lost mutation: Armour fits poorly on your strangely shaped
                  | body. [potion of mutation]
 77713 | Tomb:1   | Lost mutation: You do not regenerate when monsters are
                  | visible. [potion of mutation]
 77713 | Tomb:1   | Lost mutation: You possess an exceptional clarity of mind.
                  | [potion of mutation]
 77713 | Tomb:1   | Gained mutation: You sometimes lose your temper in combat.
                  | [potion of mutation]
 77714 | Tomb:1   | 77714 ||| DRINKING 7 potions of mutation.
 77714 | Tomb:1   | Lost mutation: You sometimes lose your temper in combat.
                  | [potion of mutation]
 77714 | Tomb:1   | Gained mutation: You have large cloven feet. [potion of
                  | mutation]
 77714 | Tomb:1   | Gained mutation: You expend magic power (3 MP) to
                  | strengthen your wands. [potion of mutation]
 77714 | Tomb:1   | Gained mutation: You have hoof-like feet. [potion of
                  | mutation]
 77717 | Tomb:1   | Noticed a royal mummy
 77719 | Tomb:1   | 77719 ||| DRINKING 9 potions of magic.
 77723 | Tomb:1   | Killed a royal mummy
 77724 | Tomb:1   | Noticed a royal mummy
 77725 | Tomb:1   | 77725 ||| INVOKING Cleansing Flame.
 77726 | Tomb:1   | 77726 ||| INVOKING Cleansing Flame.
 77726 | Tomb:1   | Gained mutation: Your body sometimes deteriorates upon
                  | taking damage. [mutagenic glow]
 77727 | Tomb:1   | 77727 ||| INVOKING Cleansing Flame.
 77727 | Tomb:1   | Killed a royal mummy
 77833 | Tomb:1   | Noticed a royal mummy
 77839 | Tomb:1   | 77839 ||| INVOKING Cleansing Flame.
 77840 | Tomb:1   | 77840 ||| INVOKING Cleansing Flame.
 77842 | Tomb:1   | Killed a royal mummy
 77842 | Tomb:1   | Noticed a royal mummy
 77847 | Tomb:1   | 77847 ||| INVOKING Cleansing Flame.
 77850 | Tomb:1   | Killed a royal mummy
 77888 | Tomb:1   | Noticed a royal mummy
 77894 | Tomb:1   | 77894 ||| INVOKING Cleansing Flame.
 77895 | Tomb:1   | 77895 ||| INVOKING Cleansing Flame.
 77898 | Tomb:1   | Killed a royal mummy
 77930 | Tomb:1   | Noticed a royal mummy
 77934 | Tomb:1   | 77934 ||| INVOKING Cleansing Flame.
 77937 | Tomb:1   | Killed a royal mummy
 77950 | Tomb:1   | Noticed a royal mummy
 77958 | Tomb:1   | Killed a royal mummy
 78070 | Tomb:1   | Noticed a royal mummy
 78071 | Tomb:1   | 78071 ||| INVOKING Cleansing Flame.
 78072 | Tomb:1   | 78072 ||| INVOKING Summon Divine Warrior.
 78076 | Tomb:1   | Killed a royal mummy
 78129 | Tomb:1   | Noticed a royal mummy
 78129 | Tomb:1   | Noticed a royal mummy
 78135 | Tomb:1   | Noticed a royal mummy
 78137 | Tomb:1   | Killed a royal mummy
 78142 | Tomb:1   | 78142 ||| INVOKING Cleansing Flame.
 78146 | Tomb:1   | Killed a royal mummy
 78147 | Tomb:1   | 78147 ||| INVOKING Cleansing Flame.
 78148 | Tomb:1   | Noticed a royal mummy
 78148 | Tomb:1   | 78148 ||| INVOKING Cleansing Flame.
 78149 | Tomb:1   | Killed a royal mummy
 78153 | Tomb:1   | 78153 ||| INVOKING Cleansing Flame.
 78157 | Tomb:1   | Killed a royal mummy
 78157 | Tomb:1   | HP: 34/177 [something (23)]
 78270 | Tomb:1   | Noticed a royal mummy
 78274 | Tomb:1   | 78274 ||| INVOKING Cleansing Flame.
 78275 | Tomb:1   | 78275 ||| INVOKING Cleansing Flame.
 78275 | Tomb:1   | Killed a royal mummy
 78287 | Tomb:1   | Noticed a royal mummy
 78290 | Tomb:1   | 78290 ||| INVOKING Cleansing Flame.
 78291 | Tomb:1   | 78291 ||| INVOKING Cleansing Flame.
 78291 | Tomb:1   | Killed a royal mummy
 78364 | Tomb:1   | Noticed a royal mummy
 78367 | Tomb:1   | 78367 ||| INVOKING Cleansing Flame.
 78368 | Tomb:1   | 78368 ||| INVOKING Cleansing Flame.
 78368 | Tomb:1   | Killed a royal mummy
 78723 | Tomb:2   | Gained mutation: Your magical capacity is low. (-10% MP)
                  | [mutagenic glow]
 78724 | Tomb:2   | 78724 ||| INVOKING Cleansing Flame.
 78745 | Tomb:2   | 78745 ||| INVOKING Cleansing Flame.
 78746 | Tomb:2   | Gained mutation: You sometimes lose your temper in combat.
                  | [mutagenic glow]
 78750 | Tomb:2   | 78750 ||| INVOKING Cleansing Flame.
 78754 | Tomb:2   | 78754 ||| Stepping ~*~*~tactically~*~*~ (hiding).
 78764 | Tomb:2   | Gained mutation: You are dopey. (Int -2) [mutagenic glow]
 78772 | Tomb:2   | Gained mutation: Your magical capacity is very low. (-20%
                  | MP) [mutagenic glow]
 78783 | Tomb:2   | Gained mutation: You are vulnerable to heat. (rF-)
                  | [mutagenic glow]
 78805 | Tomb:2   | 78805 ||| DRINKING 6 potions of mutation.
 78805 | Tomb:2   | Lost mutation: Your body sometimes deteriorates upon taking
                  | damage. [potion of mutation]
 78805 | Tomb:2   | Lost mutation: You are vulnerable to heat. (rF-) [potion of
                  | mutation]
 78805 | Tomb:2   | Lost mutation: You are dopey. (Int -2) [potion of mutation]
 78806 | Tomb:2   | 78806 ||| DRINKING 5 potions of mutation.
 78806 | Tomb:2   | Lost mutation: You expend magic power (3 MP) to strengthen
                  | your wands. [potion of mutation]
 78806 | Tomb:2   | Lost mutation: You have hoof-like feet. [potion of
                  | mutation]
 78806 | Tomb:2   | Gained mutation: Your muscles are strong. (Str +4, Int/Dex
                  | -1) [potion of mutation]
 78806 | Tomb:2   | Lost mutation: You sometimes lose your temper in combat.
                  | [potion of mutation]
 78806 | Tomb:2   | Gained mutation: You passively dampen the noise of your
                  | surroundings. [potion of mutation]
 78862 | Tomb:3   | Entered Level 3 of the Tomb of the Ancients
 78863 | Tomb:3   | 78863 ||| DRINKING 8 potions of haste.
 78864 | Tomb:3   | 78864 ||| DRINKING 11 potions of attraction.
 78883 | Tomb:3   | 78883 ||| INVOKING Cleansing Flame.
 78886 | Tomb:3   | 78886 ||| INVOKING Cleansing Flame.
 78887 | Tomb:3   | Reached skill level 24 in Invocations
 78892 | Tomb:3   | Noticed a royal mummy
 78893 | Tomb:3   | Noticed a royal mummy
 78893 | Tomb:3   | 78893 ||| INVOKING Summon Divine Warrior.
 78895 | Tomb:3   | 78895 ||| INVOKING Cleansing Flame.
 78897 | Tomb:3   | 78897 ||| INVOKING Cleansing Flame.
 78899 | Tomb:3   | Killed a royal mummy
 78899 | Tomb:3   | Noticed a royal mummy
 78903 | Tomb:3   | 78903 ||| INVOKING Cleansing Flame.
 78903 | Tomb:3   | Killed a royal mummy
 78904 | Tomb:3   | 78904 ||| INVOKING Cleansing Flame.
 78905 | Tomb:3   | 78905 ||| INVOKING Summon Divine Warrior.
 78905 | Tomb:3   | Noticed a royal mummy
 78908 | Tomb:3   | Noticed a royal mummy
 78911 | Tomb:3   | 78911 ||| INVOKING Cleansing Flame.
 78916 | Tomb:3   | 78916 ||| INVOKING Summon Divine Warrior.
 78916 | Tomb:3   | Noticed a royal mummy
 78917 | Tomb:3   | 78917 ||| INVOKING Cleansing Flame.
 78917 | Tomb:3   | Killed a royal mummy
 78921 | Tomb:3   | Killed a royal mummy
 78921 | Tomb:3   | HP: 39/177 [??? (7)]
 78922 | Tomb:3   | 78922 ||| READING 6 scrolls of teleportation.
 78922 | Tomb:3   | HP: 8/177 [mummy priest/divine providence (14)]
 78923 | Tomb:3   | 78923 ||| DRINKING 11 potions of heal wounds.
 78924 | Tomb:3   | 78924 ||| DRINKING 10 potions of heal wounds.
 78925 | Tomb:3   | 78925 ||| INVOKING Summon Divine Warrior.
 78944 | Tomb:3   | Noticed Khufu
 78950 | Tomb:3   | 78950 ||| INVOKING Cleansing Flame.
 78951 | Tomb:3   | Killed Khufu
 78952 | Tomb:3   | 78952 ||| INVOKING Cleansing Flame.
 78952 | Tomb:3   | Noticed a royal mummy
 78955 | Tomb:3   | Killed a royal mummy
 78958 | Tomb:3   | Noticed a royal mummy
 78960 | Tomb:3   | 78960 ||| INVOKING Cleansing Flame.
 78963 | Tomb:3   | Killed a royal mummy
 78964 | Tomb:3   | 78964 ||| INVOKING Cleansing Flame.
 78965 | Tomb:3   | 78965 ||| INVOKING Cleansing Flame.
 78965 | Tomb:3   | Killed a royal mummy
 78971 | Tomb:3   | 78971 ||| INVOKING Cleansing Flame.
 79010 | Tomb:3   | 79010 ||| INVOKING Cleansing Flame.
 79011 | Tomb:3   | 79011 ||| INVOKING Cleansing Flame.
 79012 | Tomb:3   | 79012 ||| INVOKING Cleansing Flame.
 79012 | Tomb:3   | Killed a royal mummy
 79028 | Tomb:3   | 79028 ||| INVOKING Cleansing Flame.
 79376 | Tomb:3   | Got a golden rune of Zot
 79441 | Tomb:3   | Identified the ring of Moral Flaws {rPois SInv}
 79444 | Tomb:3   | Identified the +0 scale mail "Zyjoofil" {Str+4 SInv}
 79445 | Tomb:3   | Identified the +2 quarterstaff "Ruotoic" {drain, rC+
                  | Stlth+}
 79446 | Tomb:3   | Identified the +6 mace of Cruel Justice {protect, rElec
                  | rCorr Str+4 Dex+3}
 79447 | Tomb:3   | Identified the ring of Redghudi {Fire Int+3}
 79452 | Tomb:3   | Identified the ring of Suspicion {rC- Str+4 Dex+4 Slay+4}
 79470 | Tomb:3   | Identified the +1 robe of Subjectivity {rF+ Int+5}
 79498 | Tomb:3   | Identified the +5 flail "Nabbuinap" {protect, rPois rN+
                  | Stlth+}
 79537 | Tomb:3   | 79537 ||| PLANNING PAN
 79537 | Tomb:3   | 79537 ||| DROPPING scarf of shadows.
 79538 | Tomb:3   | 79538 ||| DROPPING +1 helmet.
 79539 | Tomb:3   | 79539 ||| DROPPING amulet of regeneration.
 79540 | Tomb:3   | 79540 ||| UPGRADING to amulet of reflection.
 79550 | Tomb:3   | 79550 ||| DROPPING amulet of Ypister {Will+ Regen+ SInv}.
 79551 | Tomb:3   | 79551 ||| DROPPING ring of Moral Flaws {rPois SInv}.
 79552 | Tomb:3   | 79552 ||| DROPPING ring of Redghudi {Fire Int+3}.
 79553 | Tomb:3   | 79553 ||| UPGRADING to ring of Suspicion {rC- Str+4 Dex+4
                  | Slay+4}.
 79555 | Tomb:3   | 79555 ||| UPGRADING to ring of Heresy {Str+4 Dex+6}.
 79564 | Tomb:3   | 79564 ||| DROPPING scarf of resistance.
 79565 | Tomb:3   | 79565 ||| UPGRADING to +0 tower shield.
 79575 | Tomb:3   | 79575 ||| DROPPING +2 shield of Resistance {rF++ rC++
                  | Will++}.
 79576 | Tomb:3   | 79576 ||| DROPPING +4 plate armour "Jitaom" {rElec rCorr
                  | Str-4}.
 79577 | Tomb:3   | 79577 ||| DROPPING +2 hat of the Spider Nest {rF+ Str+4
                  | Stlth+}.
 79578 | Tomb:3   | 79578 ||| DROPPING +0 pair of boots of the Cuttlefish
                  | {rPois rF+++ Int-3 Dex-2}.
 79579 | Tomb:3   | 79579 ||| DROPPING ring of ice.
 79580 | Tomb:3   | 79580 ||| DROPPING ring of resist corrosion.
 79581 | Tomb:3   | 79581 ||| DROPPING ring "Semuc" {rF+ Str+6}.
 79582 | Tomb:3   | 79582 ||| DROPPING ring of resist corrosion.
 79583 | Tomb:3   | 79583 ||| DROPPING ring of protection from fire.
 79584 | Tomb:3   | 79584 ||| DROPPING ring of Honesty {rElec rC+ rN+ Will-
                  | Int+4}.
 79585 | Tomb:3   | 79585 ||| DROPPING ring of ice.
 79586 | Tomb:3   | 79586 ||| DROPPING +4 ring of evasion.
 80083 | Pan      | Entered Pandemonium
 80185 | Pan      | 80185 ||| Stepping ~*~*~tactically~*~*~ (stealth).
 80229 | Pan      | 80229 ||| INVOKING Cleansing Flame.
 80230 | Pan      | 80230 ||| INVOKING Summon Divine Warrior.
 80240 | Pan      | 80240 ||| READING 5 scrolls of teleportation.
 80241 | Pan      | 80241 ||| Stepping ~*~*~tactically~*~*~ (cloud).
 80248 | Pan      | 80248 ||| INVOKING Summon Divine Warrior.
 80294 | Pan      | Gained mutation: Your body sometimes deteriorates upon
                  | taking damage. [a neqoxec]
 80631 | Pan      | Noticed Vueceff the pandemonium lord
 80634 | Pan      | 80634 ||| INVOKING Cleansing Flame.
 80636 | Pan      | Killed Vueceff the pandemonium lord
 80668 | Pan      | Identified the +1 mace "Ciponokk" {freeze, rPois Str+10}
 81048 | Pan      | 81048 ||| INVOKING Cleansing Flame.
 81055 | Pan      | 81055 ||| INVOKING Cleansing Flame.
 81197 | Pan      | 81197 ||| DROPPING +1 cloak.
 81244 | Pan      | 81244 ||| INVOKING Summon Divine Warrior.
 81247 | Pan      | 81247 ||| INVOKING Cleansing Flame.
 81466 | Pan      | Noticed Daemas the pandemonium lord
 81485 | Pan      | 81485 ||| INVOKING Cleansing Flame.
 81487 | Pan      | 81487 ||| DRINKING 6 potions of cancellation.
 81487 | Pan      | Killed Daemas the pandemonium lord
 81509 | Pan      | HP: 37/177 [daeva/divine providence[a shadow demon] (10)]
 81510 | Pan      | 81510 ||| READING 4 scrolls of teleportation.
 81511 | Pan      | 81511 ||| DRINKING 10 potions of heal wounds.
 81542 | Pan      | 81542 ||| INVOKING Summon Divine Warrior.
 81553 | Pan      | Reached skill level 27 in Invocations
 81958 | Pan      | Identified the +4 arbalest of Quiescent Purpose {speed,
                  | *Slow rPois Dex+3 Stlth+}
 82101 | Pan      | Found an exit through the horrors of the Abyss.
 82366 | Depths:2 | Escaped Pandemonium
 82368 | Pan      | Entered Pandemonium
 82386 | Pan      | Found a runed translucent door.
 82395 | Pan      | Found a runed translucent door.
 82396 | Pan      | Found a runed translucent door.
 82415 | Pan      | Found a runed translucent door.
 82440 | Pan      | 82440 ||| Stepping ~*~*~tactically~*~*~ (stealth).
 82685 | Pan      | 82685 ||| Stepping ~*~*~tactically~*~*~ (hiding).
 82686 | Pan      | 82686 ||| Stepping ~*~*~tactically~*~*~ (hiding).
 82688 | Pan      | 82688 ||| Stepping ~*~*~tactically~*~*~ (hiding).
 82949 | Pan      | 82949 ||| DRINKING 3 potions of resistance.
 82950 | Pan      | 82950 ||| INVOKING Summon Divine Warrior.
 83035 | Pan      | Noticed Houn the pandemonium lord
 83085 | Pan      | 83085 ||| INVOKING Cleansing Flame.
 83086 | Pan      | 83086 ||| INVOKING Cleansing Flame.
 83184 | Pan      | Reached skill level 21 in Shields
 83354 | Pan      | 83354 ||| DRINKING 2 potions of resistance.
 83356 | Pan      | Killed Houn the pandemonium lord
 83360 | Pan      | 83360 ||| INVOKING Cleansing Flame.
 83390 | Pan      | Identified the +1 scale mail of the Pits of Slime {Harm
                  | Regen+ Int+4}
 83402 | Pan      | 83402 ||| INVOKING Summon Divine Warrior.
 83404 | Pan      | 83404 ||| INVOKING Cleansing Flame.
 83405 | Pan      | 83405 ||| INVOKING Cleansing Flame.
 83410 | Pan      | 83410 ||| INVOKING Summon Divine Warrior.
 83645 | Pan      | Identified the ring "Zadam" {EV+4 Str+5}
 83767 | Pan      | 83767 ||| INVOKING Cleansing Flame.
 83771 | Pan      | 83771 ||| INVOKING Cleansing Flame.
 83772 | Pan      | 83772 ||| INVOKING Cleansing Flame.
 83946 | Pan      | Noticed Wiawk the pandemonium lord
 83948 | Pan      | 83948 ||| INVOKING Cleansing Flame.
 83956 | Pan      | Killed Wiawk the pandemonium lord
 83957 | Pan      | 83957 ||| INVOKING Cleansing Flame.
 83958 | Pan      | 83958 ||| INVOKING Cleansing Flame.
 84221 | Pan      | 84221 ||| UPGRADING to ring "Zadam" {EV+4 Str+5}.
 84223 | Pan      | 84223 ||| DROPPING ring of Heresy {Str+4 Dex+6}.
 84245 | Pan      | Entered the realm of Mnoleg.
 84256 | Pan      | 84256 ||| Stepping ~*~*~tactically~*~*~ (hiding).
 84328 | Pan      | 84328 ||| Stepping ~*~*~tactically~*~*~ (stealth).
 84330 | Pan      | 84330 ||| Stepping ~*~*~tactically~*~*~ (stealth).
 84332 | Pan      | 84332 ||| Stepping ~*~*~tactically~*~*~ (stealth).
 84334 | Pan      | 84334 ||| Stepping ~*~*~tactically~*~*~ (stealth).
 84336 | Pan      | 84336 ||| Stepping ~*~*~tactically~*~*~ (stealth).
 84338 | Pan      | 84338 ||| Stepping ~*~*~tactically~*~*~ (stealth).
 84340 | Pan      | 84340 ||| Stepping ~*~*~tactically~*~*~ (stealth).
 84342 | Pan      | 84342 ||| Stepping ~*~*~tactically~*~*~ (stealth).
 84344 | Pan      | 84344 ||| Stepping ~*~*~tactically~*~*~ (stealth).
 84346 | Pan      | 84346 ||| Stepping ~*~*~tactically~*~*~ (stealth).
 84348 | Pan      | 84348 ||| Stepping ~*~*~tactically~*~*~ (stealth).
 84350 | Pan      | 84350 ||| Stepping ~*~*~tactically~*~*~ (stealth).
 84352 | Pan      | 84352 ||| Stepping ~*~*~tactically~*~*~ (stealth).
 84354 | Pan      | 84354 ||| Stepping ~*~*~tactically~*~*~ (stealth).
 84356 | Pan      | 84356 ||| Stepping ~*~*~tactically~*~*~ (stealth).
 84358 | Pan      | 84358 ||| Stepping ~*~*~tactically~*~*~ (stealth).
 84360 | Pan      | 84360 ||| Stepping ~*~*~tactically~*~*~ (stealth).
 84363 | Pan      | 84363 ||| Stepping ~*~*~tactically~*~*~ (hiding).
 84468 | Pan      | 84468 ||| Stepping ~*~*~tactically~*~*~ (hiding).
 84471 | Pan      | Gained mutation: You sometimes lose your temper in combat.
                  | [a cacodemon]
 84478 | Pan      | Gained mutation: You are dopey. (Int -2) [a cacodemon]
 84480 | Pan      | 84480 ||| DRINKING 5 potions of mutation.
 84480 | Pan      | Lost mutation: You have large cloven feet. [potion of
                  | mutation]
 84480 | Pan      | Lost mutation: You passively dampen the noise of your
                  | surroundings. [potion of mutation]
 84480 | Pan      | Lost mutation: Your body sometimes deteriorates upon taking
                  | damage. [potion of mutation]
 84481 | Pan      | 84481 ||| DRINKING 4 potions of mutation.
 84481 | Pan      | Lost mutation: You sometimes lose your temper in combat.
                  | [potion of mutation]
 84481 | Pan      | Lost mutation: You are dopey. (Int -2) [potion of mutation]
 84481 | Pan      | Gained mutation: You have very sharp teeth. [potion of
                  | mutation]
 84481 | Pan      | Gained mutation: You are partially covered in large bone
                  | plates. (SH +4) [potion of mutation]
 84483 | Pan      | 84483 ||| Stepping ~*~*~tactically~*~*~ (stealth).
 84484 | Pan      | 84484 ||| Stepping ~*~*~tactically~*~*~ (stealth).
 84487 | Pan      | 84487 ||| Stepping ~*~*~tactically~*~*~ (stealth).
 84489 | Pan      | 84489 ||| Stepping ~*~*~tactically~*~*~ (stealth).
 84498 | Pan      | 84498 ||| Stepping ~*~*~tactically~*~*~ (hiding).
 84500 | Pan      | 84500 ||| Stepping ~*~*~tactically~*~*~ (hiding).
 84502 | Pan      | 84502 ||| Stepping ~*~*~tactically~*~*~ (hiding).
 84507 | Pan      | Gained mutation: You are dopey. (Int -2) [a neqoxec]
 84516 | Pan      | 84516 ||| Stepping ~*~*~tactically~*~*~ (stealth).
 84544 | Pan      | 84544 ||| Stepping ~*~*~tactically~*~*~ (hiding).
 84556 | Pan      | Gained mutation: Your body sometimes deteriorates upon
                  | taking damage. [a cacodemon]
 84561 | Pan      | 84561 ||| Stepping ~*~*~tactically~*~*~ (hiding).
 84565 | Pan      | Noticed Mnoleg
 84566 | Pan      | 84566 ||| INVOKING Summon Divine Warrior.
 84567 | Pan      | Lost mutation: Your muscles are strong. (Str +4, Int/Dex
                  | -1) [a cacodemon]
 84568 | Pan      | Gained mutation: You occasionally lose the ability to read
                  | scrolls when taking damage. [a cacodemon]
 84573 | Pan      | 84573 ||| INVOKING Cleansing Flame.
 84574 | Pan      | 84574 ||| INVOKING Cleansing Flame.
 84577 | Pan      | Paralysed by a floating eye for 4 turns
 84582 | Pan      | 84582 ||| INVOKING Summon Divine Warrior.
 84585 | Pan      | Gained mutation: You are very dopey. (Int -4) [Mnoleg's
                  | mutagenic touch]
 84587 | Pan      | Killed Mnoleg
 84611 | Pan      | 84611 ||| DRINKING 3 potions of mutation.
 84611 | Pan      | Lost mutation: You have very sharp teeth. [potion of
                  | mutation]
 84611 | Pan      | Lost mutation: Your magical capacity is very low. (-20% MP)
                  | [potion of mutation]
 84611 | Pan      | Lost mutation: You are very dopey. (Int -4) [potion of
                  | mutation]
 84611 | Pan      | Lost mutation: Your body sometimes deteriorates upon taking
                  | damage. [potion of mutation]
 84611 | Pan      | Gained mutation: You are very dopey. (Int -4) [potion of
                  | mutation]
 84611 | Pan      | Gained mutation: You possess an exceptional clarity of
                  | mind. [potion of mutation]
 84611 | Pan      | Gained mutation: You have a beak for a mouth. [potion of
                  | mutation]
 84615 | Pan      | Gained mutation: Armour fits poorly on your strangely
                  | shaped body. [a cacodemon]
 84627 | Pan      | 84627 ||| DRINKING 2 potions of mutation.
 84627 | Pan      | Lost mutation: You are very dopey. (Int -4) [potion of
                  | mutation]
 84627 | Pan      | Lost mutation: Armour fits poorly on your strangely shaped
                  | body. [potion of mutation]
 84627 | Pan      | Lost mutation: You possess an exceptional clarity of mind.
                  | [potion of mutation]
 84627 | Pan      | Gained mutation: Your magical capacity is very low. (-20%
                  | MP) [potion of mutation]
 84627 | Pan      | Gained mutation: You have hidden genetic defects. [potion
                  | of mutation]
 84628 | Pan      | 84628 ||| DRINKING potion of mutation.
 84628 | Pan      | Lost mutation: You occasionally lose the ability to read
                  | scrolls when taking damage. [potion of mutation]
 84628 | Pan      | Lost mutation: You are partially covered in large bone
                  | plates. (SH +4) [potion of mutation]
 84628 | Pan      | Gained mutation: You are agile. (Dex +4, Str/Int -1)
                  | [potion of mutation]
 84628 | Pan      | Gained mutation: You occasionally shout uncontrollably at
                  | your foes. [potion of mutation]
 84628 | Pan      | Lost mutation: You have hidden genetic defects. [potion of
                  | mutation]
 84654 | Pan      | Got a glowing rune of Zot
 84729 | Pan      | 84729 ||| Stepping ~*~*~tactically~*~*~ (stealth).
 84789 | Pan      | Gained mutation: You frequently scream uncontrollably at
                  | your foes. [a neqoxec]
 84806 | Pan      | 84806 ||| Stepping ~*~*~tactically~*~*~ (stealth).
 84808 | Pan      | Gained mutation: You are vulnerable to cold. (rC-) [a
                  | cacodemon]
 84867 | Pan      | 84867 ||| Stepping ~*~*~tactically~*~*~ (stealth).
 84870 | Pan      | 84870 ||| Stepping ~*~*~tactically~*~*~ (stealth).
 84960 | Pan      | Gained mutation: Potions are less effective at restoring
                  | your health. [a cacodemon]
 85055 | Pan      | Gained mutation: You have hidden genetic defects. [a
                  | cacodemon]
 85067 | Pan      | 85067 ||| DRINKING 34 potions of curing.
 85067 | Pan      | 85067 ||| (to cure confusion)
 85226 | Pan      | Gained mutation: You are vulnerable to heat. (rF-) [a
                  | neqoxec]
 85307 | Pan      | Found an exit through the horrors of the Abyss.
 85348 | Pan      | 85348 ||| Stepping ~*~*~tactically~*~*~ (stealth).
 85356 | Pan      | 85356 ||| Stepping ~*~*~tactically~*~*~ (stealth).
 85360 | Pan      | 85360 ||| Stepping ~*~*~tactically~*~*~ (stealth).
 85361 | Pan      | 85361 ||| Stepping ~*~*~tactically~*~*~ (stealth).
 85363 | Pan      | 85363 ||| Stepping ~*~*~tactically~*~*~ (stealth).
 85512 | Pan      | 85512 ||| Stepping ~*~*~tactically~*~*~ (hiding).
 85518 | Pan      | Gained mutation: Your magical capacity is extremely low.
                  | (-30% MP) [a neqoxec]
 85705 | Pan      | Gained mutation: You occasionally lose the ability to drink
                  | potions when taking damage. [a neqoxec]
 85706 | Pan      | 85706 ||| Stepping ~*~*~tactically~*~*~ (hiding).
 85707 | Pan      | Gained mutation: You sometimes lose the ability to drink
                  | potions when taking damage. [a neqoxec]
 85711 | Pan      | 85711 ||| Stepping ~*~*~tactically~*~*~ (hiding).
 85712 | Pan      | 85712 ||| Stepping ~*~*~tactically~*~*~ (hiding).
 85716 | Pan      | 85716 ||| Stepping ~*~*~tactically~*~*~ (hiding).
 85718 | Pan      | 85718 ||| Stepping ~*~*~tactically~*~*~ (hiding).
 85719 | Pan      | 85719 ||| Stepping ~*~*~tactically~*~*~ (hiding).
 85812 | Pan      | 85812 ||| Stepping ~*~*~tactically~*~*~ (stealth).
 85909 | Pan      | Gained mutation: You are frail. (-10% HP) [a cacodemon]
 85970 | Pan      | 85970 ||| Stepping ~*~*~tactically~*~*~ (stealth).
 86007 | Pan      | 86007 ||| DROPPING +1 helmet of Pragmatism {Dex+6}.
 86061 | Pan      | Gained mutation: You have terrible hidden genetic defects.
                  | [a cacodemon]
 86064 | Pan      | 86064 ||| INVOKING Cleansing Flame.
 86072 | Pan      | Reached skill level 15 in Throwing
 86114 | Pan      | 86114 ||| Stepping ~*~*~tactically~*~*~ (hiding).
 86116 | Pan      | 86116 ||| Stepping ~*~*~tactically~*~*~ (hiding).
 86126 | Pan      | 86126 ||| Stepping ~*~*~tactically~*~*~ (hiding).
 86130 | Pan      | 86130 ||| Stepping ~*~*~tactically~*~*~ (hiding).
 86236 | Pan      | 86236 ||| Stepping ~*~*~tactically~*~*~ (hiding).
 86238 | Pan      | 86238 ||| Stepping ~*~*~tactically~*~*~ (hiding).
 86239 | Pan      | 86239 ||| Stepping ~*~*~tactically~*~*~ (hiding).
 86240 | Pan      | 86240 ||| Stepping ~*~*~tactically~*~*~ (hiding).
 86272 | Pan      | 86272 ||| Stepping ~*~*~tactically~*~*~ (stealth).
 86274 | Pan      | 86274 ||| Stepping ~*~*~tactically~*~*~ (hiding).
 86275 | Pan      | 86275 ||| Stepping ~*~*~tactically~*~*~ (hiding).
 86310 | Pan      | 86310 ||| READING 3 scrolls of teleportation.
 86314 | Pan      | 86314 ||| Stepping ~*~*~tactically~*~*~ (hiding).
 86317 | Pan      | Noticed Vepetes the pandemonium lord
 86318 | Pan      | 86318 ||| INVOKING Summon Divine Warrior.
 86321 | Pan      | 86321 ||| DRINKING 33 potions of curing.
 86321 | Pan      | 86321 ||| (to cure confusion)
 86323 | Pan      | 86323 ||| INVOKING Cleansing Flame.
 86325 | Pan      | 86325 ||| INVOKING Summon Divine Warrior.
 86326 | Pan      | 86326 ||| INVOKING Cleansing Flame.
 86326 | Pan      | HP: 28/161 [Vepetes the pandemonium lord] (20)]
 86327 | Pan      | 86327 ||| READING 2 scrolls of teleportation.
 86327 | Pan      | HP: 9/161 [Tzitzimitl (10)]
 86328 | Pan      | 86328 ||| Stepping ~*~*~tactically~*~*~ (cloud).
 86331 | Pan      | Killed Vepetes the pandemonium lord
 86332 | Pan      | 86332 ||| INVOKING Summon Divine Warrior.
 86333 | Pan      | 86333 ||| READING scroll of teleportation.
 86333 | Pan      | HP: 35/161 [blizzard demon] (12)]
 86334 | Pan      | 86334 ||| Stepping ~*~*~tactically~*~*~ (cloud).
 86336 | Pan      | Gained mutation: Armour fits poorly on your strangely
                  | shaped body. [hidden defects]
 86343 | Pan      | HP: 18/161 [Executioner (5)]
 86345 | Pan      | 86345 ||| Stepping ~*~*~tactically~*~*~ (hiding).
 86671 | Pan      | 86671 ||| Stepping ~*~*~tactically~*~*~ (hiding).
 86674 | Pan      | 86674 ||| Stepping ~*~*~tactically~*~*~ (hiding).
 86756 | Pan      | 86756 ||| UPGRADING to +2 tower shield of protection.
 86759 | Pan      | 86759 ||| Stepping ~*~*~tactically~*~*~ (hiding).
 86763 | Pan      | 86763 ||| Stepping ~*~*~tactically~*~*~ (hiding).
 86764 | Pan      | 86764 ||| Stepping ~*~*~tactically~*~*~ (hiding).
 86804 | Pan      | 86804 ||| INVOKING Summon Divine Warrior.
 86807 | Pan      | 86807 ||| INVOKING Cleansing Flame.
 86808 | Pan      | 86808 ||| INVOKING Cleansing Flame.
 86809 | Pan      | 86809 ||| INVOKING Cleansing Flame.
 86816 | Pan      | 86816 ||| INVOKING Cleansing Flame.
 86818 | Pan      | 86818 ||| INVOKING Cleansing Flame.
 86828 | Pan      | 86828 ||| INVOKING Cleansing Flame.
 86837 | Pan      | 86837 ||| UPGRADING to +2 tower shield of protection.
 86847 | Pan      | 86847 ||| DROPPING +0 tower shield.
 86878 | Pan      | 86878 ||| INVOKING Cleansing Flame.
 86879 | Pan      | 86879 ||| INVOKING Cleansing Flame.
 86880 | Pan      | 86880 ||| INVOKING Cleansing Flame.
 86961 | Pan      | Lost intelligence.
 86962 | Pan      | Gained mutation: You are very vulnerable to cold. (rC--) [a
                  | neqoxec]
 86965 | Pan      | Gained mutation: Your body sometimes deteriorates upon
                  | taking damage. [a neqoxec]
 87053 | Pan      | 87053 ||| Stepping ~*~*~tactically~*~*~ (stealth).
 87068 | Pan      | 87068 ||| Stepping ~*~*~tactically~*~*~ (stealth).
 87208 | Pan      | 87208 ||| Stepping ~*~*~tactically~*~*~ (stealth).
 87221 | Pan      | 87221 ||| Stepping randomly (stuck).
 87222 | Pan      | 87222 ||| Stepping randomly (stuck).
 87225 | Pan      | 87225 ||| INVOKING Cleansing Flame.
 87228 | Pan      | 87228 ||| INVOKING Cleansing Flame.
 87474 | Pan      | 87474 ||| DRINKING potion of resistance.
 87475 | Pan      | 87475 ||| INVOKING Summon Divine Warrior.
 87478 | Pan      | 87478 ||| INVOKING Cleansing Flame.
 87479 | Pan      | 87479 ||| INVOKING Cleansing Flame.
 87620 | Pan      | Identified the amulet of the Serpent {rPois Regen+ Int+5}
 87640 | Pan      | Found a transporter.
 87644 | Pan      | Gained mutation: You are very frail. (-20% HP) [hidden
                  | defects]
 87644 | Pan      | Lost mutation: You have terrible hidden genetic defects.
                  | [hidden defects expressed]
 87655 | Pan      | 87655 ||| INVOKING Cleansing Flame.
 88001 | Pan      | Found a transporter.
 88041 | Pan      | Reached skill level 24 in Armour
 88071 | Pan      | 88071 ||| INVOKING Cleansing Flame.
 88078 | Pan      | 88078 ||| Stepping ~*~*~tactically~*~*~ (hiding).
 88091 | Pan      | 88091 ||| INVOKING Cleansing Flame.
 88139 | Pan      | 88139 ||| Stepping ~*~*~tactically~*~*~ (cloud).
 88140 | Pan      | 88140 ||| Stepping ~*~*~tactically~*~*~ (cloud).
 88141 | Pan      | 88141 ||| Stepping randomly (cloudy).
 88142 | Pan      | 88142 ||| INVOKING Summon Divine Warrior.
 88148 | Pan      | 88148 ||| INVOKING Cleansing Flame.
 88150 | Pan      | 88150 ||| INVOKING Cleansing Flame.
 88180 | Pan      | Noticed Vehenk the pandemonium lord
 88181 | Pan      | 88181 ||| INVOKING Summon Divine Warrior.
 88184 | Pan      | 88184 ||| INVOKING Cleansing Flame.
 88185 | Pan      | 88185 ||| INVOKING Cleansing Flame.
 88186 | Pan      | 88186 ||| DRINKING 10 potions of magic.
 88187 | Pan      | 88187 ||| INVOKING Cleansing Flame.
 88188 | Pan      | 88188 ||| INVOKING Cleansing Flame.
 88189 | Pan      | 88189 ||| INVOKING Cleansing Flame.
 88190 | Pan      | 88190 ||| INVOKING Cleansing Flame.
 88191 | Pan      | 88191 ||| INVOKING Summon Divine Warrior.
 88192 | Pan      | Killed Vehenk the pandemonium lord
 88256 | Pan      | 88256 ||| INVOKING Cleansing Flame.
 88466 | Pan      | 88466 ||| Stepping ~*~*~tactically~*~*~ (cloud).
 88469 | Pan      | Gained mutation: Your spells are a little easier to cast,
                  | but a little less powerful. [hidden defects]
 88833 | Pan      | 88833 ||| Stepping ~*~*~tactically~*~*~ (stealth).
 88961 | Pan      | Reached skill level 15 in Dodging
 89025 | Pan      | 89025 ||| Stepping ~*~*~tactically~*~*~ (stealth).
 89035 | Pan      | 89035 ||| Stepping ~*~*~tactically~*~*~ (hiding).
 89039 | Pan      | 89039 ||| INVOKING Cleansing Flame.
 89110 | Pan      | 89110 ||| INVOKING Summon Divine Warrior.
 89113 | Pan      | 89113 ||| INVOKING Cleansing Flame.
 89114 | Pan      | 89114 ||| INVOKING Cleansing Flame.
 89115 | Pan      | 89115 ||| INVOKING Cleansing Flame.
 89128 | Pan      | 89128 ||| Stepping randomly (cloudy).
 89129 | Pan      | 89129 ||| Stepping randomly (cloudy).
 89147 | Pan      | 89147 ||| INVOKING Cleansing Flame.
 89150 | Pan      | Noticed Mofoujer the pandemonium lord
 89156 | Pan      | 89156 ||| INVOKING Cleansing Flame.
 89157 | Pan      | 89157 ||| INVOKING Cleansing Flame.
 89160 | Pan      | Paralysed by Mofoujer for 2 turns
 89163 | Pan      | Killed Mofoujer the pandemonium lord
 89197 | Pan      | 89197 ||| DRINKING potion of mutation.
 89197 | Pan      | Lost mutation: You are dopey. (Int -2) [potion of mutation]
 89197 | Pan      | Lost mutation: You are very vulnerable to cold. (rC--)
                  | [potion of mutation]
 89197 | Pan      | Lost mutation: You are vulnerable to cold. (rC-) [potion of
                  | mutation]
 89563 | Pan      | 89563 ||| Stepping ~*~*~tactically~*~*~ (stealth).
 89572 | Pan      | Reached skill level 1 in Short Blades
 89723 | Pan      | 89723 ||| Stepping ~*~*~tactically~*~*~ (stealth).
 89728 | Pan      | Identified the ring of the Cockatrice {Wiz Will++ SInv}
 89729 | Pan      | 89729 ||| Stepping ~*~*~tactically~*~*~ (hiding).
 89733 | Pan      | 89733 ||| Stepping ~*~*~tactically~*~*~ (hiding).
 89740 | Pan      | 89740 ||| INVOKING Cleansing Flame.
 89741 | Pan      | 89741 ||| INVOKING Summon Divine Warrior.
 89753 | Pan      | HP: 25/144 [ynoxinul/iron shot (27)]
 89781 | Pan      | 89781 ||| Stepping ~*~*~tactically~*~*~ (cloud).
 89785 | Pan      | 89785 ||| DRINKING 13 potions of heal wounds.
 89792 | Pan      | Lost mutation: You are agile. (Dex +4, Str/Int -1) [hidden
                  | defects]
 89792 | Pan      | Lost mutation: You have hidden genetic defects. [hidden
                  | defects expressed]
 89800 | Pan      | 89800 ||| Stepping ~*~*~tactically~*~*~ (hiding).
 90120 | Pan      | Reached skill level 3 in Short Blades
 90489 | Pan      | Gained mutation: You are dopey. (Int -2) [a cacodemon]
 90661 | Pan      | Identified the +3 halberd of the Aged Violins {vorpal,
                  | Str+7}
 91007 | Pan      | 91007 ||| Stepping ~*~*~tactically~*~*~ (stealth).
 91015 | Pan      | 91015 ||| Stepping ~*~*~tactically~*~*~ (hiding).
 91023 | Pan      | 91023 ||| Stepping ~*~*~tactically~*~*~ (hiding).
 91025 | Pan      | 91025 ||| Stepping ~*~*~tactically~*~*~ (hiding).
 91026 | Pan      | 91026 ||| Stepping ~*~*~tactically~*~*~ (stealth).
 91032 | Pan      | Reached skill level 27 in Fighting
 91076 | Pan      | 91076 ||| Stepping ~*~*~tactically~*~*~ (hiding).
 91114 | Pan      | 91114 ||| Stepping ~*~*~tactically~*~*~ (stealth).
 91227 | Pan      | 91227 ||| Stepping ~*~*~tactically~*~*~ (hiding).
 91274 | Pan      | 91274 ||| Stepping ~*~*~tactically~*~*~ (stealth).
 91280 | Pan      | 91280 ||| Stepping ~*~*~tactically~*~*~ (hiding).
 91284 | Pan      | 91284 ||| INVOKING Summon Divine Warrior.
 91301 | Pan      | 91301 ||| Stepping randomly (cloudy).
 91302 | Pan      | 91302 ||| Stepping randomly (cloudy).
 91303 | Pan      | 91303 ||| Stepping ~*~*~tactically~*~*~ (cloud).
 91304 | Pan      | 91304 ||| Stepping ~*~*~tactically~*~*~ (cloud).
 91387 | Pan      | Noticed Wuefikaf the pandemonium lord
 91391 | Pan      | 91391 ||| INVOKING Cleansing Flame.
 91392 | Pan      | 91392 ||| INVOKING Cleansing Flame.
 91392 | Pan      | Killed Wuefikaf the pandemonium lord
 91399 | Pan      | 91399 ||| INVOKING Cleansing Flame.
 91404 | Pan      | 91404 ||| INVOKING Cleansing Flame.
 91416 | Pan      | 91416 ||| INVOKING Cleansing Flame.
 91621 | Pan      | 91621 ||| Stepping randomly (cloudy).
 91622 | Pan      | 91622 ||| Stepping ~*~*~tactically~*~*~ (cloud).
 91623 | Pan      | 91623 ||| Stepping ~*~*~tactically~*~*~ (cloud).
 91625 | Pan      | Lost mutation: Your spells are a little easier to cast, but
                  | a little less powerful. [a neqoxec]
 91631 | Pan      | 91631 ||| Stepping ~*~*~tactically~*~*~ (cloud).
 91750 | Pan      | Identified the +9 shortbow "Osuim" {vorpal, rCorr Str-2
                  | SInv}
 91947 | Pan      | 91947 ||| Stepping ~*~*~tactically~*~*~ (cloud).
 91985 | Pan      | 91985 ||| Stepping ~*~*~tactically~*~*~ (cloud).
 91991 | Pan      | 91991 ||| Stepping ~*~*~tactically~*~*~ (cloud).
 92080 | Pan      | 92080 ||| Stepping ~*~*~tactically~*~*~ (cloud).
 92150 | Pan      | 92150 ||| Stepping ~*~*~tactically~*~*~ (cloud).
 92151 | Pan      | 92151 ||| Stepping randomly (cloudy).
 92156 | Pan      | Entered the realm of Cerebov.
 92252 | Pan      | 92252 ||| DRINKING 2 potions of mutation.
 92252 | Pan      | Lost mutation: Potions are less effective at restoring your
                  | health. [potion of mutation]
 92252 | Pan      | Lost mutation: Armour fits poorly on your strangely shaped
                  | body. [potion of mutation]
 92253 | Pan      | 92253 ||| DRINKING potion of mutation.
 92253 | Pan      | Lost mutation: You have a beak for a mouth. [potion of
                  | mutation]
 92253 | Pan      | Lost mutation: You frequently scream uncontrollably at your
                  | foes. [potion of mutation]
 92253 | Pan      | Lost mutation: You are dopey. (Int -2) [potion of mutation]
 92253 | Pan      | Lost mutation: Your magical capacity is extremely low.
                  | (-30% MP) [potion of mutation]
 92253 | Pan      | Lost mutation: Your magical capacity is very low. (-20% MP)
                  | [potion of mutation]
 92344 | Pan      | 92344 ||| Stepping ~*~*~tactically~*~*~ (hiding).
 92468 | Pan      | 92468 ||| Stepping ~*~*~tactically~*~*~ (hiding).
 92469 | Pan      | 92469 ||| Stepping ~*~*~tactically~*~*~ (hiding).
 92476 | Pan      | 92476 ||| Stepping ~*~*~tactically~*~*~ (hiding).
 92480 | Pan      | 92480 ||| Stepping ~*~*~tactically~*~*~ (hiding).
 92540 | Pan      | 92540 ||| Stepping ~*~*~tactically~*~*~ (hiding).
 92541 | Pan      | 92541 ||| Stepping ~*~*~tactically~*~*~ (hiding).
 92618 | Pan      | 92618 ||| Stepping ~*~*~tactically~*~*~ (hiding).
 92619 | Pan      | 92619 ||| Stepping ~*~*~tactically~*~*~ (hiding).
 92636 | Pan      | 92636 ||| Stepping ~*~*~tactically~*~*~ (stealth).
 92716 | Pan      | 92716 ||| Stepping ~*~*~tactically~*~*~ (hiding).
 92774 | Pan      | 92774 ||| Stepping ~*~*~tactically~*~*~ (stealth).
 92775 | Pan      | 92775 ||| Stepping ~*~*~tactically~*~*~ (stealth).
 92777 | Pan      | 92777 ||| Stepping ~*~*~tactically~*~*~ (hiding).
 92898 | Pan      | 92898 ||| Stepping ~*~*~tactically~*~*~ (stealth).
 92899 | Pan      | 92899 ||| Stepping ~*~*~tactically~*~*~ (stealth).
 93089 | Pan      | Found the +6 sword of Cerebov {flame}
 93089 | Pan      | Noticed Cerebov
 93090 | Pan      | 93090 ||| DRINKING 7 potions of haste.
 93091 | Pan      | 93091 ||| INVOKING Summon Divine Warrior.
 93092 | Pan      | 93092 ||| DRINKING 15 potions of might.
 93105 | Pan      | 93105 ||| INVOKING Cleansing Flame.
 93106 | Pan      | 93106 ||| INVOKING Cleansing Flame.
 93107 | Pan      | 93107 ||| Stepping ~*~*~tactically~*~*~ (cloud).
 93108 | Pan      | 93108 ||| INVOKING Summon Divine Warrior.
 93108 | Pan      | Identified the +0 tower shield of the Orcish Mines {rN+}
 93111 | Pan      | 93111 ||| INVOKING Cleansing Flame.
 93112 | Pan      | 93112 ||| INVOKING Cleansing Flame.
 93116 | Pan      | 93116 ||| INVOKING Cleansing Flame.
 93117 | Pan      | 93117 ||| INVOKING Cleansing Flame.
 93118 | Pan      | 93118 ||| INVOKING Cleansing Flame.
 93119 | Pan      | 93119 ||| INVOKING Cleansing Flame.
 93123 | Pan      | The Shining One protects you from harm!
 93123 | Pan      | HP: 36/146 [???[Cerebov] (6)]
 93124 | Pan      | 93124 ||| READING scroll of teleportation.
 93125 | Pan      | 93125 ||| Stepping ~*~*~tactically~*~*~ (cloud).
 93129 | Pan      | HP: 10/146 [Brimstone Fiend/damnation[Cerebov] (38)]
 93131 | Pan      | The Shining One protects you from harm!
 93260 | Pan      | 93260 ||| INVOKING Summon Divine Warrior.
 93482 | Pan      | 93482 ||| Stepping ~*~*~tactically~*~*~ (hiding).
 93484 | Pan      | 93484 ||| Stepping ~*~*~tactically~*~*~ (hiding).
 93485 | Pan      | 93485 ||| Stepping ~*~*~tactically~*~*~ (hiding).
 93530 | Pan      | 93530 ||| Stepping ~*~*~tactically~*~*~ (stealth).
 93532 | Pan      | 93532 ||| Stepping ~*~*~tactically~*~*~ (hiding).
 93540 | Pan      | 93540 ||| Stepping ~*~*~tactically~*~*~ (stealth).
 93670 | Pan      | 93670 ||| DRINKING 6 potions of haste.
 93671 | Pan      | 93671 ||| INVOKING Summon Divine Warrior.
 93672 | Pan      | 93672 ||| DRINKING 14 potions of might.
 93677 | Pan      | 93677 ||| INVOKING Cleansing Flame.
 93678 | Pan      | 93678 ||| INVOKING Cleansing Flame.
 93679 | Pan      | 93679 ||| INVOKING Cleansing Flame.
 93680 | Pan      | 93680 ||| INVOKING Cleansing Flame.
 93681 | Pan      | 93681 ||| INVOKING Cleansing Flame.
 93682 | Pan      | 93682 ||| INVOKING Cleansing Flame.
 93683 | Pan      | 93683 ||| DRINKING 9 potions of magic.
 93684 | Pan      | 93684 ||| INVOKING Cleansing Flame.
 93685 | Pan      | 93685 ||| INVOKING Cleansing Flame.
 93686 | Pan      | 93686 ||| INVOKING Cleansing Flame.
 93687 | Pan      | 93687 ||| INVOKING Cleansing Flame.
 93687 | Pan      | Killed Cerebov
 93699 | Pan      | 93699 ||| DROPPING 3 boomerangs.
 93700 | Pan      | 93700 ||| Stepping randomly (stuck).
 93701 | Pan      | 93701 ||| Stepping randomly (stuck).
 93702 | Pan      | 93702 ||| Stepping randomly (stuck).
 93791 | Pan      | Identified the +12 shortbow of Resumed Hostilities {vorpal,
                  | rC- rN++ Str+6}
 93797 | Pan      | Identified the +0 ring mail of Purpose {-Cast Harm Rampage}
 93798 | Pan      | Identified the ring of Beogh's Condemnation {rF+ MP+9
                  | Stlth+}
 93822 | Pan      | 93822 ||| INVOKING Cleansing Flame.
 93823 | Pan      | 93823 ||| INVOKING Cleansing Flame.
 93908 | Pan      | Identified the +1 ring mail of Sif Muna {Dex+4}
 93973 | Pan      | Got a fiery rune of Zot
 94127 | Pan      | 94127 ||| Stepping ~*~*~tactically~*~*~ (hiding).
 94131 | Pan      | 94131 ||| Stepping ~*~*~tactically~*~*~ (hiding).
 94139 | Pan      | 94139 ||| Stepping ~*~*~tactically~*~*~ (stealth).
 94263 | Pan      | Identified the +6 trident of Execution {vamp, rN+ rCorr}
 94279 | Pan      | 94279 ||| Stepping ~*~*~tactically~*~*~ (hiding).
 94311 | Pan      | 94311 ||| Stepping ~*~*~tactically~*~*~ (hiding).
 94313 | Pan      | 94313 ||| INVOKING Summon Divine Warrior.
 94315 | Pan      | 94315 ||| INVOKING Cleansing Flame.
 94316 | Pan      | 94316 ||| INVOKING Cleansing Flame.
 94403 | Pan      | 94403 ||| DROPPING ring of Beogh's Condemnation {rF+ MP+9
                  | Stlth+}.
 94436 | Pan      | Entered the realm of Lom Lobon.
 94577 | Pan      | 94577 ||| Stepping ~*~*~tactically~*~*~ (stealth).
 94579 | Pan      | 94579 ||| Stepping ~*~*~tactically~*~*~ (hiding).
 94630 | Pan      | 94630 ||| Stepping randomly (cloudy).
 94631 | Pan      | 94631 ||| Stepping ~*~*~tactically~*~*~ (cloud).
 94752 | Pan      | 94752 ||| Stepping ~*~*~tactically~*~*~ (stealth).
 94754 | Pan      | 94754 ||| Stepping ~*~*~tactically~*~*~ (hiding).
 94757 | Pan      | 94757 ||| Stepping ~*~*~tactically~*~*~ (hiding).
 94759 | Pan      | 94759 ||| Stepping ~*~*~tactically~*~*~ (hiding).
 95026 | Pan      | 95026 ||| Stepping ~*~*~tactically~*~*~ (stealth).
 95170 | Pan      | 95170 ||| Stepping ~*~*~tactically~*~*~ (stealth).
 95257 | Pan      | 95257 ||| DROPPING ring of see invisible.
 95312 | Pan      | 95312 ||| Stepping ~*~*~tactically~*~*~ (hiding).
 95313 | Pan      | 95313 ||| Stepping ~*~*~tactically~*~*~ (hiding).
 95314 | Pan      | 95314 ||| Stepping ~*~*~tactically~*~*~ (hiding).
 95323 | Pan      | 95323 ||| Stepping ~*~*~tactically~*~*~ (stealth).
 95324 | Pan      | 95324 ||| Stepping ~*~*~tactically~*~*~ (stealth).
 95332 | Pan      | 95332 ||| Stepping ~*~*~tactically~*~*~ (stealth).
 95403 | Pan      | 95403 ||| Stepping ~*~*~tactically~*~*~ (hiding).
 95419 | Pan      | Noticed Lom Lobon
 95420 | Pan      | 95420 ||| DRINKING 5 potions of haste.
 95421 | Pan      | 95421 ||| INVOKING Summon Divine Warrior.
 95422 | Pan      | 95422 ||| DRINKING 13 potions of might.
 95426 | Pan      | 95426 ||| Stepping randomly (cloudy).
 95428 | Pan      | 95428 ||| Stepping randomly (cloudy).
 95429 | Pan      | 95429 ||| INVOKING Summon Divine Warrior.
 95430 | Pan      | 95430 ||| Stepping randomly (cloudy).
 95431 | Pan      | 95431 ||| Stepping randomly (cloudy).
 95441 | Pan      | 95441 ||| INVOKING Cleansing Flame.
 95442 | Pan      | 95442 ||| INVOKING Cleansing Flame.
 95443 | Pan      | 95443 ||| INVOKING Cleansing Flame.
 95444 | Pan      | Killed Lom Lobon
 95572 | Pan      | Got a magical rune of Zot
 95706 | Pan      | 95706 ||| Stepping ~*~*~tactically~*~*~ (hiding).
 95708 | Pan      | 95708 ||| Stepping ~*~*~tactically~*~*~ (hiding).
 95829 | Pan      | 95829 ||| Stepping ~*~*~tactically~*~*~ (cloud).
 95902 | Pan      | 95902 ||| DROPPING scarf of shadows.
 95924 | Pan      | Entered the realm of Gloorx Vloq.
 96144 | Pan      | 96144 ||| Stepping ~*~*~tactically~*~*~ (stealth).
 96196 | Pan      | Noticed Gloorx Vloq
 96197 | Pan      | 96197 ||| INVOKING Summon Divine Warrior.
 96200 | Pan      | 96200 ||| INVOKING Cleansing Flame.
 96201 | Pan      | 96201 ||| INVOKING Cleansing Flame.
 96202 | Pan      | 96202 ||| INVOKING Cleansing Flame.
 96203 | Pan      | 96203 ||| INVOKING Cleansing Flame.
 96207 | Pan      | Killed Gloorx Vloq
 96208 | Pan      | Reached skill level 6 in Short Blades
 96376 | Pan      | Identified the +4 dagger "Ubihis" {venom, rCorr Int+4}
 96423 | Pan      | Got a dark rune of Zot
 96779 | Pan      | 96779 ||| DROPPING +2 pair of gloves.
 96855 | Pan      | 96855 ||| Stepping ~*~*~tactically~*~*~ (stealth).
 96864 | Pan      | Reached skill level 27 in Armour
 96910 | Pan      | Gained mutation: You do not regenerate when monsters are
                  | visible. [a cacodemon]
 97147 | Pan      | Noticed Hienk the pandemonium lord
 97148 | Pan      | 97148 ||| INVOKING Summon Divine Warrior.
 97157 | Pan      | Killed Hienk the pandemonium lord
 97237 | Pan      | 97237 ||| Stepping ~*~*~tactically~*~*~ (cloud).
 97257 | Pan      | Found an exit through the horrors of the Abyss.
 97453 | Pan      | 97453 ||| Stepping ~*~*~tactically~*~*~ (hiding).
 97454 | Pan      | 97454 ||| Stepping ~*~*~tactically~*~*~ (hiding).
 97557 | Pan      | 97557 ||| Stepping ~*~*~tactically~*~*~ (cloud).
 97561 | Pan      | 97561 ||| Stepping ~*~*~tactically~*~*~ (stealth).
 97613 | Pan      | 97613 ||| Stepping ~*~*~tactically~*~*~ (stealth).
 97658 | Pan      | 97658 ||| Stepping ~*~*~tactically~*~*~ (stealth).
 97662 | Pan      | 97662 ||| INVOKING Cleansing Flame.
 97679 | Pan      | Reached skill level 24 in Shields
 97680 | Pan      | 97680 ||| Stepping ~*~*~tactically~*~*~ (cloud).
 97822 | Pan      | 97822 ||| Stepping ~*~*~tactically~*~*~ (stealth).
 97894 | Pan      | 97894 ||| Stepping ~*~*~tactically~*~*~ (stealth).
 97895 | Pan      | 97895 ||| Stepping ~*~*~tactically~*~*~ (stealth).
 98187 | Pan      | 98187 ||| Stepping ~*~*~tactically~*~*~ (hiding).
 98188 | Pan      | 98188 ||| Stepping ~*~*~tactically~*~*~ (hiding).
 98402 | Pan      | 98402 ||| Stepping ~*~*~tactically~*~*~ (stealth).
 98406 | Pan      | 98406 ||| Stepping ~*~*~tactically~*~*~ (hiding).
 98408 | Pan      | 98408 ||| Stepping ~*~*~tactically~*~*~ (hiding).
 98512 | Pan      | 98512 ||| DROPPING +2 pair of gloves.
 98610 | Pan      | 98610 ||| INVOKING Summon Divine Warrior.
 98610 | Pan      | Identified the +5 tower shield of Rasevewn {SInv}
 98741 | Pan      | 98741 ||| Stepping randomly (cloudy).
 98742 | Pan      | 98742 ||| Stepping ~*~*~tactically~*~*~ (cloud).
 98755 | Pan      | Identified the +9 shortbow of Irrepressible Laughter
                  | {flame, Int+6}
 98765 | Pan      | Noticed Sugh the pandemonium lord
 98767 | Pan      | 98767 ||| Stepping ~*~*~tactically~*~*~ (cloud).
 98772 | Pan      | 98772 ||| Stepping ~*~*~tactically~*~*~ (cloud).
 98773 | Pan      | 98773 ||| INVOKING Cleansing Flame.
 98774 | Pan      | 98774 ||| INVOKING Summon Divine Warrior.
 98775 | Pan      | 98775 ||| Stepping ~*~*~tactically~*~*~ (cloud).
 98776 | Pan      | 98776 ||| Stepping ~*~*~tactically~*~*~ (cloud).
 98777 | Pan      | 98777 ||| Stepping ~*~*~tactically~*~*~ (cloud).
 98780 | Pan      | Killed Sugh the pandemonium lord
 98786 | Pan      | 98786 ||| Stepping ~*~*~tactically~*~*~ (cloud).
 98790 | Pan      | 98790 ||| Stepping ~*~*~tactically~*~*~ (cloud).
 98791 | Pan      | 98791 ||| Stepping ~*~*~tactically~*~*~ (cloud).
 98791 | Pan      | The Shining One protects you from harm!
 98792 | Pan      | 98792 ||| Stepping ~*~*~tactically~*~*~ (cloud).
 98793 | Pan      | 98793 ||| Stepping ~*~*~tactically~*~*~ (cloud).
 98794 | Pan      | 98794 ||| INVOKING Cleansing Flame.
 98795 | Pan      | 98795 ||| Stepping ~*~*~tactically~*~*~ (cloud).
 98796 | Pan      | 98796 ||| INVOKING Summon Divine Warrior.
 98797 | Pan      | 98797 ||| Stepping ~*~*~tactically~*~*~ (cloud).
 98803 | Pan      | 98803 ||| Stepping ~*~*~tactically~*~*~ (cloud).
 98874 | Pan      | Got a demonic rune of Zot
 99058 | Pan      | 99058 ||| INVOKING Cleansing Flame.
 99092 | Pan      | 99092 ||| Stepping ~*~*~tactically~*~*~ (hiding).
 99101 | Pan      | 99101 ||| INVOKING Summon Divine Warrior.
 99341 | Pan      | 99341 ||| PLANNING SLIME:5
 99341 | Pan      | 99341 ||| SWAPPING to +8 war axe of Nifac {flame, rPois rF-
                  | Str+9 SInv}.
 99423 | Pan      | 99423 ||| Stepping ~*~*~tactically~*~*~ (hiding).
 99459 | Pan      | 99459 ||| Stepping ~*~*~tactically~*~*~ (hiding).
 99460 | Pan      | 99460 ||| Stepping ~*~*~tactically~*~*~ (hiding).
 99466 | Pan      | 99466 ||| Stepping ~*~*~tactically~*~*~ (hiding).
 99530 | Pan      | Noticed Plog the pandemonium lord
 99531 | Pan      | 99531 ||| INVOKING Summon Divine Warrior.
 99531 | Pan      | Identified the +0 tower shield of Uskayaw's Displeasure
                  | {Regen+ SInv}
 99533 | Pan      | 99533 ||| INVOKING Summon Divine Warrior.
 99534 | Pan      | 99534 ||| INVOKING Cleansing Flame.
 99538 | Pan      | Killed Plog the pandemonium lord
 99549 | Pan      | 99549 ||| Stepping randomly (cloudy).
 99550 | Pan      | 99550 ||| Stepping randomly (cloudy).
 99555 | Pan      | 99555 ||| INVOKING Cleansing Flame.
 99556 | Pan      | 99556 ||| INVOKING Cleansing Flame.
100017 | Pan      | 100017 ||| Stepping ~*~*~tactically~*~*~ (stealth).
100081 | Pan      | 100081 ||| Stepping ~*~*~tactically~*~*~ (hiding).
100216 | Pan      | 100216 ||| Stepping ~*~*~tactically~*~*~ (stealth).
100217 | Pan      | 100217 ||| Stepping ~*~*~tactically~*~*~ (stealth).
100218 | Pan      | 100218 ||| Stepping ~*~*~tactically~*~*~ (stealth).
100219 | Pan      | 100219 ||| Stepping ~*~*~tactically~*~*~ (stealth).
100338 | Pan      | Found an exit through the horrors of the Abyss.
100344 | Pan      | 100344 ||| Stepping ~*~*~tactically~*~*~ (stealth).
100361 | Pan      | 100361 ||| Stepping ~*~*~tactically~*~*~ (stealth).
100362 | Pan      | 100362 ||| Stepping ~*~*~tactically~*~*~ (stealth).
100407 | Pan      | 100407 ||| Stepping ~*~*~tactically~*~*~ (stealth).
100419 | Pan      | 100419 ||| Stepping ~*~*~tactically~*~*~ (stealth).
100428 | Pan      | 100428 ||| Stepping ~*~*~tactically~*~*~ (stealth).
100434 | Pan      | 100434 ||| Stepping ~*~*~tactically~*~*~ (hiding).
100436 | Pan      | 100436 ||| Stepping ~*~*~tactically~*~*~ (hiding).
100476 | Pan      | 100476 ||| Stepping ~*~*~tactically~*~*~ (stealth).
100477 | Pan      | 100477 ||| Stepping ~*~*~tactically~*~*~ (stealth).
100495 | Pan      | 100495 ||| Stepping ~*~*~tactically~*~*~ (cloud).
100497 | Pan      | 100497 ||| Stepping randomly (cloudy).
100511 | Pan      | 100511 ||| Stepping ~*~*~tactically~*~*~ (hiding).
100517 | Pan      | Noticed Catef the pandemonium lord
100518 | Pan      | 100518 ||| INVOKING Summon Divine Warrior.
100530 | Pan      | HP: 35/146 [Catef the pandemonium lord (24)]
100531 | Pan      | 100531 ||| READING 2 scrolls of teleportation.
100534 | Pan      | HP: 15/146 [Catef the pandemonium lord (25)]
100534 | Pan      | The Shining One protects you from harm!
100555 | Pan      | 100555 ||| READING scroll of teleportation.
100556 | Pan      | 100556 ||| DRINKING 13 potions of heal wounds.
100897 | Pan      | 100897 ||| INVOKING Cleansing Flame.
100903 | Pan      | 100903 ||| INVOKING Cleansing Flame.
100915 | Pan      | 100915 ||| INVOKING Cleansing Flame.
100915 | Pan      | Killed Catef the pandemonium lord
101043 | Pan      | 101043 ||| Stepping ~*~*~tactically~*~*~ (stealth).
101327 | Pan      | Found an exit through the horrors of the Abyss.
101384 | Pan      | 101384 ||| Stepping ~*~*~tactically~*~*~ (hiding).
101391 | Pan      | 101391 ||| INVOKING Cleansing Flame.
101392 | Pan      | 101392 ||| INVOKING Summon Divine Warrior.
101408 | Pan      | 101408 ||| INVOKING Cleansing Flame.
101424 | Pan      | 101424 ||| INVOKING Cleansing Flame.
101469 | Pan      | 101469 ||| DROPPING amulet of guardian spirit.
101470 | Pan      | 101470 ||| Stepping randomly (stuck).
101471 | Pan      | 101471 ||| Stepping randomly (stuck).
101621 | Pan      | Noticed Sairr the pandemonium lord
101625 | Pan      | Killed Sairr the pandemonium lord
102133 | Pan      | 102133 ||| Stepping ~*~*~tactically~*~*~ (stealth).
102141 | Pan      | Noticed Dajoijaa the pandemonium lord
102142 | Pan      | 102142 ||| INVOKING Summon Divine Warrior.
102149 | Pan      | 102149 ||| INVOKING Summon Divine Warrior.
102164 | Pan      | Killed Dajoijaa the pandemonium lord
102183 | Pan      | 102183 ||| INVOKING Summon Divine Warrior.
102199 | Pan      | 102199 ||| INVOKING Cleansing Flame.
102376 | Pan      | 102376 ||| Stepping randomly (stuck).
102479 | Pan      | 102479 ||| Stepping ~*~*~tactically~*~*~ (cloud).
102588 | Pan      | 102588 ||| READING scroll of acquirement.
102588 | Pan      | 102588 ||| ACQUIRING +1 helmet "Tullai" {-Tele Str+8}
102588 | Pan      | Acquired the +1 helmet "Tullai" {-Tele Str+8}
102590 | Pan      | 102590 ||| UPGRADING to +1 helmet "Tullai" {-Tele Str+8}.
102753 | Pan      | 102753 ||| INVOKING Cleansing Flame.
102764 | Pan      | 102764 ||| Stepping ~*~*~tactically~*~*~ (stealth).
102765 | Pan      | 102765 ||| Stepping ~*~*~tactically~*~*~ (stealth).
102943 | Pan      | 102943 ||| Stepping ~*~*~tactically~*~*~ (hiding).
103038 | Pan      | 103038 ||| Stepping ~*~*~tactically~*~*~ (stealth).
103039 | Pan      | 103039 ||| Stepping randomly (stuck).
103043 | Pan      | 103043 ||| Stepping randomly (stuck).
103235 | Pan      | 103235 ||| Stepping ~*~*~tactically~*~*~ (stealth).
103313 | Pan      | 103313 ||| Stepping ~*~*~tactically~*~*~ (stealth).
103413 | Pan      | Found an exit through the horrors of the Abyss.
103473 | Pan      | 103473 ||| Stepping ~*~*~tactically~*~*~ (stealth).
103474 | Pan      | 103474 ||| Stepping ~*~*~tactically~*~*~ (stealth).
103475 | Pan      | 103475 ||| Stepping ~*~*~tactically~*~*~ (hiding).
103497 | Pan      | 103497 ||| Stepping ~*~*~tactically~*~*~ (stealth).
103703 | Pan      | 103703 ||| Stepping ~*~*~tactically~*~*~ (stealth).
103712 | Pan      | 103712 ||| Stepping ~*~*~tactically~*~*~ (stealth).
103718 | Pan      | 103718 ||| Stepping ~*~*~tactically~*~*~ (stealth).
103719 | Pan      | 103719 ||| Stepping ~*~*~tactically~*~*~ (stealth).
103773 | Pan      | 103773 ||| Stepping ~*~*~tactically~*~*~ (stealth).
103775 | Pan      | 103775 ||| Stepping ~*~*~tactically~*~*~ (stealth).
103972 | Pan      | Noticed Ynoi the pandemonium lord
103973 | Pan      | 103973 ||| Stepping ~*~*~tactically~*~*~ (stealth).
104115 | Pan      | 104115 ||| Stepping ~*~*~tactically~*~*~ (stealth).
104141 | Pan      | 104141 ||| Stepping ~*~*~tactically~*~*~ (stealth).
104149 | Pan      | Reached skill level 18 in Dodging
104153 | Pan      | HP: 10/146 [demonspawn blood saint/fireball (51)]
104153 | Pan      | Killed from afar by a demonspawn blood saint

Levels and vault maps discovered:
D:1:      dpeg_arrival_more_subterranean_lakeside_camping, layout_basic,
          basic_ecumenical_altar
D:2:      layout_rooms, serial_shops, nicolae_shop_statue_plus, shop,
          nicolae_shop_crystal, shop, shop_scrolls, basic_altar,
          eino_tiny_chamber
D:3:      minmay_general_purpose_star, layout_loops_corners, serial_bayou_pond_c
D:4:      minmay_door_path, layout_basic, grunt_temple_overflow_open,
          okawaru_gym_becter, nicolae_shop_self_help, uniq_ijyb, uniq_grinder
D:5:      layout_gridville, nemelex_spade_bored_becter, minmay_misc_feat_tower,
          uniq_blork_the_orc
D:6:      layout_basic, minmay_temple_entry_stoned_glass, nicolae_sextant,
          uniq_menkaure, uniq_maggie, uniq_sigmund
D:7:      layout_rooms
D:8:      layout_cave_pools, grunt_ogre_cave, kennysheep_cluttered_room,
          minmay_misc_feat_chi
D:9:      layout_roguey
D:10:     layout_irregular_city, nicolae_wu_jian_wuxing_cycle,
          david_lair_generic, enter_bailey_2, uniq_maurice
D:11:     layout_layer_cave, david_orc_3, gauntlet_entry_generic,
          cheibrodos_ashenzari_chains
D:12:     layout_basic
D:13:     minmay_tile_spiral, layout_rooms, erik_vaults_1, uniq_kirke
D:14:     layout_stronghold, fedhas_altar_3
D:15:     grunt_enter_depths_hoard, layout_loops_ring,
          dreamdust_mushroom_princess, st_stairs_9
Temple:   nicolae_temple_ecumenical_triangle
Lair:1:   layout_gridlike, basic_altar, grunt_forest_stairs_basic,
          grunt_megastairs_5, lemuel_fruit_tree
Lair:2:   layout_chaotic_city, minmay_snake_entry_guardpost_large,
          chequers_serial_rivers_large_b, pond, lemuel_fruit_fields
Lair:3:   beast_lair_carwin_large_4, layout_gridlike, minmay_swamp_entry_eels,
          ebering_ghost_inner_flame, nicolae_quartered_pool_impasse,
          uniq_gastronok, uniq_nessos
Lair:4:   layout_long_grid, grunt_forest_small_clearings
Lair:5:   gammafunk_lair_ancient_temple, layout_cellular_growth,
          minmay_slime_entry_jelly_boxes
Swamp:1:  layout_falls_marsh, nicolae_swamp_little_swirl, swamp_pool3,
          statue_in_the_mist_lemuel, infiniplex_staircase_pool, uniq_jorgrun
Swamp:2:  layout_basic_swamp, evilmike_swamp_ruin_house_6
Swamp:3:  layout_basic_swamp, evilmike_swamp_ruin_house_5, swamp_pool1,
          nicolae_swamp_small_spring, uniq_louise, uniq_mara, uniq_mlioglotl,
          uniq_nikola
Swamp:4:  swamp_vile, layout_basic_swamp, swamp_pool2, grunt_lady_of_the_lake
Snake:1:  layout_onion_interference, portal_ice_cave_entry_pillars_2
Snake:2:  layout_misc_corridors, ebering_ghost_reflecting_pool, st_stairs_12
Snake:3:  layout_rooms, basic_altar, nicolae_stop_n_shop_2, st_stairs_7,
          nicolae_snake_horde_hoard
Snake:4:  grunt_snake_rune_serpentine_throne, layout_rooms, serial_shops,
          bzr_entry_water, minmay_shop_star
Orc:1:    layout_caves, serial_shops, nicolae_diamond_shop, shop_scrolls,
          nicolae_lakefront_shop, shop, nicolae_shop_stone
Orc:2:    st_orc_elflike, layout_caves, basic_altar
Vaults:1: vaults_room_grid, v_misc_1, kennysheep_vaults_gozag_temple,
          vaults_dpeg_hooks, vaults_mumra_minichess_inversion,
          ontoclasm_vaults_chip, nicolae_vaults_network_star,
          vaults_room_stairs_pillars, hangedman_vaults_river_flow, v_misc_32,
          vaults_dpeg_cross, nicolae_vaults_specimen_jars,
          vaults_dpeg_encased_lava, layout_vaults_maze_snakey, uniq_zenata
Vaults:2: ontoclasm_vaults_spin, vaults_room_ringed_pool,
          nicolae_vaults_mini_display_case, dpeg_vaults_monster_row,
          vaults_room_door_ring, ontoclasm_vaults_misaligned,
          hangedman_vaults_corner_blocks, v_rooms_4,
          ontoclasm_vaults_ring_small, grunt_vaults_funnel,
          ontoclasm_vaults_loading_screen, nicolae_vaults_little_ls,
          vaults_mumra_hex, layout_vaults_big_cross, uniq_saint_roka
Vaults:3: v_misc_31, v_pattern_3, minmay_crypt_entry_simple_walls,
          vaults_room_fancy_cross, v_misc_15, ontoclasm_vaults_tryst,
          hangedman_vaults_corner_blocks, nicolae_vaults_alarming,
          nicolae_vaults_little_squares_3, vaults_dpeg_diagonal,
          vaults_room_door_hall, hangedman_vaults_trim, layout_vaults_ring,
          uniq_margery
Vaults:4: v_rooms_2, nicolae_vaults_little_squares_1,
          nicolae_vaults_little_squares_6, nicolae_vaults_circle_grid_b,
          ontoclasm_vaults_fault, vaults_room_fours, st_star,
          hangedman_vaults_maws, hangedman_vaults_slice, layout_vaults_big_room,
          serial_shops, shop
Vaults:5
Crypt:1:  hangedman_staggered_hall, layout_misc_corridors, minivault_19,
          grunt_ministairs_14, lemuel_upstairs_altar
Crypt:2:  layout_catacombs
Crypt:3:  due_elkab, layout_chaotic_city
Tomb:1
Tomb:2
Tomb:3
Depths:1: layout_long_grid, minmay_room_of_horrors, hangedman_tar_grid_catacomb,
          nicolae_ru_sacrificial_ziggurat, hellmonk_scale_shop,
          grunt_megastairs_1, minmay_shoptagon
Depths:2: hangedman_screamer, layout_gridlike, grunt_pan_entry_zigzag,
          abyss_entry_crystal, hell_entry
Depths:3: evilmike_diamond_1, layout_cave_pools, enter_ziggurat_a,
          nicolae_concentric_dashed_squares_wild, abyss_entry, hell_entry,
          minmay_pinched_square, infiniplex_staircase_squiggle
Depths:4: grunt_zot_entry_hairpin, layout_cave_shapes, hell_entry
Zot:1:    layout_basic, st_single_dragon_hoard_4
Zot:2:    kennysheep_room_grid, layout_basic
Zot:3:    layout_cathedral_of_symmetry
Zot:4:    layout_misc_corridors, lemuel_golem_globe
Pan:      evilmike_mini_pan_rooms, layout_cellular_growth,
          evilmike_mini_pan_other_thingy, layout_small_grid,
          pan_blood_fountain_2, rand_demon_7, layout_cellular_growth,
          pan_blood_fountain_small, nicolae_pan_lom_lobonic_3,
          evilmike_mini_pan_pillars_b, layout_pan_divisions_a
          [pan_division_quadrant_a2, pan_division_quadrant_a2,
          pan_division_quadrant_a3, pan_division_quadrant_a6,
          pan_division_octagon_empty], pan_surprise,
          nicolae_pan_gloorx_vloqian_1, mnoleg_grunt, layout_gridlike,
          nicolae_pan_hourglass, layout_rooms, pan_blood_fountain,
          gammafunk_the_bubble [the_bubble_gammafunk_grid],
          layout_irregular_city, rand_demon_8, layout_irregular_city,
          nicolae_pan_gloorx_vloqian_3, rand_demon_1, layout_small_grid,
          evilmike_mini_pan_pillars, layout_stronghold,
          pan_blood_fountain_small, grunt_pan_in_and_out, layout_stronghold,
          pan_captured_pigsty, nicolae_pan_gloorx_vloqian_1,
          evilmike_cerebov_lava, layout_gridlike, pan_blood_fountain_2,
          lom_lobon_st, layout_pan_divisions_b [pan_division_quadrant_b1,
          pan_division_quadrant_b3, pan_division_quadrant_b1,
          pan_division_quadrant_b5], gloorx_vloq, layout_irregular_city,
          nicolae_pan_gloorx_vloqian_3, rand_demon_4, layout_chambers,
          grunt_pan_frozen_over, layout_basic, nicolae_pan_cerebovesque_2,
          grunt_pan_zigzag, layout_pan_divisions_b [pan_division_quadrant_b1,
          pan_division_quadrant_b4, pan_division_quadrant_b6,
          pan_division_quadrant_b1], evilmike_mini_pan_layers,
          layout_pan_divisions_b [pan_division_quadrant_b2,
          pan_division_quadrant_b3, pan_division_quadrant_b3,
          pan_division_quadrant_b6], reaverb_pan_figure_eight,
          nicolae_pan_glass_arcs, layout_grid_shapes, nicolae_pan_mnolegish_1,
          nicolae_pan_diamonds, layout_long_grid, nicolae_pan_mnolegish_2,
          nicolae_pan_strange_glyphs [nicolae_pan_strange_glyph_worry,
          nicolae_pan_strange_glyph_disgust,
          nicolae_pan_strange_glyph_schadenfreude],
          regret_index_pan_draining_boxed, layout_chambers

Skill      XL: |  1  2  3  4  5  6  7  8  9 10 11 12 13 14 15 16 17 18 19 20 21 22 23 24 25 26 27 |
---------------+----------------------------------------------------------------------------------+-----
Axes           | 2 3 4 5 6 7 8 9 10 11 13 14 15 16 17 18 19 | 19.4
Fighting       | 4 5 7 8 9 10 11 12 13 14 16 17 19 20 21 22 24 25 27 | 27.0
Invocations    | 1 3 4 6 10 11 18 27 | 27.0
Dodging        | 1 2 3 4 6 7 8 9 10 11 12 13 18 | 18.0
Throwing       | 2 3 5 6 8 9 10 11 12 13 14 17 | 17.0
Armour         | 5 6 7 8 9 10 11 12 13 14 16 17 18 19 20 21 22 27 | 27.0
Shields        | 4 5 6 7 10 13 14 15 16 17 18 19 24 | 24.2
Short Blades   | 7 |  7.1

Action                   |  1- 3 |  4- 6 |  7- 9 | 10-12 | 13-15 | 16-18 | 19-21 | 22-24 | 25-27 || total
-------------------------+-------+-------+-------+-------+-------+-------+-------+-------+-------++-------
Melee: War axe           |    86 |   160 |   270 |   433 |   222 |    15 |  1193 |  1179 |  1619 ||  5177
       Broad axe         |       |       |       |       |   774 |  1295 |   120 |       |  1941 ||  4130
       Peck              |       |       |       |       |       |       |       |       |   185 ||   185
       Bite              |       |       |       |       |       |       |       |       |     8 ||     8
Throw: Boomerang         |       |    13 |    33 |    77 |    34 |    37 |    11 |     5 |       ||   210
       Javelin           |       |       |     7 |    18 |    57 |    66 |    84 |   144 |   572 ||   948
Invok: Heroism           |       |     2 |    13 |    32 |    45 |    54 |    36 |    37 |    14 ||   233
       Finesse           |       |       |       |     4 |     6 |     2 |    10 |    16 |     1 ||    39
       Cleansing Flame   |       |       |       |       |       |       |       |       |   171 ||   171
       Summon Divine War |       |       |       |       |       |       |       |       |    52 ||    52
       Brand Weapon With |       |       |       |       |       |       |       |       |     1 ||     1
  Use: Scroll            |     8 |     4 |    13 |    11 |    11 |     8 |     4 |    22 |    14 ||    95
       Potion            |     1 |     2 |     3 |     1 |       |     8 |       |     2 |    39 ||    56
 Stab: Confused          |       |       |       |       |       |     2 |       |     1 |       ||     3
       Distracted        |       |       |       |       |       |     1 |       |     2 |       ||     3
       Invisible         |       |       |       |       |       |       |       |    18 |    15 ||    33
Armor: Scale mail        |    42 |    28 |       |       |       |       |       |       |       ||    70
       Chain mail        |       |    90 |    83 |       |       |       |       |       |       ||   173
       Plate armour      |       |       |   114 |   243 |   495 |   425 |   334 |   303 |   987 ||  2901
Dodge: Dodged            |    29 |    63 |   135 |   157 |   397 |   649 |   447 |   567 |  1794 ||  4238
Block: Buckler           |    16 |    28 |    80 |    89 |   161 |       |       |       |       ||   374
       Kite shield       |       |       |       |       |   280 |  1076 |   701 |   679 |  1252 ||  3988
       Reflection        |       |       |       |       |     1 |       |       |       |    40 ||    41
       Tower shield      |       |       |       |       |       |       |       |       |  1875 ||  1875

Table legend:
 A = Non-vault XP
 B = Vault XP
 C = Vault XP percentage of total XP
 D = Non-vault monster count
 E = Vault monster count
 F = Vault count percentage of total count
                 A         B        C        D         E       F
            +---------+---------+-------+---------+---------+-------
      Total | 1334674 | 1046905 |  44.0 |    2267 |    1210 |  34.8
            +---------+---------+-------+---------+---------+-------
        D:1 |      27 |       0 |   0.0 |      13 |       0 |   0.0
        D:2 |      56 |       0 |   0.0 |      18 |       0 |   0.0
        D:3 |      76 |       8 |   9.5 |      15 |       3 |  16.7
        D:4 |     362 |     340 |  48.4 |      23 |       5 |  17.9
        D:5 |     438 |      94 |  17.7 |      10 |       1 |   9.1
        D:6 |     880 |     601 |  40.6 |      15 |       3 |  16.7
        D:7 |     544 |       0 |   0.0 |      18 |       0 |   0.0
        D:8 |    1292 |     116 |   8.2 |      21 |       1 |   4.5
        D:9 |    1015 |       0 |   0.0 |      17 |       0 |   0.0
       D:10 |    3201 |    1285 |  28.6 |      24 |       5 |  17.2
       D:11 |    3324 |     413 |  11.1 |      20 |       7 |  25.9
       D:12 |    6876 |       0 |   0.0 |      17 |       0 |   0.0
       D:13 |    6480 |   11449 |  63.9 |      26 |      20 |  43.5
       D:14 |   16497 |       0 |   0.0 |      37 |       0 |   0.0
       D:15 |    8149 |    3225 |  28.4 |      13 |       4 |  23.5
     Lair:1 |    3347 |     199 |   5.6 |      12 |       1 |   7.7
     Lair:2 |    8129 |    2221 |  21.5 |      19 |      10 |  34.5
     Lair:3 |    3375 |    5822 |  63.3 |      17 |      21 |  55.3
     Lair:4 |   12090 |       0 |   0.0 |      41 |       0 |   0.0
     Lair:5 |   17396 |    8390 |  32.5 |      57 |      30 |  34.5
    Swamp:1 |    8439 |    1877 |  18.2 |      21 |       1 |   4.5
    Swamp:2 |    7472 |       0 |   0.0 |      15 |       0 |   0.0
    Swamp:3 |    5559 |    9098 |  62.1 |      12 |       4 |  25.0
    Swamp:4 |   16529 |   21397 |  56.4 |      30 |      32 |  51.6
    Snake:1 |    5821 |     166 |   2.8 |      11 |       1 |   8.3
    Snake:2 |   11031 |     489 |   4.2 |      22 |       3 |  12.0
    Snake:3 |   25320 |    1317 |   4.9 |      53 |       2 |   3.6
    Snake:4 |   11531 |   27604 |  70.5 |      21 |      38 |  64.4
      Orc:1 |    6859 |       0 |   0.0 |      51 |       0 |   0.0
      Orc:2 |    2329 |    7861 |  77.1 |      19 |      24 |  55.8
   Vaults:1 |   53849 |   40524 |  42.9 |      70 |      47 |  40.2
   Vaults:2 |   30554 |   26066 |  46.0 |      52 |      38 |  42.2
   Vaults:3 |    8334 |   18183 |  68.6 |      12 |      27 |  69.2
   Vaults:4 |   32370 |   47184 |  59.3 |      48 |      53 |  52.5
   Vaults:5 |   19484 |   78234 |  80.1 |      30 |      77 |  72.0
    Crypt:1 |   27255 |   21262 |  43.8 |      46 |      31 |  40.3
    Crypt:2 |   20963 |       0 |   0.0 |      32 |       0 |   0.0
    Crypt:3 |   20309 |   41825 |  67.3 |      32 |      62 |  66.0
     Tomb:1 |    8898 |  113581 |  92.7 |      20 |      80 |  80.0
     Tomb:2 |   11042 |   64894 |  85.5 |      29 |      78 |  72.9
     Tomb:3 |   18344 |   78618 |  81.1 |      36 |      84 |  70.0
   Depths:1 |   53275 |   10605 |  16.6 |      69 |      20 |  22.5
   Depths:2 |   39801 |   24811 |  38.4 |      45 |      33 |  42.3
   Depths:3 |   32332 |   50409 |  60.9 |      35 |      41 |  53.9
   Depths:4 |   28625 |   16566 |  36.7 |      35 |      15 |  30.0
      Zot:1 |   47318 |    2663 |   5.3 |      41 |       1 |   2.4
      Zot:2 |   25278 |   15188 |  37.5 |      19 |      12 |  38.7
      Zot:3 |   47372 |       0 |   0.0 |      34 |       0 |   0.0
      Zot:4 |   35293 |    2161 |   5.8 |      29 |       1 |   3.3
        Pan |  579534 |  286316 |  33.1 |     865 |     279 |  24.4
   Gauntlet |       0 |    3843 | 100.0 |       0 |      15 | 100.0
            +---------+---------+-------+---------+---------+-------
